Workbook
Name Einzelkulturen: 'Konventionell (2)'!$A$3:$H$61
Name Einzelkulturen: 'Begr.-Rechner int. Prod.'!$A$4:$H$62

Sheet Anleitung
A1: Bedienungsanleitung Begrünungsrechner 2024
A2: KONTAKT: | B2: https://www.bwsb.at/ | E2: Fragen und Anregungen an: | H2: simon.kriegner-schramml@lk-ooe.at | L2: Version: | M2: 20240729
A4: Der Begrünungsrechner ist grob in die Bereiche integrierte Produktion, BIO und den Informationsbereich untergliedert.
A5: Durch einen KLICK auf die folgenden Schaltflächen bzw. durch Auswahl der entsprechenden Tabellenblätter gelangen Sie zu den einzelnen Bereichen.
F8: INFORMATIONSBEREICH
F9: Dieser Bereich ist in die Tabellenblätter Begrünungstabellen 2024 und Anbauzeitpunkte gegliedert.
F11: Der Bereich Begrünungstabellen 2024 enthält eine Liste von Einzelkulturen und Begrünungsmischungen mit einer Kurzbeschreibung
H12: Durch einen KLICK auf diesen Link ► gelangen Sie zur Begrünungsliste
F14: Der Bereich Anbauzeitpunkte enthält Informationen zu den empfohlenen Anbauzeitpunkten und pflanzenbaulichen Eigenschaften
F15: Dieser Bereich ist zusätzlich in Eigenschaften winterharter und abfrostender Kulturen untergliedert
H16: Durch einen KLICK auf diesen Link ► gelangen Sie zu den Anbauzeitpunkten
A19: Bereich integrierte Produktion | L19: Bereich biologische Produktion
A20: Dieser Bereich ist in die Tabellenblätter "Begr.- Rechner int. Prod." und "Zusammenfassung int. Prod." unterteilt. | L20: Dieser Bereich ist in die Tabellenblätter "Begr.-Rechner BIO" und "Zusammenfasseung BIO" unterteilt.
A21: Der Bereich integrierte Produktion enthält ausgewählte Einzelkulturen, welche für den integriert wirtschaftenden landwirtschaftlichen Betrieb geeignet sind. | L21: Der Bereich BIO enthält ausgewählte Einzelkulturen, welche für biologisch wirtschaftende Betriebe geeignet sind.
L22: Um die Berechnung vollständig ausführen zu können müssen die betreffende Fläche und die geplante Saatgutmenge je ha angeführt werden.
A23: Um die Berechnung vollständig ausführen zu können müssen die betreffende Fläche und die geplante Saatgutmenge je ha angeführt werden.
A24: Die Preise je kg und die Reinsaatstärke können angepasst werden. Oben RECHTS werden relative Saatstärke aus allen gewählten Kulturen und Mischungen, der Preis je ha und die Saatgutmenge je ha angezeigt. | L24: Die Preise je kg und die Reinsaatstärke können angepasst werden. Oben RECHTS werden relative Saatstärke aus allen gewählten Kulturen und Mischungen, der Preis je ha und die Saatgutmenge je ha angezeigt.
C26: ► HIER gelangen Sie gelangen Sie zum Begrünungsrechner | N26: ► Hier gelangen Sie zum Begrünungsrechner BIO
A28: Der Bereich Zusammenfassung integrierte Produktion enthält eine Listung der im Begrünungsrechner ausgewählten Kulturen, den diesbezüglichen Saatgutmengen und Anteilen an der gesamten Mischung. Diese kann anschließend ausgedruckt werden. | L28: Der Bereich Zusammenfassung BIO enthält eine Listung der im Begrünungsrechner ausgewählten Kulturen, den diesbezüglichen Saatgutmengen und Anteilen an der gesamten Mischung. Diese kann anschließend ausgedruckt werden.
C30: ► HIER gelangen Sie zur Zusammenfassung | N30: ► HIER gelangen Sie zur Zusammenfassung BIO

Sheet Begr.-Rechner int. Prod.
A1: Jahr 2024 | B1: Sie können hier den entsprechenden Preis eingeben - die vorausgefüllten Werte entsprechen Durchschnittswerten laut Preisspanne gem. Begrünungstabelle 2024 | C1: angeführte Werte sind Durchschnitts - bzw. Beispielwerte Hier können auch eigene Werte eingetragen werden | E1: MISCHUNGSBERECHNUNG | I1: =IF(OR($I$2="",$I$2=0),"bitte geben Sie HIER die Begrünungsfläche in ha an","Fläche in ha") -> bitte geben Sie HIER die Begrünungsfläche in ha an | J1: Menge in kg/ha geplant | K1: Kosten je ha in € | L1: Mischungs-anteil in % (=relative Saatstärke) | M1: ZUR ZUSAMMENFASSUNG ►
A2: Kulturbezeichnung | B2: Richtpreis/kg | C2: Menge Reinsaat | D2: Kosten/ha bei Reinsaat | E2: Menge/ha | F2: Kosten/ha in € | G2: Saatstärke in % der Reinsaat | H2: Menge in kg | J2: =SUM(E4:E62) -> 0 | K2: =SUM(F4:F62) -> 0 | L2: =SUM(G4:G62) -> 0
A3: Einzelkulturen | E3: ▼ | I3: Pflanzenfamilie | J3: relativer Leguminosenanteil: | L3: =IF('Zusammenfassung int. Prod.'!H4=0,"0 %",'Zusammenfassung int. Prod.'!H4) | M3: =IF(AND(L3>0.6,L3<>"0 %",J2>0),"ACHTUNG Vorfruchtwirkung beachten: ungenutzte ZWF > 60 % Leg.: 20 kg N genutzte ZWF > 60% Leg.: 10 kg N","")
A4: Abessinischer Senf | B4: 5.57 | C4: 15 | D4: =IF(ISERROR(C4*B4),0,C4*B4) -> 83.55 | F4: =IF(ISERROR(E4*B4),0,(E4*B4)) -> 0 | G4: =IF(ISERROR(E4/C4),0,(E4/C4)) -> 0 | H4: =IF(ISERROR(ROUND($I$2*E4,1)),0,ROUND($I$2*E4,1)) -> 0 | I4: Kreuzblütler | J4: Düngeobergrenzen im Herbst gem. NAPV:
A5: Alexandrinerklee | B5: 4.9 | C5: 25 | D5: =IF(ISERROR(C5*B5),0,C5*B5) -> 122.5 | F5: =IF(ISERROR(E5*B5),0,(E5*B5)) -> 0 | G5: =IF(ISERROR(E5/C5),0,(E5/C5)) -> 0 | H5: =IF(ISERROR(ROUND($I$2*E5,1)),0,ROUND($I$2*E5,1)) -> 0 | I5: Leguminose
A6: Bastardraygras | B6: 2.89 | C6: 25 | D6: =IF(ISERROR(C6*B6),0,C6*B6) -> 72.25 | F6: =IF(ISERROR(E6*B6),0,(E6*B6)) -> 0 | G6: =IF(ISERROR(E6/C6),0,(E6/C6)) -> 0 | H6: =IF(ISERROR(ROUND($I$2*E6,1)),0,ROUND($I$2*E6,1)) -> 0 | I6: Gräser | J6: =IF(L6="","Wirtschaftsdüngerart auswählen ►","genutzte Wirtschaftsdüngerart:") -> Wirtschaftsdüngerart auswählen ►
A7: Bitterlupine | B7: 1.63 | C7: 170 | D7: =IF(ISERROR(C7*B7),0,C7*B7) -> 277.1 | F7: =IF(ISERROR(E7*B7),0,(E7*B7)) -> 0 | G7: =IF(ISERROR(E7/C7),0,(E7/C7)) -> 0 | H7: =IF(ISERROR(ROUND($I$2*E7,1)),0,ROUND($I$2*E7,1)) -> 0 | I7: Leguminose
A8: Buchweizen | B8: 1.89 | C8: 70 | D8: =IF(ISERROR(C8*B8),0,C8*B8) -> 132.3 | F8: =IF(ISERROR(E8*B8),0,(E8*B8)) -> 0 | G8: =IF(ISERROR(E8/C8),0,(E8/C8)) -> 0 | H8: =IF(ISERROR(ROUND($I$2*E8,1)),0,ROUND($I$2*E8,1)) -> 0 | I8: Knöterichgewächse | J8: Düngeobergenze gem. NAPV: | L8: =IF(L6="",CONCATENATE('Konventionell (2)'!T13," kg N ab Lager"),CONCATENATE('Konventionell (2)'!T13," kg N ab Lager (",'Konventionell (2)'!U13," kg N jw)","")) -> 60 kg N ab Lager
A9: Einjähriges Raygras (Westerwoldisches Raygras) | B9: 2.66 | C9: 40 | D9: =IF(ISERROR(C9*B9),0,C9*B9) -> 106.4 | F9: =IF(ISERROR(E9*B9),0,(E9*B9)) -> 0 | G9: =IF(ISERROR(E9/C9),0,(E9/C9)) -> 0 | H9: =IF(ISERROR(ROUND($I$2*E9,1)),0,ROUND($I$2*E9,1)) -> 0 | I9: Gräser
A10: Englisches Raygras (Deutsches Weidelgras) | B10: 3.18 | C10: 30 | D10: =IF(ISERROR(C10*B10),0,C10*B10) -> 95.4 | F10: =IF(ISERROR(E10*B10),0,(E10*B10)) -> 0 | G10: =IF(ISERROR(E10/C10),0,(E10/C10)) -> 0 | H10: =IF(ISERROR(ROUND($I$2*E10,1)),0,ROUND($I$2*E10,1)) -> 0 | I10: Gräser | J10: Düngeobergenze in Nitratrisikogebieten gem. NAPV Anlage 5: | L10: =IF(L6="",CONCATENATE('Konventionell (2)'!T12," kg N ab Lager"),CONCATENATE('Konventionell (2)'!T12," kg N ab Lager (",'Konventionell (2)'!U12," kg N jw)","")) -> 60 kg N ab Lager
A11: Esparsette | B11: 3.65 | C11: 180 | D11: =IF(ISERROR(C11*B11),0,C11*B11) -> 657 | F11: =IF(ISERROR(E11*B11),0,(E11*B11)) -> 0 | G11: =IF(ISERROR(E11/C11),0,(E11/C11)) -> 0 | H11: =IF(ISERROR(ROUND($I$2*E11,1)),0,ROUND($I$2*E11,1)) -> 0 | I11: Leguminose
A12: Futtererbse | B12: 1.41 | C12: 160 | D12: =IF(ISERROR(C12*B12),0,C12*B12) -> 225.6 | F12: =IF(ISERROR(E12*B12),0,(E12*B12)) -> 0 | G12: =IF(ISERROR(E12/C12),0,(E12/C12)) -> 0 | H12: =IF(ISERROR(ROUND($I$2*E12,1)),0,ROUND($I$2*E12,1)) -> 0 | I12: Leguminose | J12: Herbstdüngegrenze von 60 kg N ab Lager ab der Ernte der letzten Hauptkultur beachten
A13: Futterkohl | B13: 13.29 | C13: 4 | D13: =IF(ISERROR(C13*B13),0,C13*B13) -> 53.16 | F13: =IF(ISERROR(E13*B13),0,(E13*B13)) -> 0 | G13: =IF(ISERROR(E13/C13),0,(E13/C13)) -> 0 | H13: =IF(ISERROR(ROUND($I$2*E13,1)),0,ROUND($I$2*E13,1)) -> 0 | I13: Kreuzblütler
A14: Gelbklee (Hopfenklee) | B14: 8.23 | C14: 30 | D14: =IF(ISERROR(C14*B14),0,C14*B14) -> 246.9 | F14: =IF(ISERROR(E14*B14),0,(E14*B14)) -> 0 | G14: =IF(ISERROR(E14/C14),0,(E14/C14)) -> 0 | H14: =IF(ISERROR(ROUND($I$2*E14,1)),0,ROUND($I$2*E14,1)) -> 0 | I14: Leguminose
A15: Grünschnittroggen | B15: 1.92 | C15: 120 | D15: =IF(ISERROR(C15*B15),0,C15*B15) -> 230.4 | F15: =IF(ISERROR(E15*B15),0,(E15*B15)) -> 0 | G15: =IF(ISERROR(E15/C15),0,(E15/C15)) -> 0 | H15: =IF(ISERROR(ROUND($I$2*E15,1)),0,ROUND($I$2*E15,1)) -> 0 | I15: Gräser
A16: Hanf | B16: 10.18 | C16: 40 | D16: =IF(ISERROR(C16*B16),0,C16*B16) -> 407.2 | G16: =IF(ISERROR(E16/C16),0,(E16/C16)) -> 0 | H16: =IF(ISERROR(ROUND($I$2*E16,1)),0,ROUND($I$2*E16,1)) -> 0 | I16: Hanfgewächse
A17: Herbstrübe | B17: 9.98 | C17: 2 | D17: =IF(ISERROR(C17*B17),0,C17*B17) -> 19.96 | F17: =IF(ISERROR(E17*B17),0,(E17*B17)) -> 0 | G17: =IF(ISERROR(E17/C17),0,(E17/C17)) -> 0 | H17: =IF(ISERROR(ROUND($I$2*E17,1)),0,ROUND($I$2*E17,1)) -> 0 | I17: Kreuzblütler
A18: Hirse | B18: 4.03 | C18: 15 | D18: =IF(ISERROR(C18*B18),0,C18*B18) -> 60.45 | F18: =IF(ISERROR(E18*B18),0,(E18*B18)) -> 0 | G18: =IF(ISERROR(E18/C18),0,(E18/C18)) -> 0 | H18: =IF(ISERROR(ROUND($I$2*E18,1)),0,ROUND($I$2*E18,1)) -> 0 | I18: Gräser
A19: Hornklee | B19: 17.46 | C19: 20 | D19: =IF(ISERROR(C19*B19),0,C19*B19) -> 349.2 | F19: =IF(ISERROR(E19*B19),0,(E19*B19)) -> 0 | G19: =IF(ISERROR(E19/C19),0,(E19/C19)) -> 0 | H19: =IF(ISERROR(ROUND($I$2*E19,1)),0,ROUND($I$2*E19,1)) -> 0 | I19: Leguminose
A20: Inkarnatklee | B20: 3.21 | C20: 30 | D20: =IF(ISERROR(C20*B20),0,C20*B20) -> 96.3 | F20: =IF(ISERROR(E20*B20),0,(E20*B20)) -> 0 | G20: =IF(ISERROR(E20/C20),0,(E20/C20)) -> 0 | H20: =IF(ISERROR(ROUND($I$2*E20,1)),0,ROUND($I$2*E20,1)) -> 0 | I20: Leguminose
A21: Italienisches Raygras (Welsches Weidelgras) | B21: 2.72 | C21: 40 | D21: =IF(ISERROR(C21*B21),0,C21*B21) -> 108.8 | F21: =IF(ISERROR(E21*B21),0,(E21*B21)) -> 0 | G21: =IF(ISERROR(E21/C21),0,(E21/C21)) -> 0 | H21: =IF(ISERROR(ROUND($I$2*E21,1)),0,ROUND($I$2*E21,1)) -> 0 | I21: Gräser
A22: Kresse | B22: 4.92 | C22: 10 | D22: =IF(ISERROR(C22*B22),0,C22*B22) -> 49.2 | F22: =IF(ISERROR(E22*B22),0,(E22*B22)) -> 0 | G22: =IF(ISERROR(E22/C22),0,(E22/C22)) -> 0 | H22: =IF(ISERROR(ROUND($I$2*E22,1)),0,ROUND($I$2*E22,1)) -> 0 | I22: Kreuzblütler
A23: Kulturmalve | B23: 20.05 | C23: 12 | D23: =IF(ISERROR(C23*B23),0,C23*B23) -> 240.6 | F23: =IF(ISERROR(E23*B23),0,(E23*B23)) -> 0 | G23: =IF(ISERROR(E23/C23),0,(E23/C23)) -> 0 | H23: =IF(ISERROR(ROUND($I$2*E23,1)),0,ROUND($I$2*E23,1)) -> 0 | I23: Malvengewächse
A24: Leindotter | B24: 4.85 | C24: 10 | D24: =IF(ISERROR(C24*B24),0,C24*B24) -> 48.5 | F24: =IF(ISERROR(E24*B24),0,(E24*B24)) -> 0 | G24: =IF(ISERROR(E24/C24),0,(E24/C24)) -> 0 | H24: =IF(ISERROR(ROUND($I$2*E24,1)),0,ROUND($I$2*E24,1)) -> 0 | I24: Kreuzblütler
A25: Linse | B25: 5.51 | C25: 90 | D25: =IF(ISERROR(C25*B25),0,C25*B25) -> 495.9 | F25: =IF(ISERROR(E25*B25),0,(E25*B25)) -> 0 | G25: =IF(ISERROR(E25/C25),0,(E25/C25)) -> 0 | H25: =IF(ISERROR(ROUND($I$2*E25,1)),0,ROUND($I$2*E25,1)) -> 0 | I25: Leguminose
A26: Luzerne | B26: 7.91 | C26: 25 | D26: =IF(ISERROR(C26*B26),0,C26*B26) -> 197.75 | F26: =IF(ISERROR(E26*B26),0,(E26*B26)) -> 0 | G26: =IF(ISERROR(E26/C26),0,(E26/C26)) -> 0 | H26: =IF(ISERROR(ROUND($I$2*E26,1)),0,ROUND($I$2*E26,1)) -> 0 | I26: Leguminose
A27: Meliorationsrettich | B27: 7.8 | C27: 8 | D27: =IF(ISERROR(C27*B27),0,C27*B27) -> 62.4 | F27: =IF(ISERROR(E27*B27),0,(E27*B27)) -> 0 | G27: =IF(ISERROR(E27/C27),0,(E27/C27)) -> 0 | H27: =IF(ISERROR(ROUND($I$2*E27,1)),0,ROUND($I$2*E27,1)) -> 0 | I27: Kreuzblütler
A28: MUNGO (Schwarzsamen/ Ramtilkraut / Gingellikraut) | B28: 3.58 | C28: 10 | D28: =IF(ISERROR(C28*B28),0,C28*B28) -> 35.8 | F28: =IF(ISERROR(E28*B28),0,(E28*B28)) -> 0 | G28: =IF(ISERROR(E28/C28),0,(E28/C28)) -> 0 | H28: =IF(ISERROR(ROUND($I$2*E28,1)),0,ROUND($I$2*E28,1)) -> 0 | I28: Korbblütler
... A32: Phazelie | B32: 4.63 | C32: 12 | D32: =IF(ISERROR(C32*B32),0,C32*B32) -> 55.56 | F32: =IF(ISERROR(E32*B32),0,(E32*B32)) -> 0 | G32: =IF(ISERROR(E32/C32),0,(E32/C32)) -> 0 | H32: =IF(ISERROR(ROUND($I$2*E32,1)),0,ROUND($I$2*E32,1)) -> 0 | I32: Wasserblattgewächse
A33: Pigmentplatterbse | B33: 2.2 | C33: =(120+160)/2 -> 140 | D33: =IF(ISERROR(C33*B33),0,C33*B33) -> 308 | F33: =IF(ISERROR(E33*B33),0,(E33*B33)) -> 0 | G33: =IF(ISERROR(E33/C33),0,(E33/C33)) -> 0 | H33: =IF(ISERROR(ROUND($I$2*E33,1)),0,ROUND($I$2*E33,1)) -> 0 | I33: Leguminose
A34: Ringelblume | B34: 19.91 | C34: 12 | D34: =IF(ISERROR(C34*B34),0,C34*B34) -> 238.92 | F34: =IF(ISERROR(E34*B34),0,(E34*B34)) -> 0 | G34: =IF(ISERROR(E34/C34),0,(E34/C34)) -> 0 | H34: =IF(ISERROR(ROUND($I$2*E34,1)),0,ROUND($I$2*E34,1)) -> 0 | I34: Korbblütler
A35: Rotklee | B35: 7.98 | C35: 25 | D35: =IF(ISERROR(C35*B35),0,C35*B35) -> 199.5 | F35: =IF(ISERROR(E35*B35),0,(E35*B35)) -> 0 | G35: =IF(ISERROR(E35/C35),0,(E35/C35)) -> 0 | H35: =IF(ISERROR(ROUND($I$2*E35,1)),0,ROUND($I$2*E35,1)) -> 0 | I35: Leguminose
A36: Saatplatterbse | B36: 2.13 | C36: 150 | D36: =IF(ISERROR(C36*B36),0,C36*B36) -> 319.5 | F36: =IF(ISERROR(E36*B36),0,(E36*B36)) -> 0 | G36: =IF(ISERROR(E36/C36),0,(E36/C36)) -> 0 | H36: =IF(ISERROR(ROUND($I$2*E36,1)),0,ROUND($I$2*E36,1)) -> 0 | I36: Leguminose
A37: Saatwicke / Sommerwicke | B37: 2.66 | C37: 130 | D37: =IF(ISERROR(C37*B37),0,C37*B37) -> 345.8 | F37: =IF(ISERROR(E37*B37),0,(E37*B37)) -> 0 | G37: =IF(ISERROR(E37/C37),0,(E37/C37)) -> 0 | H37: =IF(ISERROR(ROUND($I$2*E37,1)),0,ROUND($I$2*E37,1)) -> 0 | I37: Leguminose
A38: Saflor | B38: 5.52 | C38: 30 | D38: =IF(ISERROR(C38*B38),0,C38*B38) -> 165.6 | F38: =IF(ISERROR(E38*B38),0,(E38*B38)) -> 0 | G38: =IF(ISERROR(E38/C38),0,(E38/C38)) -> 0 | H38: =IF(ISERROR(ROUND($I$2*E38,1)),0,ROUND($I$2*E38,1)) -> 0 | I38: Korbblütler
A39: Sandhafer/Rauhafer | B39: 2.52 | C39: 100 | D39: =IF(ISERROR(C39*B39),0,C39*B39) -> 252 | F39: =IF(ISERROR(E39*B39),0,(E39*B39)) -> 0 | G39: =IF(ISERROR(E39/C39),0,(E39/C39)) -> 0 | H39: =IF(ISERROR(ROUND($I$2*E39,1)),0,ROUND($I$2*E39,1)) -> 0 | I39: Gräser
A40: Sarepta-Senf | B40: 5.89 | C40: 10 | D40: =IF(ISERROR(C40*B40),0,C40*B40) -> 58.9 | F40: =IF(ISERROR(E40*B40),0,(E40*B40)) -> 0 | G40: =IF(ISERROR(E40/C40),0,(E40/C40)) -> 0 | H40: =IF(ISERROR(ROUND($I$2*E40,1)),0,ROUND($I$2*E40,1)) -> 0 | I40: Kreuzblütler
A41: Schwedenklee | B41: 8.17 | C41: 20 | D41: =IF(ISERROR(C41*B41),0,C41*B41) -> 163.4 | F41: =IF(ISERROR(E41*B41),0,(E41*B41)) -> 0 | G41: =IF(ISERROR(E41/C41),0,(E41/C41)) -> 0 | H41: =IF(ISERROR(ROUND($I$2*E41,1)),0,ROUND($I$2*E41,1)) -> 0 | I41: Leguminose
A42: Senf | B42: 2.44 | C42: 15 | D42: =IF(ISERROR(C42*B42),0,C42*B42) -> 36.6 | F42: =IF(ISERROR(E42*B42),0,(E42*B42)) -> 0 | G42: =IF(ISERROR(E42/C42),0,(E42/C42)) -> 0 | H42: =IF(ISERROR(ROUND($I$2*E42,1)),0,ROUND($I$2*E42,1)) -> 0 | I42: Kreuzblütler
A43: Senf nematodenresistent / nematodenhemmend | B43: 3.31 | C43: 20 | D43: =IF(ISERROR(C43*B43),0,C43*B43) -> 66.2 | F43: =IF(ISERROR(E43*B43),0,(E43*B43)) -> 0 | G43: =IF(ISERROR(E43/C43),0,(E43/C43)) -> 0 | H43: =IF(ISERROR(ROUND($I$2*E43,1)),0,ROUND($I$2*E43,1)) -> 0 | I43: Kreuzblütler
A44: Sommerfutterraps | B44: 2.79 | C44: 15 | D44: =IF(ISERROR(C44*B44),0,C44*B44) -> 41.85 | F44: =IF(ISERROR(E44*B44),0,(E44*B44)) -> 0 | G44: =IF(ISERROR(E44/C44),0,(E44/C44)) -> 0 | H44: =IF(ISERROR(ROUND($I$2*E44,1)),0,ROUND($I$2*E44,1)) -> 0 | I44: Kreuzblütler
A45: Spitzwegerich | B45: 21.87 | C45: 20 | D45: =IF(ISERROR(C45*B45),0,C45*B45) -> 437.4 | F45: =IF(ISERROR(E45*B45),0,(E45*B45)) -> 0 | G45: =IF(ISERROR(E45/C45),0,(E45/C45)) -> 0 | H45: =IF(ISERROR(ROUND($I$2*E45,1)),0,ROUND($I$2*E45,1)) -> 0 | I45: Wegerichgewächse
... A55: Zwerghirse | B55: 5.83 | C55: 15 | D55: =IF(ISERROR(C55*B55),0,C55*B55) -> 87.45 | F55: =IF(ISERROR(E55*B55),0,(E55*B55)) -> 0 | G55: =IF(ISERROR(E55/C55),0,(E55/C55)) -> 0 | H55: =IF(ISERROR(ROUND($I$2*E55,1)),0,ROUND($I$2*E55,1)) -> 0 | I55: Gräser
A56: eigene Kultur 1 | D56: =IF(ISERROR(C56*B56),0,C56*B56) -> 0 | F56: =IF(ISERROR(E56*B56),0,(E56*B56)) -> 0 | G56: =IF(ISERROR(E56/C56),0,(E56/C56)) -> 0 | H56: =IF(ISERROR(ROUND($I$2*E56,1)),0,ROUND($I$2*E56,1)) -> 0 | J56: insektenblütig JA / NEIN: | M56: Var 6 konform:
A57: eigene Kultur 2 | D57: =IF(ISERROR(C57*B57),0,C57*B57) -> 0 | F57: =IF(ISERROR(E57*B57),0,(E57*B57)) -> 0 | G57: =IF(ISERROR(E57/C57),0,(E57/C57)) -> 0 | H57: =IF(ISERROR(ROUND($I$2*E57,1)),0,ROUND($I$2*E57,1)) -> 0 | J57: insektenblütig JA / NEIN: | M57: Var 6 konform:
A58: eigene Kultur 3 | D58: =IF(ISERROR(C58*B58),0,C58*B58) -> 0 | F58: =IF(ISERROR(E58*B58),0,(E58*B58)) -> 0 | G58: =IF(ISERROR(E58/C58),0,(E58/C58)) -> 0 | H58: =IF(ISERROR(ROUND($I$2*E58,1)),0,ROUND($I$2*E58,1)) -> 0 | J58: insektenblütig JA / NEIN: | M58: Var 6 konform:
A59: eigene Kultur 4 | D59: =IF(ISERROR(C59*B59),0,C59*B59) -> 0 | F59: =IF(ISERROR(E59*B59),0,(E59*B59)) -> 0 | G59: =IF(ISERROR(E59/C59),0,(E59/C59)) -> 0 | H59: =IF(ISERROR(ROUND($I$2*E59,1)),0,ROUND($I$2*E59,1)) -> 0 | J59: insektenblütig JA / NEIN: | M59: Var 6 konform:
A60: eigene Kultur 5 | D60: =IF(ISERROR(C60*B60),0,C60*B60) -> 0 | F60: =IF(ISERROR(E60*B60),0,(E60*B60)) -> 0 | G60: =IF(ISERROR(E60/C60),0,(E60/C60)) -> 0 | H60: =IF(ISERROR(ROUND($I$2*E60,1)),0,ROUND($I$2*E60,1)) -> 0 | J60: insektenblütig JA / NEIN: | M60: Var 6 konform:
A61: eigene Kultur 6 | D61: =IF(ISERROR(C61*B61),0,C61*B61) -> 0 | F61: =IF(ISERROR(E61*B61),0,(E61*B61)) -> 0 | G61: =IF(ISERROR(E61/C61),0,(E61/C61)) -> 0 | H61: =IF(ISERROR(ROUND($I$2*E61,1)),0,ROUND($I$2*E61,1)) -> 0 | J61: insektenblütig JA / NEIN: | M61: Var 6 konform:
A62: eigene Kultur 7 | D62: =IF(ISERROR(C62*B62),0,C62*B62) -> 0 | F62: =IF(ISERROR(E62*B62),0,(E62*B62)) -> 0 | G62: =IF(ISERROR(E62/C62),0,(E62/C62)) -> 0 | H62: =IF(ISERROR(ROUND($I$2*E62,1)),0,ROUND($I$2*E62,1)) -> 0 | J62: insektenblütig JA / NEIN: | M62: Var 6 konform:

Sheet Zusammenfassung int. Prod.
A1: Zusammenfassung der gewählten Kulturen / Mischungen | J1: ZURÜCK ZUM BEGRÜNUNGSRECHNER integrierte Produktion ◄ | L1: ◄ ZURÜCK ZUR STARTSEITE / BEDIENUNGSANLEITUNG
A3: Fläche in ha | B3: Menge in kg/ha geplant | C3: Kosten/ha | D3: Mischungs-anteil in % (=relative Saatstärke) | E3: =CONCATENATE("Kosten in € für die Gesamtfläche von ",'Begr.-Rechner int. Prod.'!$I$2," ha") -> Kosten in € für die Gesamtfläche von ha | F3: geeignet für ÖPUL Begrünungsvarianten gem. ÖPUL 2023 | H3: Mischungsanteil Leguminosen (relativer Reinsaatanteil)
A4: =IF('Begr.-Rechner int. Prod.'!$I$2<>"",CONCATENATE('Begr.-Rechner int. Prod.'!$I$2," ha"),"") | B4: =IF('Begr.-Rechner int. Prod.'!$J$2>0,CONCATENATE('Begr.-Rechner int. Prod.'!$J$2, " kg/ha"),"") | C4: =IF('Begr.-Rechner int. Prod.'!$K$2>0,CONCATENATE('Begr.-Rechner int. Prod.'!$K$2," €"),"") | D4: =IF('Begr.-Rechner int. Prod.'!$L$2>0,'Begr.-Rechner int. Prod.'!$L$2,"") | E4: =IF(SUM(F7:F27)>0,CONCATENATE(SUM(F7:F27)," €"),"") | F4: =IF(AND('Konventionell (2)'!Z3="",'Konventionell (2)'!Z4="",'Konventionell (2)'!Z5="",'Konventionell (2)'!Z6="",'Konventionell (2)'!Z7="",'Konventionell (2)'!Z8="",'Konventionell (2)'!Z9="",'Konventionell (2)'!J2>0),'Konventionell (2)'!Z10,CONCATENATE('Konventionell (2)'!Z3,'Konventionell (2)'!Z4,'Konventionell (2)'!Z5,'Konventionell (2)'!Z6,'Konventionell (2)'!Z7,'Konventionell (2)'!Z8,'Konventionell (2)'!Z9)) | H4: =IF(AND($D4>0,P40=0),P40,IF(AND($D4>0,P40>0),P40,"")) | J4: =IF('Konventionell (2)'!$R$3="ja","* zulässige Begrünungskulturen gem. Variante 6 beachten: - Grünschnittroggen nach Saatgutgesetz, - Wintererbse lt. Saatgutgesetz, - Pannonische Wicke, Zottelwicke; Winterackerbohne, Winterrübsen (inkl. Perko)","")
A6: Kulturbezeichnung | B6: Menge/ha | C6: Kosten/ha in € | D6: Saatstärke in % der Reinsaat | E6: Saatgutmenge je Kultur bzw. Mischung in kg | F6: Kosten je Kultur | G6: Pflanzenfamilie | H6: Zulässige Düngung im Herbst:
A7: {=IFERROR(INDEX('Konventionell (2)'!A:A,SMALL(IF('Konventionell (2)'!$E$3:$E$64>0,ROW($3:$64)),ROW(A1))),"")} | B7: {=IFERROR(INDEX('Konventionell (2)'!E:E,SMALL(IF('Konventionell (2)'!$E$3:$E$64>0,ROW($3:$64)),ROW(A1))),"")} | C7: {=IFERROR(INDEX('Konventionell (2)'!F:F,SMALL(IF('Konventionell (2)'!$E$3:$E$64>0,ROW($3:$64)),ROW(A1))),"")} | D7: {=IFERROR(INDEX('Konventionell (2)'!G:G,SMALL(IF('Konventionell (2)'!$E$3:$E$64>0,ROW($3:$64)),ROW(A1))),"")} | E7: {=IFERROR(INDEX('Konventionell (2)'!H:H,SMALL(IF('Konventionell (2)'!$E$3:$E$64>0,ROW($3:$64)),ROW(A1))),"")} | F7: =IF(A7="","",C7*'Begr.-Rechner int. Prod.'!$I$2) | G7: =IFERROR(VLOOKUP(A7,'Konventionell (2)'!$A$3:$I$64,9,0),"") | H7: Düngeobergenze gem. NAPV: | I7: ='Begr.-Rechner int. Prod.'!L8 -> 60 kg N ab Lager | O7: =IF($G7="Leguminose",D7,0) -> 0
A8: {=IFERROR(INDEX('Konventionell (2)'!A:A,SMALL(IF('Konventionell (2)'!$E$3:$E$64>0,ROW($3:$64)),ROW(A2))),"")} | B8: {=IFERROR(INDEX('Konventionell (2)'!E:E,SMALL(IF('Konventionell (2)'!$E$3:$E$64>0,ROW($3:$64)),ROW(A2))),"")} | C8: {=IFERROR(INDEX('Konventionell (2)'!F:F,SMALL(IF('Konventionell (2)'!$E$3:$E$64>0,ROW($3:$64)),ROW(A2))),"")} | D8: {=IFERROR(INDEX('Konventionell (2)'!G:G,SMALL(IF('Konventionell (2)'!$E$3:$E$64>0,ROW($3:$64)),ROW(A2))),"")} | E8: {=IFERROR(INDEX('Konventionell (2)'!H:H,SMALL(IF('Konventionell (2)'!$E$3:$E$64>0,ROW($3:$64)),ROW(A2))),"")} | F8: =IF(A8="","",C8*'Begr.-Rechner int. Prod.'!$I$2) | G8: =IFERROR(VLOOKUP(A8,'Konventionell (2)'!$A$3:$I$64,9,0),"") | J8: =IF(AND(H4>0.6,'Begr.-Rechner int. Prod.'!J2>0),"ACHTUNG Vorfruchtwirkung beachten: ungenutzte ZWF > 60 % Leguminosenanteil: 20 kg genutzte ZWF > 60% Leguminosenanteil: 10 kg N HINWEIS: es zählt Bestand am Feld, dieser Hinweis ist ausschließlich als Orientierungshilfe zu sehen.","") | O8: =IF($G8="Leguminose",D8,0) -> 0
A9: {=IFERROR(INDEX('Konventionell (2)'!A:A,SMALL(IF('Konventionell (2)'!$E$3:$E$64>0,ROW($3:$64)),ROW(A3))),"")} | B9: {=IFERROR(INDEX('Konventionell (2)'!E:E,SMALL(IF('Konventionell (2)'!$E$3:$E$64>0,ROW($3:$64)),ROW(A3))),"")} | C9: {=IFERROR(INDEX('Konventionell (2)'!F:F,SMALL(IF('Konventionell (2)'!$E$3:$E$64>0,ROW($3:$64)),ROW(A3))),"")} | D9: {=IFERROR(INDEX('Konventionell (2)'!G:G,SMALL(IF('Konventionell (2)'!$E$3:$E$64>0,ROW($3:$64)),ROW(A3))),"")} | E9: {=IFERROR(INDEX('Konventionell (2)'!H:H,SMALL(IF('Konventionell (2)'!$E$3:$E$64>0,ROW($3:$64)),ROW(A3))),"")} | F9: =IF(A9="","",C9*'Begr.-Rechner int. Prod.'!$I$2) | G9: =IFERROR(VLOOKUP(A9,'Konventionell (2)'!$A$3:$I$64,9,0),"") | H9: Düngeobergenze in Nitratrisikogebieten gem. NAPV Anlage 5: | I9: ='Begr.-Rechner int. Prod.'!L10 -> 60 kg N ab Lager | O9: =IF($G9="Leguminose",D9,0) -> 0
A10: {=IFERROR(INDEX('Konventionell (2)'!A:A,SMALL(IF('Konventionell (2)'!$E$3:$E$64>0,ROW($3:$64)),ROW(A4))),"")} | B10: {=IFERROR(INDEX('Konventionell (2)'!E:E,SMALL(IF('Konventionell (2)'!$E$3:$E$64>0,ROW($3:$64)),ROW(A4))),"")} | C10: {=IFERROR(INDEX('Konventionell (2)'!F:F,SMALL(IF('Konventionell (2)'!$E$3:$E$64>0,ROW($3:$64)),ROW(A4))),"")} | D10: {=IFERROR(INDEX('Konventionell (2)'!G:G,SMALL(IF('Konventionell (2)'!$E$3:$E$64>0,ROW($3:$64)),ROW(A4))),"")} | E10: {=IFERROR(INDEX('Konventionell (2)'!H:H,SMALL(IF('Konventionell (2)'!$E$3:$E$64>0,ROW($3:$64)),ROW(A4))),"")} | F10: =IF(A10="","",C10*'Begr.-Rechner int. Prod.'!$I$2) | G10: =IFERROR(VLOOKUP(A10,'Konventionell (2)'!$A$3:$I$64,9,0),"") | O10: =IF($G10="Leguminose",D10,0) -> 0
A11: {=IFERROR(INDEX('Konventionell (2)'!A:A,SMALL(IF('Konventionell (2)'!$E$3:$E$64>0,ROW($3:$64)),ROW(A5))),"")} | B11: {=IFERROR(INDEX('Konventionell (2)'!E:E,SMALL(IF('Konventionell (2)'!$E$3:$E$64>0,ROW($3:$64)),ROW(A5))),"")} | C11: {=IFERROR(INDEX('Konventionell (2)'!F:F,SMALL(IF('Konventionell (2)'!$E$3:$E$64>0,ROW($3:$64)),ROW(A5))),"")} | D11: {=IFERROR(INDEX('Konventionell (2)'!G:G,SMALL(IF('Konventionell (2)'!$E$3:$E$64>0,ROW($3:$64)),ROW(A5))),"")} | E11: {=IFERROR(INDEX('Konventionell (2)'!H:H,SMALL(IF('Konventionell (2)'!$E$3:$E$64>0,ROW($3:$64)),ROW(A5))),"")} | F11: =IF(A11="","",C11*'Begr.-Rechner int. Prod.'!$I$2) | G11: =IFERROR(VLOOKUP(A11,'Konventionell (2)'!$A$3:$I$64,9,0),"") | O11: =IF($G11="Leguminose",D11,0) -> 0
A12: {=IFERROR(INDEX('Konventionell (2)'!A:A,SMALL(IF('Konventionell (2)'!$E$3:$E$64>0,ROW($3:$64)),ROW(A6))),"")} | B12: {=IFERROR(INDEX('Konventionell (2)'!E:E,SMALL(IF('Konventionell (2)'!$E$3:$E$64>0,ROW($3:$64)),ROW(A6))),"")} | C12: {=IFERROR(INDEX('Konventionell (2)'!F:F,SMALL(IF('Konventionell (2)'!$E$3:$E$64>0,ROW($3:$64)),ROW(A6))),"")} | D12: {=IFERROR(INDEX('Konventionell (2)'!G:G,SMALL(IF('Konventionell (2)'!$E$3:$E$64>0,ROW($3:$64)),ROW(A6))),"")} | E12: {=IFERROR(INDEX('Konventionell (2)'!H:H,SMALL(IF('Konventionell (2)'!$E$3:$E$64>0,ROW($3:$64)),ROW(A6))),"")} | F12: =IF(A12="","",C12*'Begr.-Rechner int. Prod.'!$I$2) | G12: =IFERROR(VLOOKUP(A12,'Konventionell (2)'!$A$3:$I$64,9,0),"") | H12: Herbstdüngegrenze von 60 kg N ab Lager ab der Ernte der letzten Hauptkultur beachten | O12: =IF($G12="Leguminose",D12,0) -> 0
A13: {=IFERROR(INDEX('Konventionell (2)'!A:A,SMALL(IF('Konventionell (2)'!$E$3:$E$64>0,ROW($3:$64)),ROW(A7))),"")} | B13: {=IFERROR(INDEX('Konventionell (2)'!E:E,SMALL(IF('Konventionell (2)'!$E$3:$E$64>0,ROW($3:$64)),ROW(A7))),"")} | C13: {=IFERROR(INDEX('Konventionell (2)'!F:F,SMALL(IF('Konventionell (2)'!$E$3:$E$64>0,ROW($3:$64)),ROW(A7))),"")} | D13: {=IFERROR(INDEX('Konventionell (2)'!G:G,SMALL(IF('Konventionell (2)'!$E$3:$E$64>0,ROW($3:$64)),ROW(A7))),"")} | E13: {=IFERROR(INDEX('Konventionell (2)'!H:H,SMALL(IF('Konventionell (2)'!$E$3:$E$64>0,ROW($3:$64)),ROW(A7))),"")} | F13: =IF(A13="","",C13*'Begr.-Rechner int. Prod.'!$I$2) | G13: =IFERROR(VLOOKUP(A13,'Konventionell (2)'!$A$3:$I$64,9,0),"") | O13: =IF($G13="Leguminose",D13,0) -> 0
A14: {=IFERROR(INDEX('Konventionell (2)'!A:A,SMALL(IF('Konventionell (2)'!$E$3:$E$64>0,ROW($3:$64)),ROW(A8))),"")} | B14: {=IFERROR(INDEX('Konventionell (2)'!E:E,SMALL(IF('Konventionell (2)'!$E$3:$E$64>0,ROW($3:$64)),ROW(A8))),"")} | C14: {=IFERROR(INDEX('Konventionell (2)'!F:F,SMALL(IF('Konventionell (2)'!$E$3:$E$64>0,ROW($3:$64)),ROW(A8))),"")} | D14: {=IFERROR(INDEX('Konventionell (2)'!G:G,SMALL(IF('Konventionell (2)'!$E$3:$E$64>0,ROW($3:$64)),ROW(A8))),"")} | E14: {=IFERROR(INDEX('Konventionell (2)'!H:H,SMALL(IF('Konventionell (2)'!$E$3:$E$64>0,ROW($3:$64)),ROW(A8))),"")} | F14: =IF(A14="","",C14*'Begr.-Rechner int. Prod.'!$I$2) | G14: =IFERROR(VLOOKUP(A14,'Konventionell (2)'!$A$3:$I$64,9,0),"") | O14: =IF($G14="Leguminose",D14,0) -> 0
A15: {=IFERROR(INDEX('Konventionell (2)'!A:A,SMALL(IF('Konventionell (2)'!$E$3:$E$64>0,ROW($3:$64)),ROW(A9))),"")} | B15: {=IFERROR(INDEX('Konventionell (2)'!E:E,SMALL(IF('Konventionell (2)'!$E$3:$E$64>0,ROW($3:$64)),ROW(A9))),"")} | C15: {=IFERROR(INDEX('Konventionell (2)'!F:F,SMALL(IF('Konventionell (2)'!$E$3:$E$64>0,ROW($3:$64)),ROW(A9))),"")} | D15: {=IFERROR(INDEX('Konventionell (2)'!G:G,SMALL(IF('Konventionell (2)'!$E$3:$E$64>0,ROW($3:$64)),ROW(A9))),"")} | E15: {=IFERROR(INDEX('Konventionell (2)'!H:H,SMALL(IF('Konventionell (2)'!$E$3:$E$64>0,ROW($3:$64)),ROW(A9))),"")} | F15: =IF(A15="","",C15*'Begr.-Rechner int. Prod.'!$I$2) | G15: =IFERROR(VLOOKUP(A15,'Konventionell (2)'!$A$3:$I$64,9,0),"") | O15: =IF($G15="Leguminose",D15,0) -> 0
A16: {=IFERROR(INDEX('Konventionell (2)'!A:A,SMALL(IF('Konventionell (2)'!$E$3:$E$64>0,ROW($3:$64)),ROW(A10))),"")} | B16: {=IFERROR(INDEX('Konventionell (2)'!E:E,SMALL(IF('Konventionell (2)'!$E$3:$E$64>0,ROW($3:$64)),ROW(A10))),"")} | C16: {=IFERROR(INDEX('Konventionell (2)'!F:F,SMALL(IF('Konventionell (2)'!$E$3:$E$64>0,ROW($3:$64)),ROW(A10))),"")} | D16: {=IFERROR(INDEX('Konventionell (2)'!G:G,SMALL(IF('Konventionell (2)'!$E$3:$E$64>0,ROW($3:$64)),ROW(A10))),"")} | E16: {=IFERROR(INDEX('Konventionell (2)'!H:H,SMALL(IF('Konventionell (2)'!$E$3:$E$64>0,ROW($3:$64)),ROW(A10))),"")} | F16: =IF(A16="","",C16*'Begr.-Rechner int. Prod.'!$I$2) | G16: =IFERROR(VLOOKUP(A16,'Konventionell (2)'!$A$3:$I$64,9,0),"") | O16: =IF($G16="Leguminose",D16,0) -> 0
A17: {=IFERROR(INDEX('Konventionell (2)'!A:A,SMALL(IF('Konventionell (2)'!$E$3:$E$64>0,ROW($3:$64)),ROW(A11))),"")} | B17: {=IFERROR(INDEX('Konventionell (2)'!E:E,SMALL(IF('Konventionell (2)'!$E$3:$E$64>0,ROW($3:$64)),ROW(A11))),"")} | C17: {=IFERROR(INDEX('Konventionell (2)'!F:F,SMALL(IF('Konventionell (2)'!$E$3:$E$64>0,ROW($3:$64)),ROW(A11))),"")} | D17: {=IFERROR(INDEX('Konventionell (2)'!G:G,SMALL(IF('Konventionell (2)'!$E$3:$E$64>0,ROW($3:$64)),ROW(A11))),"")} | E17: {=IFERROR(INDEX('Konventionell (2)'!H:H,SMALL(IF('Konventionell (2)'!$E$3:$E$64>0,ROW($3:$64)),ROW(A11))),"")} | F17: =IF(A17="","",C17*'Begr.-Rechner int. Prod.'!$I$2) | G17: =IFERROR(VLOOKUP(A17,'Konventionell (2)'!$A$3:$I$64,9,0),"") | O17: =IF($G17="Leguminose",D17,0) -> 0
A18: {=IFERROR(INDEX('Konventionell (2)'!A:A,SMALL(IF('Konventionell (2)'!$E$3:$E$64>0,ROW($3:$64)),ROW(A12))),"")} | B18: {=IFERROR(INDEX('Konventionell (2)'!E:E,SMALL(IF('Konventionell (2)'!$E$3:$E$64>0,ROW($3:$64)),ROW(A12))),"")} | C18: {=IFERROR(INDEX('Konventionell (2)'!F:F,SMALL(IF('Konventionell (2)'!$E$3:$E$64>0,ROW($3:$64)),ROW(A12))),"")} | D18: {=IFERROR(INDEX('Konventionell (2)'!G:G,SMALL(IF('Konventionell (2)'!$E$3:$E$64>0,ROW($3:$64)),ROW(A12))),"")} | E18: {=IFERROR(INDEX('Konventionell (2)'!H:H,SMALL(IF('Konventionell (2)'!$E$3:$E$64>0,ROW($3:$64)),ROW(A12))),"")} | F18: =IF(A18="","",C18*'Begr.-Rechner int. Prod.'!$I$2) | G18: =IFERROR(VLOOKUP(A18,'Konventionell (2)'!$A$3:$I$64,9,0),"") | O18: =IF($G18="Leguminose",D18,0) -> 0
A19: {=IFERROR(INDEX('Konventionell (2)'!A:A,SMALL(IF('Konventionell (2)'!$E$3:$E$64>0,ROW($3:$64)),ROW(A13))),"")} | B19: {=IFERROR(INDEX('Konventionell (2)'!E:E,SMALL(IF('Konventionell (2)'!$E$3:$E$64>0,ROW($3:$64)),ROW(A13))),"")} | C19: {=IFERROR(INDEX('Konventionell (2)'!F:F,SMALL(IF('Konventionell (2)'!$E$3:$E$64>0,ROW($3:$64)),ROW(A13))),"")} | D19: {=IFERROR(INDEX('Konventionell (2)'!G:G,SMALL(IF('Konventionell (2)'!$E$3:$E$64>0,ROW($3:$64)),ROW(A13))),"")} | E19: {=IFERROR(INDEX('Konventionell (2)'!H:H,SMALL(IF('Konventionell (2)'!$E$3:$E$64>0,ROW($3:$64)),ROW(A13))),"")} | F19: =IF(A19="","",C19*'Begr.-Rechner int. Prod.'!$I$2) | G19: =IFERROR(VLOOKUP(A19,'Konventionell (2)'!$A$3:$I$64,9,0),"") | O19: =IF($G19="Leguminose",D19,0) -> 0
A20: {=IFERROR(INDEX('Konventionell (2)'!A:A,SMALL(IF('Konventionell (2)'!$E$3:$E$64>0,ROW($3:$64)),ROW(A14))),"")} | B20: {=IFERROR(INDEX('Konventionell (2)'!E:E,SMALL(IF('Konventionell (2)'!$E$3:$E$64>0,ROW($3:$64)),ROW(A14))),"")} | C20: {=IFERROR(INDEX('Konventionell (2)'!F:F,SMALL(IF('Konventionell (2)'!$E$3:$E$64>0,ROW($3:$64)),ROW(A14))),"")} | D20: {=IFERROR(INDEX('Konventionell (2)'!G:G,SMALL(IF('Konventionell (2)'!$E$3:$E$64>0,ROW($3:$64)),ROW(A14))),"")} | E20: {=IFERROR(INDEX('Konventionell (2)'!H:H,SMALL(IF('Konventionell (2)'!$E$3:$E$64>0,ROW($3:$64)),ROW(A14))),"")} | F20: =IF(A20="","",C20*'Begr.-Rechner int. Prod.'!$I$2) | G20: =IFERROR(VLOOKUP(A20,'Konventionell (2)'!$A$3:$I$64,9,0),"") | O20: =IF($G20="Leguminose",D20,0) -> 0
A21: {=IFERROR(INDEX('Konventionell (2)'!A:A,SMALL(IF('Konventionell (2)'!$E$3:$E$64>0,ROW($3:$64)),ROW(A15))),"")} | B21: {=IFERROR(INDEX('Konventionell (2)'!E:E,SMALL(IF('Konventionell (2)'!$E$3:$E$64>0,ROW($3:$64)),ROW(A15))),"")} | C21: {=IFERROR(INDEX('Konventionell (2)'!F:F,SMALL(IF('Konventionell (2)'!$E$3:$E$64>0,ROW($3:$64)),ROW(A15))),"")} | D21: {=IFERROR(INDEX('Konventionell (2)'!G:G,SMALL(IF('Konventionell (2)'!$E$3:$E$64>0,ROW($3:$64)),ROW(A15))),"")} | E21: {=IFERROR(INDEX('Konventionell (2)'!H:H,SMALL(IF('Konventionell (2)'!$E$3:$E$64>0,ROW($3:$64)),ROW(A15))),"")} | F21: =IF(A21="","",C21*'Begr.-Rechner int. Prod.'!$I$2) | G21: =IFERROR(VLOOKUP(A21,'Konventionell (2)'!$A$3:$I$64,9,0),"") | O21: =IF($G21="Leguminose",D21,0) -> 0
A22: {=IFERROR(INDEX('Konventionell (2)'!A:A,SMALL(IF('Konventionell (2)'!$E$3:$E$64>0,ROW($3:$64)),ROW(A16))),"")} | B22: {=IFERROR(INDEX('Konventionell (2)'!E:E,SMALL(IF('Konventionell (2)'!$E$3:$E$64>0,ROW($3:$64)),ROW(A16))),"")} | C22: {=IFERROR(INDEX('Konventionell (2)'!F:F,SMALL(IF('Konventionell (2)'!$E$3:$E$64>0,ROW($3:$64)),ROW(A16))),"")} | D22: {=IFERROR(INDEX('Konventionell (2)'!G:G,SMALL(IF('Konventionell (2)'!$E$3:$E$64>0,ROW($3:$64)),ROW(A16))),"")} | E22: {=IFERROR(INDEX('Konventionell (2)'!H:H,SMALL(IF('Konventionell (2)'!$E$3:$E$64>0,ROW($3:$64)),ROW(A16))),"")} | F22: =IF(A22="","",C22*'Begr.-Rechner int. Prod.'!$I$2) | G22: =IFERROR(VLOOKUP(A22,'Konventionell (2)'!$A$3:$I$64,9,0),"") | O22: =IF($G22="Leguminose",D22,0) -> 0
A23: {=IFERROR(INDEX('Konventionell (2)'!A:A,SMALL(IF('Konventionell (2)'!$E$3:$E$64>0,ROW($3:$64)),ROW(A17))),"")} | B23: {=IFERROR(INDEX('Konventionell (2)'!E:E,SMALL(IF('Konventionell (2)'!$E$3:$E$64>0,ROW($3:$64)),ROW(A17))),"")} | C23: {=IFERROR(INDEX('Konventionell (2)'!F:F,SMALL(IF('Konventionell (2)'!$E$3:$E$64>0,ROW($3:$64)),ROW(A17))),"")} | D23: {=IFERROR(INDEX('Konventionell (2)'!G:G,SMALL(IF('Konventionell (2)'!$E$3:$E$64>0,ROW($3:$64)),ROW(A17))),"")} | E23: {=IFERROR(INDEX('Konventionell (2)'!H:H,SMALL(IF('Konventionell (2)'!$E$3:$E$64>0,ROW($3:$64)),ROW(A17))),"")} | F23: =IF(A23="","",C23*'Begr.-Rechner int. Prod.'!$I$2) | G23: =IFERROR(VLOOKUP(A23,'Konventionell (2)'!$A$3:$I$64,9,0),"") | O23: =IF($G23="Leguminose",D23,0) -> 0
A24: {=IFERROR(INDEX('Konventionell (2)'!A:A,SMALL(IF('Konventionell (2)'!$E$3:$E$64>0,ROW($3:$64)),ROW(A18))),"")} | B24: {=IFERROR(INDEX('Konventionell (2)'!E:E,SMALL(IF('Konventionell (2)'!$E$3:$E$64>0,ROW($3:$64)),ROW(A18))),"")} | C24: {=IFERROR(INDEX('Konventionell (2)'!F:F,SMALL(IF('Konventionell (2)'!$E$3:$E$64>0,ROW($3:$64)),ROW(A18))),"")} | D24: {=IFERROR(INDEX('Konventionell (2)'!G:G,SMALL(IF('Konventionell (2)'!$E$3:$E$64>0,ROW($3:$64)),ROW(A18))),"")} | E24: {=IFERROR(INDEX('Konventionell (2)'!H:H,SMALL(IF('Konventionell (2)'!$E$3:$E$64>0,ROW($3:$64)),ROW(A18))),"")} | F24: =IF(A24="","",C24*'Begr.-Rechner int. Prod.'!$I$2) | G24: =IFERROR(VLOOKUP(A24,'Konventionell (2)'!$A$3:$I$64,9,0),"") | O24: =IF($G24="Leguminose",D24,0) -> 0
... A39: {=IFERROR(INDEX('Konventionell (2)'!A:A,SMALL(IF('Konventionell (2)'!$E$3:$E$64>0,ROW($3:$64)),ROW(A33))),"")} | B39: {=IFERROR(INDEX('Konventionell (2)'!E:E,SMALL(IF('Konventionell (2)'!$E$3:$E$64>0,ROW($3:$64)),ROW(A33))),"")} | C39: {=IFERROR(INDEX('Konventionell (2)'!F:F,SMALL(IF('Konventionell (2)'!$E$3:$E$64>0,ROW($3:$64)),ROW(A33))),"")} | D39: {=IFERROR(INDEX('Konventionell (2)'!G:G,SMALL(IF('Konventionell (2)'!$E$3:$E$64>0,ROW($3:$64)),ROW(A33))),"")} | E39: {=IFERROR(INDEX('Konventionell (2)'!H:H,SMALL(IF('Konventionell (2)'!$E$3:$E$64>0,ROW($3:$64)),ROW(A33))),"")} | F39: =IF(A39="","",C39*'Begr.-Rechner int. Prod.'!$I$2) | G39: =IFERROR(VLOOKUP(A39,'Konventionell (2)'!$A$3:$I$64,9,0),"") | O39: =IF($G39="Leguminose",D39,0) -> 0
O40: =SUM(O7:O39) -> 0 | P40: =IF(D4<>"",O40/D4,"")

Sheet Konventionell (2)
A1: Jahr 2024 | B1: Sie können hier den entsprechenden Preis eingeben - die vorausgefüllten Werte entsprechen Durchschnittswerten laut Preisspanne gem. Begrünungstabelle 2024 | C1: angeführte Werte sind Durchschnitts - bzw. Beispielwerte Hier können auch eigene Werte eingetragen werden | E1: MISCHUNGSBERECHNUNG | I1: =IF($I$2="","bitte geben Sie HIER die Begrünungsfläche in ha an","Fläche in ha") -> Fläche in ha | J1: Menge in kg/ha geplant | K1: Kosten/ha in € | L1: Mischungs-anteil in % (=relative Saatstärke) | W1: ÖPUL 2015 Varianten
A2: Kulturbezeichnung | B2: Richtpreis/kg | C2: Menge Reinsaat | D2: Kosten/ha bei Reinsaat | E2: Menge/ha | F2: Kosten/ha in € | G2: Saatstärke in % der Reinsaat | H2: Menge in kg | I2: ='Begr.-Rechner int. Prod.'!$I$2 -> 0 | J2: =SUM(E3:E61) -> 0 | K2: =SUM(F3:F61) -> 0 | L2: =SUM(G3:G61) -> 0 | M2: Var. 6 konform | N2: Insektenblütig | O2: In Begrünungsliste ausgewählt ? | P2: Pflanzenfamilie ausgewählt | Q2: Var 6 konform | R2: Var 6 | S2: Anzahl Familien | T2: Anzahl Mischungspartner | U2: Summe Insektenblütige Mischungspartner | V2: Zählenn wenn insektenblütig | W2: Variante | X2: Mischungspartner | Y2: Anzahl Pflanzenfamilien | Z2: Mischung zu Variante Konform? | AB2: Familien Drop Down | AC2: Drop Down JA Nein insektenblütig | AD2: Drop Down JA Nein Var. 6 | AE2: Wirtschaftsdüngerart | AF2: JW Faktor | AG2: Ausbringverluste
A3: Abessinischer Senf | B3: ='Begr.-Rechner int. Prod.'!B4 -> 5.57 | C3: ='Begr.-Rechner int. Prod.'!C4 -> 15 | D3: =IF(ISERROR(C3*B3),0,C3*B3) -> 83.55 | E3: ='Begr.-Rechner int. Prod.'!E4 -> 0 | F3: =IF(ISERROR(E3*B3),0,(E3*B3)) -> 0 | G3: =IF(ISERROR(E3/C3),0,(E3/C3)) -> 0 | H3: =IF(ISERROR($I$2*E3),0,($I$2*E3)) -> 0 | I3: Kreuzblütler | K3: relativer Leguminosenanteil | M3: nein | N3: ja | O3: =IF(E3>0,"ja","nein") -> nein | P3: =IF(O3="ja",I3,"") | Q3: =COUNTIFS($M$3:$M$61,"ja",$O$3:$O$61,"ja") -> 0 | R3: =IF(AND($R$5>0,$R$4=0),"ja",IF(AND($R$5>0,$R$4>0),"nein",IF(AND($R$5=0,$R$4>0),"nein","nein"))) -> nein | S3: {=SUM(1/(COUNTIF(P3:P61,P3:P61)))-1} -> -1.110223e-15 | T3: =COUNTIF($O$3:$O$61,"ja") -> 0 | U3: =SUM($V$3:$V$61) -> 0 | V3: =IF(AND(O3="ja",N3="ja"),1,"") | W3: Variante 1 | X3: 5 | Y3: 2 | Z3: =IF(AND($U$3>=$X$3,$S$3>=$Y$3),"Var.1; ","")
A4: Alexandrinerklee | B4: ='Begr.-Rechner int. Prod.'!B5 -> 4.9 | C4: ='Begr.-Rechner int. Prod.'!C5 -> 25 | D4: =IF(ISERROR(C4*B4),0,C4*B4) -> 122.5 | E4: ='Begr.-Rechner int. Prod.'!E5 -> 0 | F4: =IF(ISERROR(E4*B4),0,(E4*B4)) -> 0 | G4: =IF(ISERROR(E4/C4),0,(E4/C4)) -> 0 | H4: =IF(ISERROR($I$2*E4),0,($I$2*E4)) -> 0 | I4: Leguminose | K4: ='Begr.-Rechner int. Prod.'!L3 | M4: nein | N4: ja | O4: =IF(E4>0,"ja","nein") -> nein | P4: =IF(O4="ja",I4,"") | R4: =COUNTIFS($M$3:$M$61,"nein",$O$3:$O$61,"ja") -> 0 | V4: =IF(AND(O4="ja",N4="ja"),1,"") | W4: Variante 2 | X4: 7 | Y4: 3 | Z4: =IF(AND($T$3>=$X$4,$S$3>=$Y$4),"Var.2; ","") | AB4: Doldenblütler | AC4: Ja | AD4: Grünschnittroggen | AE4: Rindergülle | AF4: 0.7 | AG4: 0.87
A5: Bastardraygras | B5: ='Begr.-Rechner int. Prod.'!B6 -> 2.89 | C5: ='Begr.-Rechner int. Prod.'!C6 -> 25 | D5: =IF(ISERROR(C5*B5),0,C5*B5) -> 72.25 | E5: ='Begr.-Rechner int. Prod.'!E6 -> 0 | F5: =IF(ISERROR(E5*B5),0,(E5*B5)) -> 0 | G5: =IF(ISERROR(E5/C5),0,(E5/C5)) -> 0 | H5: =IF(ISERROR($I$2*E5),0,($I$2*E5)) -> 0 | I5: Gräser | M5: nein | N5: nein | O5: =IF(E5>0,"ja","nein") -> nein | P5: =IF(O5="ja",I5,"") | R5: =COUNTIFS($M$3:$M$61,"ja",$O$3:$O$61,"ja") -> 0 | V5: =IF(AND(O5="ja",N5="ja"),1,"") | W5: Variante 3 | X5: 3 | Y5: 2 | Z5: =IF(AND($T$3>=$X$5,$S$3>=$Y$5),"Var.3; ","") | AB5: Gänsefußgewächse | AC5: Nein | AD5: Pannonische Wicke | AE5: Schweinegülle | AF5: 0.8 | AG5: 0.87
A6: Bitterlupine | B6: ='Begr.-Rechner int. Prod.'!B7 -> 1.63 | C6: ='Begr.-Rechner int. Prod.'!C7 -> 170 | D6: =IF(ISERROR(C6*B6),0,C6*B6) -> 277.1 | E6: ='Begr.-Rechner int. Prod.'!E7 -> 0 | F6: =IF(ISERROR(E6*B6),0,(E6*B6)) -> 0 | G6: =IF(ISERROR(E6/C6),0,(E6/C6)) -> 0 | H6: =IF(ISERROR($I$2*E6),0,($I$2*E6)) -> 0 | I6: Leguminose | M6: nein | N6: ja | O6: =IF(E6>0,"ja","nein") -> nein | P6: =IF(O6="ja",I6,"") | V6: =IF(AND(O6="ja",N6="ja"),1,"") | W6: Variante 4 | X6: 3 | Y6: 2 | Z6: =IF(AND($T$3>=$X$6,$S$3>=$Y$6),"Var.4; ","") | AB6: Gräser | AD6: Zottelwicke | AE6: Hühnergülle | AF6: 0.85 | AG6: 0.87
A7: Buchweizen | B7: ='Begr.-Rechner int. Prod.'!B8 -> 1.89 | C7: ='Begr.-Rechner int. Prod.'!C8 -> 70 | D7: =IF(ISERROR(C7*B7),0,C7*B7) -> 132.3 | E7: ='Begr.-Rechner int. Prod.'!E8 -> 0 | F7: =IF(ISERROR(E7*B7),0,(E7*B7)) -> 0 | G7: =IF(ISERROR(E7/C7),0,(E7/C7)) -> 0 | H7: =IF(ISERROR($I$2*E7),0,($I$2*E7)) -> 0 | I7: Knöterichgewächse | M7: nein | N7: ja | O7: =IF(E7>0,"ja","nein") -> nein | P7: =IF(O7="ja",I7,"") | V7: =IF(AND(O7="ja",N7="ja"),1,"") | W7: Varainte 5 | X7: 3 | Y7: 2 | Z7: =IF(AND($T$3>=$X$7,$S$3>=$Y$7),"Var.5; ","") | AB7: Hanfgewächse | AD7: Winterackerbohne | AE7: Jauche | AF7: 1 | AG7: 0.87
A8: Einjähriges Raygras (Westerwoldisches Raygras) | B8: ='Begr.-Rechner int. Prod.'!B9 -> 2.66 | C8: ='Begr.-Rechner int. Prod.'!C9 -> 40 | D8: =IF(ISERROR(C8*B8),0,C8*B8) -> 106.4 | E8: ='Begr.-Rechner int. Prod.'!E9 -> 0 | F8: =IF(ISERROR(E8*B8),0,(E8*B8)) -> 0 | G8: =IF(ISERROR(E8/C8),0,(E8/C8)) -> 0 | H8: =IF(ISERROR($I$2*E8),0,($I$2*E8)) -> 0 | I8: Gräser | M8: nein | N8: nein | O8: =IF(E8>0,"ja","nein") -> nein | P8: =IF(O8="ja",I8,"") | Q8: Meldung zu Düngemöglichkeit | T8: Resultat ab Lager | U8: Resultat jw | V8: =IF(AND(O8="ja",N8="ja"),1,"") | W8: Variante 6 | Z8: =IF($R$3="ja","Var. 6 *","") | AB8: Knöterichgewächse | AD8: Wintererbse | AE8: Stallmist | AF8: 0.5 | AG8: 0.91
A9: Englisches Raygras (Deutsches Weidelgras) | B9: ='Begr.-Rechner int. Prod.'!B10 -> 3.18 | C9: ='Begr.-Rechner int. Prod.'!C10 -> 30 | D9: =IF(ISERROR(C9*B9),0,C9*B9) -> 95.4 | E9: ='Begr.-Rechner int. Prod.'!E10 -> 0 | F9: =IF(ISERROR(E9*B9),0,(E9*B9)) -> 0 | G9: =IF(ISERROR(E9/C9),0,(E9/C9)) -> 0 | H9: =IF(ISERROR($I$2*E9),0,($I$2*E9)) -> 0 | I9: Gräser | M9: nein | N9: nein | O9: =IF(E9>0,"ja","nein") -> nein | P9: =IF(O9="ja",I9,"") | Q9: =IF('Begr.-Rechner int. Prod.'!J2=0,80,IF(K4>0,40,80)) -> 80 | R9: =IFERROR(IF('Begr.-Rechner int. Prod.'!$L$6<>"",VLOOKUP('Begr.-Rechner int. Prod.'!$L$6,'Konventionell (2)'!$AE$4:$AG$10,2,0),1),"") -> 1 | S9: =IFERROR(IF('Begr.-Rechner int. Prod.'!$L$6<>"",VLOOKUP('Begr.-Rechner int. Prod.'!$L$6,'Konventionell (2)'!$AE$4:$AG$10,3,0),1),"") -> 1 | T9: =IF('Begr.-Rechner int. Prod.'!$L$6<>"",ROUND(Q9/R9/S9,1),60) -> 60 | U9: =IF('Begr.-Rechner int. Prod.'!L6<>"",Q9,"") | V9: =IF(AND(O9="ja",N9="ja"),1,"") | W9: Variante 7 | X9: 3 | Y9: 2 | Z9: =IF(AND($T$3>=$X$9,$S$3>=$Y$9),"Var.7","") | AB9: Korbblütler | AD9: Winterrübse | AE9: Kompost | AF9: 0.1 | AG9: 0.91
A10: Esparsette | B10: ='Begr.-Rechner int. Prod.'!B11 -> 3.65 | C10: ='Begr.-Rechner int. Prod.'!C11 -> 180 | D10: =IF(ISERROR(C10*B10),0,C10*B10) -> 657 | E10: ='Begr.-Rechner int. Prod.'!E11 -> 0 | F10: =IF(ISERROR(E10*B10),0,(E10*B10)) -> 0 | G10: =IF(ISERROR(E10/C10),0,(E10/C10)) -> 0 | H10: =IF(ISERROR($I$2*E10),0,($I$2*E10)) -> 0 | I10: Leguminose | M10: nein | N10: ja | O10: =IF(E10>0,"ja","nein") -> nein | P10: =IF(O10="ja",I10,"") | Q10: =IF('Begr.-Rechner int. Prod.'!J2=0,70,IF(K4>0,30,70)) -> 70 | R10: =IFERROR(IF('Begr.-Rechner int. Prod.'!$L$6<>"",VLOOKUP('Begr.-Rechner int. Prod.'!$L$6,'Konventionell (2)'!$AE$4:$AG$10,2,0),1),"") -> 1 | S10: =IFERROR(IF('Begr.-Rechner int. Prod.'!$L$6<>"",VLOOKUP('Begr.-Rechner int. Prod.'!$L$6,'Konventionell (2)'!$AE$4:$AG$10,3,0),1),"") -> 1 | T10: =IF('Begr.-Rechner int. Prod.'!$L$6<>"",ROUND(Q10/R10/S10,1),60) -> 60 | U10: =IF('Begr.-Rechner int. Prod.'!L6<>"",Q10,"") | V10: =IF(AND(O10="ja",N10="ja"),1,"") | Z10: =IF(AND($Z3="",Z4="",Z5="",Z6="",Z7="",Z8=""),"keine ÖPUL Konformität gegeben","") -> keine ÖPUL Konformität gegeben | AB10: Kreuzblütler | AE10: Rottemist | AF10: 0.3 | AG10: 0.91
A11: Futtererbse | B11: ='Begr.-Rechner int. Prod.'!B12 -> 1.41 | C11: ='Begr.-Rechner int. Prod.'!C12 -> 160 | D11: =IF(ISERROR(C11*B11),0,C11*B11) -> 225.6 | E11: ='Begr.-Rechner int. Prod.'!E12 -> 0 | F11: =IF(ISERROR(E11*B11),0,(E11*B11)) -> 0 | G11: =IF(ISERROR(E11/C11),0,(E11/C11)) -> 0 | H11: =IF(ISERROR($I$2*E11),0,($I$2*E11)) -> 0 | I11: Leguminose | M11: ja | N11: ja | O11: =IF(E11>0,"ja","nein") -> nein | P11: =IF(O11="ja",I11,"") | Q11: 60 | R11: =IFERROR(IF('Begr.-Rechner int. Prod.'!$L$6<>"",VLOOKUP('Begr.-Rechner int. Prod.'!$L$6,'Konventionell (2)'!$AE$4:$AG$10,2,0),1),"") -> 1 | S11: =IFERROR(IF('Begr.-Rechner int. Prod.'!$L$6<>"",VLOOKUP('Begr.-Rechner int. Prod.'!$L$6,'Konventionell (2)'!$AE$4:$AG$10,3,0),1),"") -> 1 | T11: =IF('Begr.-Rechner int. Prod.'!$L$6<>"",Q11,60) -> 60 | U11: =IF('Begr.-Rechner int. Prod.'!L6<>"",Q11,"") | V11: =IF(AND(O11="ja",N11="ja"),1,"") | AB11: Leguminose
A12: Futterkohl | B12: ='Begr.-Rechner int. Prod.'!B13 -> 13.29 | C12: ='Begr.-Rechner int. Prod.'!C13 -> 4 | D12: =IF(ISERROR(C12*B12),0,C12*B12) -> 53.16 | E12: ='Begr.-Rechner int. Prod.'!E13 -> 0 | F12: =IF(ISERROR(E12*B12),0,(E12*B12)) -> 0 | G12: =IF(ISERROR(E12/C12),0,(E12/C12)) -> 0 | H12: =IF(ISERROR($I$2*E12),0,($I$2*E12)) -> 0 | I12: Kreuzblütler | M12: nein | N12: ja | O12: =IF(E12>0,"ja","nein") -> nein | P12: =IF(O12="ja",I12,"") | S12: Anlage5 Gebiete | T12: =MIN($T$10:$T$11) -> 60 | U12: =MIN($U$10:$U$11) -> 0 | V12: =IF(AND(O12="ja",N12="ja"),1,"") | AB12: Leingewächse
A13: Gelbklee (Hopfenklee) | B13: ='Begr.-Rechner int. Prod.'!B14 -> 8.23 | C13: ='Begr.-Rechner int. Prod.'!C14 -> 30 | D13: =IF(ISERROR(C13*B13),0,C13*B13) -> 246.9 | E13: ='Begr.-Rechner int. Prod.'!E14 -> 0 | F13: =IF(ISERROR(E13*B13),0,(E13*B13)) -> 0 | G13: =IF(ISERROR(E13/C13),0,(E13/C13)) -> 0 | H13: =IF(ISERROR($I$2*E13),0,($I$2*E13)) -> 0 | I13: Leguminose | M13: nein | N13: ja | O13: =IF(E13>0,"ja","nein") -> nein | P13: =IF(O13="ja",I13,"") | S13: außerhalb Anlage 5 Gebiete | T13: =MIN(T11,T9) -> 60 | U13: =MIN(U11,U9) -> 0 | V13: =IF(AND(O13="ja",N13="ja"),1,"") | AB13: Malvengewächse
A14: Grünschnittroggen | B14: ='Begr.-Rechner int. Prod.'!B15 -> 1.92 | C14: ='Begr.-Rechner int. Prod.'!C15 -> 120 | D14: =IF(ISERROR(C14*B14),0,C14*B14) -> 230.4 | E14: ='Begr.-Rechner int. Prod.'!E15 -> 0 | F14: =IF(ISERROR(E14*B14),0,(E14*B14)) -> 0 | G14: =IF(ISERROR(E14/C14),0,(E14/C14)) -> 0 | H14: =IF(ISERROR($I$2*E14),0,($I$2*E14)) -> 0 | I14: Gräser | M14: ja | N14: nein | O14: =IF(E14>0,"ja","nein") -> nein | P14: =IF(O14="ja",I14,"") | V14: =IF(AND(O14="ja",N14="ja"),1,"") | AB14: Wasserblattgewächse
A15: Hanf | B15: ='Begr.-Rechner int. Prod.'!B16 -> 10.18 | C15: ='Begr.-Rechner int. Prod.'!C16 -> 40 | D15: =IF(ISERROR(C15*B15),0,C15*B15) -> 407.2 | E15: ='Begr.-Rechner int. Prod.'!E16 -> 0 | F15: =IF(ISERROR(E15*B15),0,(E15*B15)) -> 0 | G15: =IF(ISERROR(E15/C15),0,(E15/C15)) -> 0 | H15: =IF(ISERROR($I$2*E15),0,($I$2*E15)) -> 0 | I15: Hanfgewächse | M15: nein | N15: nein | O15: =IF(E15>0,"ja","nein") -> nein | P15: =IF(O15="ja",I15,"") | V15: =IF(AND(O15="ja",N15="ja"),1,"")
A16: Herbstrübe | B16: ='Begr.-Rechner int. Prod.'!B17 -> 9.98 | C16: ='Begr.-Rechner int. Prod.'!C17 -> 2 | D16: =IF(ISERROR(C16*B16),0,C16*B16) -> 19.96 | E16: ='Begr.-Rechner int. Prod.'!E17 -> 0 | F16: =IF(ISERROR(E16*B16),0,(E16*B16)) -> 0 | G16: =IF(ISERROR(E16/C16),0,(E16/C16)) -> 0 | H16: =IF(ISERROR($I$2*E16),0,($I$2*E16)) -> 0 | I16: Kreuzblütler | M16: nein | N16: ja | O16: =IF(E16>0,"ja","nein") -> nein | P16: =IF(O16="ja",I16,"") | V16: =IF(AND(O16="ja",N16="ja"),1,"")
A17: Hirse | B17: ='Begr.-Rechner int. Prod.'!B18 -> 4.03 | C17: ='Begr.-Rechner int. Prod.'!C18 -> 15 | D17: =IF(ISERROR(C17*B17),0,C17*B17) -> 60.45 | E17: ='Begr.-Rechner int. Prod.'!E18 -> 0 | F17: =IF(ISERROR(E17*B17),0,(E17*B17)) -> 0 | G17: =IF(ISERROR(E17/C17),0,(E17/C17)) -> 0 | H17: =IF(ISERROR($I$2*E17),0,($I$2*E17)) -> 0 | I17: Gräser | M17: nein | N17: nein | O17: =IF(E17>0,"ja","nein") -> nein | P17: =IF(O17="ja",I17,"") | V17: =IF(AND(O17="ja",N17="ja"),1,"")
A18: Hornklee | B18: ='Begr.-Rechner int. Prod.'!B19 -> 17.46 | C18: ='Begr.-Rechner int. Prod.'!C19 -> 20 | D18: =IF(ISERROR(C18*B18),0,C18*B18) -> 349.2 | E18: ='Begr.-Rechner int. Prod.'!E19 -> 0 | F18: =IF(ISERROR(E18*B18),0,(E18*B18)) -> 0 | G18: =IF(ISERROR(E18/C18),0,(E18/C18)) -> 0 | H18: =IF(ISERROR($I$2*E18),0,($I$2*E18)) -> 0 | I18: Leguminose | M18: nein | N18: ja | O18: =IF(E18>0,"ja","nein") -> nein | P18: =IF(O18="ja",I18,"") | V18: =IF(AND(O18="ja",N18="ja"),1,"")
A19: Inkarnatklee | B19: ='Begr.-Rechner int. Prod.'!B20 -> 3.21 | C19: ='Begr.-Rechner int. Prod.'!C20 -> 30 | D19: =IF(ISERROR(C19*B19),0,C19*B19) -> 96.3 | E19: ='Begr.-Rechner int. Prod.'!E20 -> 0 | F19: =IF(ISERROR(E19*B19),0,(E19*B19)) -> 0 | G19: =IF(ISERROR(E19/C19),0,(E19/C19)) -> 0 | H19: =IF(ISERROR($I$2*E19),0,($I$2*E19)) -> 0 | I19: Leguminose | M19: nein | N19: ja | O19: =IF(E19>0,"ja","nein") -> nein | P19: =IF(O19="ja",I19,"") | V19: =IF(AND(O19="ja",N19="ja"),1,"")
A20: Italienisches Raygras (Welsches Weidelgras) | B20: ='Begr.-Rechner int. Prod.'!B21 -> 2.72 | C20: ='Begr.-Rechner int. Prod.'!C21 -> 40 | D20: =IF(ISERROR(C20*B20),0,C20*B20) -> 108.8 | E20: ='Begr.-Rechner int. Prod.'!E21 -> 0 | F20: =IF(ISERROR(E20*B20),0,(E20*B20)) -> 0 | G20: =IF(ISERROR(E20/C20),0,(E20/C20)) -> 0 | H20: =IF(ISERROR($I$2*E20),0,($I$2*E20)) -> 0 | I20: Gräser | M20: nein | N20: nein | O20: =IF(E20>0,"ja","nein") -> nein | P20: =IF(O20="ja",I20,"") | V20: =IF(AND(O20="ja",N20="ja"),1,"")
A21: Kresse | B21: ='Begr.-Rechner int. Prod.'!B22 -> 4.92 | C21: ='Begr.-Rechner int. Prod.'!C22 -> 10 | D21: =IF(ISERROR(C21*B21),0,C21*B21) -> 49.2 | E21: ='Begr.-Rechner int. Prod.'!E22 -> 0 | F21: =IF(ISERROR(E21*B21),0,(E21*B21)) -> 0 | G21: =IF(ISERROR(E21/C21),0,(E21/C21)) -> 0 | H21: =IF(ISERROR($I$2*E21),0,($I$2*E21)) -> 0 | I21: Gräser | M21: nein | N21: ja | O21: =IF(E21>0,"ja","nein") -> nein | P21: =IF(O21="ja",I21,"") | V21: =IF(AND(O21="ja",N21="ja"),1,"")
A22: Kulturmalve | B22: ='Begr.-Rechner int. Prod.'!B23 -> 20.05 | C22: ='Begr.-Rechner int. Prod.'!C23 -> 12 | D22: =IF(ISERROR(C22*B22),0,C22*B22) -> 240.6 | E22: ='Begr.-Rechner int. Prod.'!E23 -> 0 | F22: =IF(ISERROR(E22*B22),0,(E22*B22)) -> 0 | G22: =IF(ISERROR(E22/C22),0,(E22/C22)) -> 0 | H22: =IF(ISERROR($I$2*E22),0,($I$2*E22)) -> 0 | I22: Malvengewächse | M22: nein | N22: ja | O22: =IF(E22>0,"ja","nein") -> nein | P22: =IF(O22="ja",I22,"") | V22: =IF(AND(O22="ja",N22="ja"),1,"")
A23: Leindotter | B23: ='Begr.-Rechner int. Prod.'!B24 -> 4.85 | C23: ='Begr.-Rechner int. Prod.'!C24 -> 10 | D23: =IF(ISERROR(C23*B23),0,C23*B23) -> 48.5 | E23: ='Begr.-Rechner int. Prod.'!E24 -> 0 | F23: =IF(ISERROR(E23*B23),0,(E23*B23)) -> 0 | G23: =IF(ISERROR(E23/C23),0,(E23/C23)) -> 0 | H23: =IF(ISERROR($I$2*E23),0,($I$2*E23)) -> 0 | I23: Kreuzblütler | M23: nein | N23: ja | O23: =IF(E23>0,"ja","nein") -> nein | P23: =IF(O23="ja",I23,"") | V23: =IF(AND(O23="ja",N23="ja"),1,"")
A24: Linse | B24: ='Begr.-Rechner int. Prod.'!B25 -> 5.51 | C24: ='Begr.-Rechner int. Prod.'!C25 -> 90 | D24: =IF(ISERROR(C24*B24),0,C24*B24) -> 495.9 | E24: ='Begr.-Rechner int. Prod.'!E25 -> 0 | F24: =IF(ISERROR(E24*B24),0,(E24*B24)) -> 0 | G24: =IF(ISERROR(E24/C24),0,(E24/C24)) -> 0 | H24: =IF(ISERROR($I$2*E24),0,($I$2*E24)) -> 0 | I24: Leguminose | M24: nein | N24: ja | O24: =IF(E24>0,"ja","nein") -> nein | P24: =IF(O24="ja",I24,"") | V24: =IF(AND(O24="ja",N24="ja"),1,"")
A25: Luzerne | B25: ='Begr.-Rechner int. Prod.'!B26 -> 7.91 | C25: ='Begr.-Rechner int. Prod.'!C26 -> 25 | D25: =IF(ISERROR(C25*B25),0,C25*B25) -> 197.75 | E25: ='Begr.-Rechner int. Prod.'!E26 -> 0 | F25: =IF(ISERROR(E25*B25),0,(E25*B25)) -> 0 | G25: =IF(ISERROR(E25/C25),0,(E25/C25)) -> 0 | H25: =IF(ISERROR($I$2*E25),0,($I$2*E25)) -> 0 | I25: Leguminose | M25: nein | N25: ja | O25: =IF(E25>0,"ja","nein") -> nein | P25: =IF(O25="ja",I25,"") | V25: =IF(AND(O25="ja",N25="ja"),1,"")
A26: Meliorationsrettich | B26: ='Begr.-Rechner int. Prod.'!B27 -> 7.8 | C26: ='Begr.-Rechner int. Prod.'!C27 -> 8 | D26: =IF(ISERROR(C26*B26),0,C26*B26) -> 62.4 | E26: ='Begr.-Rechner int. Prod.'!E27 -> 0 | F26: =IF(ISERROR(E26*B26),0,(E26*B26)) -> 0 | G26: =IF(ISERROR(E26/C26),0,(E26/C26)) -> 0 | H26: =IF(ISERROR($I$2*E26),0,($I$2*E26)) -> 0 | I26: Kreuzblütler | M26: nein | N26: ja | O26: =IF(E26>0,"ja","nein") -> nein | P26: =IF(O26="ja",I26,"") | V26: =IF(AND(O26="ja",N26="ja"),1,"")
... A54: Zwerghirse | B54: ='Begr.-Rechner int. Prod.'!B55 -> 5.83 | C54: ='Begr.-Rechner int. Prod.'!C55 -> 15 | D54: =IF(ISERROR(C54*B54),0,C54*B54) -> 87.45 | E54: ='Begr.-Rechner int. Prod.'!E55 -> 0 | F54: =IF(ISERROR(E54*B54),0,(E54*B54)) -> 0 | G54: =IF(ISERROR(E54/C54),0,(E54/C54)) -> 0 | H54: =IF(ISERROR($I$2*E54),0,($I$2*E54)) -> 0 | I54: Gräser | M54: nein | N54: nein | O54: =IF(E54>0,"ja","nein") -> nein | P54: =IF(O54="ja",I54,"") | V54: =IF(AND(O54="ja",N54="ja"),1,"")
A55: eigene Kultur 1 | B55: ='Begr.-Rechner int. Prod.'!B56 -> 0 | C55: ='Begr.-Rechner int. Prod.'!C56 -> 0 | D55: =IF(ISERROR(C55*B55),0,C55*B55) -> 0 | E55: ='Begr.-Rechner int. Prod.'!E56 -> 0 | F55: =IF(ISERROR(E55*B55),0,(E55*B55)) -> 0 | G55: =IF(ISERROR(E55/C55),0,(E55/C55)) -> 0 | H55: =IF(ISERROR($I$2*E55),0,($I$2*E55)) -> 0 | I55: =IF(AND('Begr.-Rechner int. Prod.'!I56="",O55="ja"),"keine Angabe",'Begr.-Rechner int. Prod.'!I56) -> 0 | M55: =IF('Begr.-Rechner int. Prod.'!$N56="","nein",IF('Begr.-Rechner int. Prod.'!$N56<>"","ja")) -> nein | N55: =IF(AND(O55="ja",'Begr.-Rechner int. Prod.'!I56<>""),'Begr.-Rechner int. Prod.'!L56,"") | O55: =IF(E55>0,"ja","nein") -> nein | P55: =IF(AND(O55="ja",I55<>"keine Angabe"),I55,IF(AND(O55="ja",I55="keine Angabe"),"","")) | V55: =IF(AND(O55="ja",N55="ja"),1,"")
A56: eigene Kultur 2 | B56: ='Begr.-Rechner int. Prod.'!B57 -> 0 | C56: ='Begr.-Rechner int. Prod.'!C57 -> 0 | D56: =IF(ISERROR(C56*B56),0,C56*B56) -> 0 | E56: ='Begr.-Rechner int. Prod.'!E57 -> 0 | F56: =IF(ISERROR(E56*B56),0,(E56*B56)) -> 0 | G56: =IF(ISERROR(E56/C56),0,(E56/C56)) -> 0 | H56: =IF(ISERROR($I$2*E56),0,($I$2*E56)) -> 0 | I56: =IF(AND('Begr.-Rechner int. Prod.'!I57="",O56="ja"),"keine Angabe",'Begr.-Rechner int. Prod.'!I57) -> 0 | M56: =IF('Begr.-Rechner int. Prod.'!$N57="","nein",IF('Begr.-Rechner int. Prod.'!$N57<>"","ja")) -> nein | N56: =IF(AND(O56="ja",'Begr.-Rechner int. Prod.'!I57<>""),'Begr.-Rechner int. Prod.'!L57,"") | O56: =IF(E56>0,"ja","nein") -> nein | P56: =IF(AND(O56="ja",I56<>"keine Angabe"),I56,IF(AND(O56="ja",I56="keine Angabe"),"","")) | V56: =IF(AND(O56="ja",N56="ja"),1,"")
A57: eigene Kultur 3 | B57: ='Begr.-Rechner int. Prod.'!B58 -> 0 | C57: ='Begr.-Rechner int. Prod.'!C58 -> 0 | D57: =IF(ISERROR(C57*B57),0,C57*B57) -> 0 | E57: ='Begr.-Rechner int. Prod.'!E58 -> 0 | F57: =IF(ISERROR(E57*B57),0,(E57*B57)) -> 0 | G57: =IF(ISERROR(E57/C57),0,(E57/C57)) -> 0 | H57: =IF(ISERROR($I$2*E57),0,($I$2*E57)) -> 0 | I57: =IF(AND('Begr.-Rechner int. Prod.'!I58="",O57="ja"),"keine Angabe",'Begr.-Rechner int. Prod.'!I58) -> 0 | M57: =IF('Begr.-Rechner int. Prod.'!$N58="","nein",IF('Begr.-Rechner int. Prod.'!$N58<>"","ja")) -> nein | N57: =IF(AND(O57="ja",'Begr.-Rechner int. Prod.'!I58<>""),'Begr.-Rechner int. Prod.'!L58,"") | O57: =IF(E57>0,"ja","nein") -> nein | P57: =IF(AND(O57="ja",I57<>"keine Angabe"),I57,IF(AND(O57="ja",I57="keine Angabe"),"","")) | V57: =IF(AND(O57="ja",N57="ja"),1,"")
A58: eigene Kultur 4 | B58: ='Begr.-Rechner int. Prod.'!B59 -> 0 | C58: ='Begr.-Rechner int. Prod.'!C59 -> 0 | D58: =IF(ISERROR(C58*B58),0,C58*B58) -> 0 | E58: ='Begr.-Rechner int. Prod.'!E59 -> 0 | F58: =IF(ISERROR(E58*B58),0,(E58*B58)) -> 0 | G58: =IF(ISERROR(E58/C58),0,(E58/C58)) -> 0 | H58: =IF(ISERROR($I$2*E58),0,($I$2*E58)) -> 0 | I58: =IF(AND('Begr.-Rechner int. Prod.'!I59="",O58="ja"),"keine Angabe",'Begr.-Rechner int. Prod.'!I59) -> 0 | M58: =IF('Begr.-Rechner int. Prod.'!$N59="","nein",IF('Begr.-Rechner int. Prod.'!$N59<>"","ja")) -> nein | N58: =IF(AND(O58="ja",'Begr.-Rechner int. Prod.'!I59<>""),'Begr.-Rechner int. Prod.'!L59,"") | O58: =IF(E58>0,"ja","nein") -> nein | P58: =IF(AND(O58="ja",I58<>"keine Angabe"),I58,IF(AND(O58="ja",I58="keine Angabe"),"","")) | V58: =IF(AND(O58="ja",N58="ja"),1,"")
A59: eigene Kultur 5 | B59: ='Begr.-Rechner int. Prod.'!B60 -> 0 | C59: ='Begr.-Rechner int. Prod.'!C60 -> 0 | D59: =IF(ISERROR(C59*B59),0,C59*B59) -> 0 | E59: ='Begr.-Rechner int. Prod.'!E60 -> 0 | F59: =IF(ISERROR(E59*B59),0,(E59*B59)) -> 0 | G59: =IF(ISERROR(E59/C59),0,(E59/C59)) -> 0 | H59: =IF(ISERROR($I$2*E59),0,($I$2*E59)) -> 0 | I59: =IF(AND('Begr.-Rechner int. Prod.'!I60="",O59="ja"),"keine Angabe",'Begr.-Rechner int. Prod.'!I60) -> 0 | M59: =IF('Begr.-Rechner int. Prod.'!$N60="","nein",IF('Begr.-Rechner int. Prod.'!$N60<>"","ja")) -> nein | N59: =IF(AND(O59="ja",'Begr.-Rechner int. Prod.'!I60<>""),'Begr.-Rechner int. Prod.'!L60,"") | O59: =IF(E59>0,"ja","nein") -> nein | P59: =IF(AND(O59="ja",I59<>"keine Angabe"),I59,IF(AND(O59="ja",I59="keine Angabe"),"","")) | V59: =IF(AND(O59="ja",N59="ja"),1,"")
A60: eigene Kultur 6 | B60: ='Begr.-Rechner int. Prod.'!B61 -> 0 | C60: ='Begr.-Rechner int. Prod.'!C61 -> 0 | D60: =IF(ISERROR(C60*B60),0,C60*B60) -> 0 | E60: ='Begr.-Rechner int. Prod.'!E61 -> 0 | F60: =IF(ISERROR(E60*B60),0,(E60*B60)) -> 0 | G60: =IF(ISERROR(E60/C60),0,(E60/C60)) -> 0 | H60: =IF(ISERROR($I$2*E60),0,($I$2*E60)) -> 0 | I60: =IF(AND('Begr.-Rechner int. Prod.'!I61="",O60="ja"),"keine Angabe",'Begr.-Rechner int. Prod.'!I61) -> 0 | M60: =IF('Begr.-Rechner int. Prod.'!$N61="","nein",IF('Begr.-Rechner int. Prod.'!$N61<>"","ja")) -> nein | N60: =IF(AND(O60="ja",'Begr.-Rechner int. Prod.'!I61<>""),'Begr.-Rechner int. Prod.'!L61,"") | O60: =IF(E60>0,"ja","nein") -> nein | P60: =IF(AND(O60="ja",I60<>"keine Angabe"),I60,IF(AND(O60="ja",I60="keine Angabe"),"","")) | V60: =IF(AND(O60="ja",N60="ja"),1,"")
A61: eigene Kultur 7 | B61: ='Begr.-Rechner int. Prod.'!B62 -> 0 | C61: ='Begr.-Rechner int. Prod.'!C62 -> 0 | D61: =IF(ISERROR(C61*B61),0,C61*B61) -> 0 | E61: ='Begr.-Rechner int. Prod.'!E62 -> 0 | F61: =IF(ISERROR(E61*B61),0,(E61*B61)) -> 0 | G61: =IF(ISERROR(E61/C61),0,(E61/C61)) -> 0 | H61: =IF(ISERROR($I$2*E61),0,($I$2*E61)) -> 0 | I61: =IF(AND('Begr.-Rechner int. Prod.'!I62="",O61="ja"),"keine Angabe",'Begr.-Rechner int. Prod.'!I62) -> 0 | M61: =IF('Begr.-Rechner int. Prod.'!$N62="","nein",IF('Begr.-Rechner int. Prod.'!$N62<>"","ja")) -> nein | N61: =IF(AND(O61="ja",'Begr.-Rechner int. Prod.'!I62<>""),'Begr.-Rechner int. Prod.'!L62,"") | O61: =IF(E61>0,"ja","nein") -> nein | P61: =IF(AND(O61="ja",I61<>"keine Angabe"),I61,IF(AND(O61="ja",I61="keine Angabe"),"","")) | V61: =IF(AND(O61="ja",N61="ja"),1,"")

Sheet Begr.-Rechner BIO
A1: Jahr 2024 | B1: Sie können hier den entsprechenden Preis eingeben - die vorausgefüllten Werte entsprechen Durchschnittswerten laut Preisspanne gem. Begrünungstabelle 2021 | C1: angeführte Werte sind Durchschnitts - bzw. Beispielwerte HIER können auch eigene Werte eingegeben werden | E1: MISCHUNGSBERECHNUNG | I1: =IF(OR($I$2="",$I$2=0),"bitte geben Sie HIER die Begrünungsfläche in ha an","Fläche in ha") -> bitte geben Sie HIER die Begrünungsfläche in ha an | J1: Menge in kg/ha geplant | K1: Kosten je ha in € | L1: Mischungs-anteil in % (=relative Saatstärke) | M1: ZUR ZUSAMMENFASSUNG ►
B2: Richtpreis/kg | C2: Reinsaat-menge | D2: Kosten/ha bei Reinsaat | E2: Menge/ha | F2: Kosten/ha in € | G2: Saatstärke in % der Reinsaat | H2: Menge in kg | J2: =SUM(E4:E38) -> 0 | K2: =SUM(F4:F38) -> 0 | L2: =SUM(G4:G38) -> 0
A3: Einzelkulturen | E3: ▼ | I3: Pflanzenfamilie | J3: relativer Leguminosenanteil: | L3: =IF('Zusammenfassung BIO'!$H$4=0,"0 %",'Zusammenfassung BIO'!H4) | M3: =IF(AND(L3>0.6,L3<>"0 %",J2>0),"ACHTUNG Vorfruchtwirkung beachten: ungenutzte ZWF > 60 % Leg.: 20 kg N genutzte ZWF > 60% Leg.: 10 kg N","")
A4: Alexandrinerklee BIO | B4: 5.66 | C4: 25 | D4: =IF(ISERROR(C4*B4),0,C4*B4) -> 141.5 | F4: =IF(ISERROR(E4*B4),0,(E4*B4)) -> 0 | G4: =IF(ISERROR(E4/C4),0,(E4/C4)) -> 0 | H4: =IF(ISERROR(ROUND($I$2*E4,1)),0,ROUND($I$2*E4,1)) -> 0 | I4: Leguminose | J4: Düngeobergrenzen im Herbst gem. NAPV:
A5: Buchweizen BIO | B5: 2.76 | C5: 70 | D5: =IF(ISERROR(C5*B5),0,C5*B5) -> 193.2 | F5: =IF(ISERROR(E5*B5),0,(E5*B5)) -> 0 | G5: =IF(ISERROR(E5/C5),0,(E5/C5)) -> 0 | H5: =IF(ISERROR(ROUND($I$2*E5,1)),0,ROUND($I$2*E5,1)) -> 0 | I5: Knöterichgewächse
A6: Einjähriges Raygras BIO | B6: 3.74 | C6: 40 | D6: =IF(ISERROR(C6*B6),0,C6*B6) -> 149.6 | F6: =IF(ISERROR(E6*B6),0,(E6*B6)) -> 0 | G6: =IF(ISERROR(E6/C6),0,(E6/C6)) -> 0 | H6: =IF(ISERROR(ROUND($I$2*E6,1)),0,ROUND($I$2*E6,1)) -> 0 | I6: Gräser | J6: =IF(L6="","Wirtschaftsdüngerart auswählen ►","genutzte Wirtschaftsdüngerart:") -> Wirtschaftsdüngerart auswählen ►
A7: Englisches Raygras BIO | B7: 6.26 | C7: 30 | D7: =IF(ISERROR(C7*B7),0,C7*B7) -> 187.8 | F7: =IF(ISERROR(E7*B7),0,(E7*B7)) -> 0 | G7: =IF(ISERROR(E7/C7),0,(E7/C7)) -> 0 | H7: =IF(ISERROR(ROUND($I$2*E7,1)),0,ROUND($I$2*E7,1)) -> 0 | I7: Gräser
A8: Esparsette BIO | B8: 7.59 | C8: 180 | D8: =IF(ISERROR(C8*B8),0,C8*B8) -> 1366.2 | F8: =IF(ISERROR(E8*B8),0,(E8*B8)) -> 0 | G8: =IF(ISERROR(E8/C8),0,(E8/C8)) -> 0 | H8: =IF(ISERROR(ROUND($I$2*E8,1)),0,ROUND($I$2*E8,1)) -> 0 | I8: Leguminose | J8: Düngeobergenze gem. NAPV: | L8: =IF(L6="",CONCATENATE('BIO (2)'!T13," kg N ab Lager"),CONCATENATE('BIO (2)'!T13," kg N ab Lager (",'BIO (2)'!U13," kg N jw)","")) -> 60 kg N ab Lager
A9: Futtererbse BIO | B9: 1.62 | C9: 160 | D9: =IF(ISERROR(C9*B9),0,C9*B9) -> 259.2 | F9: =IF(ISERROR(E9*B9),0,(E9*B9)) -> 0 | G9: =IF(ISERROR(E9/C9),0,(E9/C9)) -> 0 | H9: =IF(ISERROR(ROUND($I$2*E9,1)),0,ROUND($I$2*E9,1)) -> 0 | I9: Leguminose
A10: Hanf BIO | B10: 12.18 | C10: 40 | D10: =IF(ISERROR(C10*B10),0,C10*B10) -> 487.2 | F10: =IF(ISERROR(E10*B10),0,(E10*B10)) -> 0 | G10: =IF(ISERROR(E10/C10),0,(E10/C10)) -> 0 | H10: =IF(ISERROR(ROUND($I$2*E10,1)),0,ROUND($I$2*E10,1)) -> 0 | I10: Hanfgewächse | J10: Düngeobergenze in Nitratrisikogebieten gem. NAPV Anlage 5: | L10: =IF(L6="",CONCATENATE('BIO (2)'!T12," kg N ab Lager"),CONCATENATE('BIO (2)'!T12," kg N ab Lager (",'BIO (2)'!U12," kg N jw)","")) -> 60 kg N ab Lager
A11: Hirse BIO | B11: 4.25 | C11: 15 | D11: =IF(ISERROR(C11*B11),0,C11*B11) -> 63.75 | F11: =IF(ISERROR(E11*B11),0,(E11*B11)) -> 0 | G11: =IF(ISERROR(E11/C11),0,(E11/C11)) -> 0 | H11: =IF(ISERROR(ROUND($I$2*E11,1)),0,ROUND($I$2*E11,1)) -> 0 | I11: Gräser
A12: Hornklee BIO | B12: 21.3 | C12: 20 | D12: =IF(ISERROR(C12*B12),0,C12*B12) -> 426 | F12: =IF(ISERROR(E12*B12),0,(E12*B12)) -> 0 | G12: =IF(ISERROR(E12/C12),0,(E12/C12)) -> 0 | H12: =IF(ISERROR(ROUND($I$2*E12,1)),0,ROUND($I$2*E12,1)) -> 0 | I12: Leguminose | J12: Herbstdüngegrenze von 60 kg N ab Lager ab der Ernte der letzten Hauptkultur beachten
A13: Inkarnatklee BIO | B13: 4.48 | C13: 30 | D13: =IF(ISERROR(C13*B13),0,C13*B13) -> 134.4 | F13: =IF(ISERROR(E13*B13),0,(E13*B13)) -> 0 | G13: =IF(ISERROR(E13/C13),0,(E13/C13)) -> 0 | H13: =IF(ISERROR(ROUND($I$2*E13,1)),0,ROUND($I$2*E13,1)) -> 0 | I13: Leguminose
A14: Italienisches Raygras BIO | B14: 3.31 | C14: 40 | D14: =IF(ISERROR(C14*B14),0,C14*B14) -> 132.4 | F14: =IF(ISERROR(E14*B14),0,(E14*B14)) -> 0 | G14: =IF(ISERROR(E14/C14),0,(E14/C14)) -> 0 | H14: =IF(ISERROR(ROUND($I$2*E14,1)),0,ROUND($I$2*E14,1)) -> 0 | I14: Gräser
A15: Kresse BIO | B15: 11.5 | C15: 10 | D15: =IF(ISERROR(C15*B15),0,C15*B15) -> 115 | F15: =IF(ISERROR(E15*B15),0,(E15*B15)) -> 0 | G15: =IF(ISERROR(E15/C15),0,(E15/C15)) -> 0 | H15: =IF(ISERROR(ROUND($I$2*E15,1)),0,ROUND($I$2*E15,1)) -> 0 | I15: Kreuzblütler
A16: Leindotter BIO | B16: 8.87 | C16: 10 | D16: =IF(ISERROR(C16*B16),0,C16*B16) -> 88.7 | F16: =IF(ISERROR(E16*B16),0,(E16*B16)) -> 0 | G16: =IF(ISERROR(E16/C16),0,(E16/C16)) -> 0 | H16: =IF(ISERROR(ROUND($I$2*E16,1)),0,ROUND($I$2*E16,1)) -> 0 | I16: Kreuzblütler
A17: Linse BIO | B17: 5.31 | C17: 90 | D17: =IF(ISERROR(C17*B17),0,C17*B17) -> 477.9 | F17: =IF(ISERROR(E17*B17),0,(E17*B17)) -> 0 | G17: =IF(ISERROR(E17/C17),0,(E17/C17)) -> 0 | H17: =IF(ISERROR(ROUND($I$2*E17,1)),0,ROUND($I$2*E17,1)) -> 0 | I17: Leguminose
A18: Luzerne BIO | B18: 9.73 | C18: 25 | D18: =IF(ISERROR(C18*B18),0,C18*B18) -> 243.25 | F18: =IF(ISERROR(E18*B18),0,(E18*B18)) -> 0 | G18: =IF(ISERROR(E18/C18),0,(E18/C18)) -> 0 | H18: =IF(ISERROR(ROUND($I$2*E18,1)),0,ROUND($I$2*E18,1)) -> 0 | I18: Leguminose
A19: Meliorationsrettich BIO | B19: 9.15 | C19: 8 | D19: =IF(ISERROR(C19*B19),0,C19*B19) -> 73.2 | F19: =IF(ISERROR(E19*B19),0,(E19*B19)) -> 0 | G19: =IF(ISERROR(E19/C19),0,(E19/C19)) -> 0 | H19: =IF(ISERROR(ROUND($I$2*E19,1)),0,ROUND($I$2*E19,1)) -> 0 | I19: Kreuzblütler
A20: Ölrettich BIO | B20: 3.94 | C20: 20 | D20: =IF(ISERROR(C20*B20),0,C20*B20) -> 78.8 | F20: =IF(ISERROR(E20*B20),0,(E20*B20)) -> 0 | G20: =IF(ISERROR(E20/C20),0,(E20/C20)) -> 0 | H20: =IF(ISERROR(ROUND($I$2*E20,1)),0,ROUND($I$2*E20,1)) -> 0 | I20: Kreuzblütler
A21: Phazelie BIO | B21: 6.72 | C21: 12 | D21: =IF(ISERROR(C21*B21),0,C21*B21) -> 80.64 | F21: =IF(ISERROR(E21*B21),0,(E21*B21)) -> 0 | G21: =IF(ISERROR(E21/C21),0,(E21/C21)) -> 0 | H21: =IF(ISERROR(ROUND($I$2*E21,1)),0,ROUND($I$2*E21,1)) -> 0 | I21: Wasserblattgewächse
A22: Pigmentplatterbse BIO | B22: 3.3 | C22: 140 | D22: =IF(ISERROR(C22*B22),0,C22*B22) -> 462 | F22: =IF(ISERROR(E22*B22),0,(E22*B22)) -> 0 | G22: =IF(ISERROR(E22/C22),0,(E22/C22)) -> 0 | H22: =IF(ISERROR(ROUND($I$2*E22,1)),0,ROUND($I$2*E22,1)) -> 0 | I22: Leguminose
A23: Rotklee BIO | B23: 9.55 | C23: 25 | D23: =IF(ISERROR(C23*B23),0,C23*B23) -> 238.75 | F23: =IF(ISERROR(E23*B23),0,(E23*B23)) -> 0 | G23: =IF(ISERROR(E23/C23),0,(E23/C23)) -> 0 | H23: =IF(ISERROR(ROUND($I$2*E23,1)),0,ROUND($I$2*E23,1)) -> 0 | I23: Leguminose
A24: Saatplatterbse BIO | B24: 2.2 | C24: 150 | D24: =IF(ISERROR(C24*B24),0,C24*B24) -> 330 | F24: =IF(ISERROR(E24*B24),0,(E24*B24)) -> 0 | G24: =IF(ISERROR(E24/C24),0,(E24/C24)) -> 0 | H24: =IF(ISERROR(ROUND($I$2*E24,1)),0,ROUND($I$2*E24,1)) -> 0 | I24: Leguminose
... A31: Winterwicke Pannonisch BIO | B31: 3.02 | C31: 100 | D31: =IF(ISERROR(C31*B31),0,C31*B31) -> 302 | F31: =IF(ISERROR(E31*B31),0,(E31*B31)) -> 0 | G31: =IF(ISERROR(E31/C31),0,(E31/C31)) -> 0 | H31: =IF(ISERROR(ROUND($I$2*E31,1)),0,ROUND($I$2*E31,1)) -> 0 | I31: Leguminose
A32: eigene Kultur 1 | D32: =IF(ISERROR(C32*B32),0,C32*B32) -> 0 | F32: =IF(ISERROR(E32*B32),0,(E32*B32)) -> 0 | G32: =IF(ISERROR(E32/C32),0,(E32/C32)) -> 0 | H32: =IF(ISERROR(ROUND($I$2*E32,1)),0,ROUND($I$2*E32,1)) -> 0 | J32: insektenblütig JA / NEIN: | M32: Var 6 konform:
A33: eigene Kultur 2 | D33: =IF(ISERROR(C33*B33),0,C33*B33) -> 0 | F33: =IF(ISERROR(E33*B33),0,(E33*B33)) -> 0 | G33: =IF(ISERROR(E33/C33),0,(E33/C33)) -> 0 | H33: =IF(ISERROR(ROUND($I$2*E33,1)),0,ROUND($I$2*E33,1)) -> 0 | J33: insektenblütig JA / NEIN: | M33: Var 6 konform:
A34: eigene Kultur 3 | D34: =IF(ISERROR(C34*B34),0,C34*B34) -> 0 | F34: =IF(ISERROR(E34*B34),0,(E34*B34)) -> 0 | G34: =IF(ISERROR(E34/C34),0,(E34/C34)) -> 0 | H34: =IF(ISERROR(ROUND($I$2*E34,1)),0,ROUND($I$2*E34,1)) -> 0 | J34: insektenblütig JA / NEIN: | M34: Var 6 konform:
A35: eigene Kultur 4 | D35: =IF(ISERROR(C35*B35),0,C35*B35) -> 0 | F35: =IF(ISERROR(E35*B35),0,(E35*B35)) -> 0 | G35: =IF(ISERROR(E35/C35),0,(E35/C35)) -> 0 | H35: =IF(ISERROR(ROUND($I$2*E35,1)),0,ROUND($I$2*E35,1)) -> 0 | J35: insektenblütig JA / NEIN: | M35: Var 6 konform:
A36: eigene Kultur 5 | D36: =IF(ISERROR(C36*B36),0,C36*B36) -> 0 | F36: =IF(ISERROR(E36*B36),0,(E36*B36)) -> 0 | G36: =IF(ISERROR(E36/C36),0,(E36/C36)) -> 0 | H36: =IF(ISERROR(ROUND($I$2*E36,1)),0,ROUND($I$2*E36,1)) -> 0 | J36: insektenblütig JA / NEIN: | M36: Var 6 konform:
A37: eigene Kultur 6 | D37: =IF(ISERROR(C37*B37),0,C37*B37) -> 0 | F37: =IF(ISERROR(E37*B37),0,(E37*B37)) -> 0 | G37: =IF(ISERROR(E37/C37),0,(E37/C37)) -> 0 | H37: =IF(ISERROR(ROUND($I$2*E37,1)),0,ROUND($I$2*E37,1)) -> 0 | J37: insektenblütig JA / NEIN: | M37: Var 6 konform:
A38: eigene Kultur 7 | D38: =IF(ISERROR(C38*B38),0,C38*B38) -> 0 | F38: =IF(ISERROR(E38*B38),0,(E38*B38)) -> 0 | G38: =IF(ISERROR(E38/C38),0,(E38/C38)) -> 0 | H38: =IF(ISERROR(ROUND($I$2*E38,1)),0,ROUND($I$2*E38,1)) -> 0 | J38: insektenblütig JA / NEIN: | M38: Var 6 konform:

Sheet BIO (2)
A1: Jahr 2024 | B1: Sie können hier den entsprechenden Preis eingeben - die vorausgefüllten Werte entsprechen Durchschnittswerten laut Preisspanne gem. Begrünungstabelle 2021 | C1: angeführte Werte sind Durchschnitts - bzw. Beispielwerte HIER können auch eigene Werte eingegeben werden | E1: MISCHUNGSBERECHNUNG | I1: =IF($I$2="","bitte geben Sie HIER die Begrünungsfläche in ha an","Fläche in ha") -> Fläche in ha | J1: Menge in kg/ha geplant | K1: Kosten/ha in € | L1: Mischungs-anteil in % (=relative Saatstärke)
B2: Richtpreis/kg | C2: Reinsaat-menge | D2: Kosten/ha bei Reinsaat | E2: Menge/ha | F2: Kosten/ha in € | G2: Saatstärke in % der Reinsaat | H2: Menge in kg | I2: ='Begr.-Rechner BIO'!I2 -> 0 | J2: =SUM(E3:E37) -> 0 | K2: =SUM(F3:F37) -> 0 | L2: =SUM(G3:G37) -> 0 | M2: Var. 6 konform | N2: Insektenblütig | O2: In Begrünungsliste ausgewählt ? | P2: Familie ausgewählt | Q2: Var 6 konform | R2: Var 6 GSR, WE | S2: Anzahl Familien | T2: Anzahl Mischungspartner | U2: Summe Insektenblütige Mischungspartner | V2: Zählenn wenn insektenblütig | W2: Variante | X2: Mischungspartner | Y2: Anzahl Pflanzenfamilien | Z2: Mischung zu Variante Konform? | AB2: Familien Drop Down | AC2: Drop Down JA Nein insektenblütig | AD2: Drop Down JA Nein Var. 6 | AE2: Wirtschaftsdüngerart | AF2: JW Faktor | AG2: Ausbringverluste
A3: Alexandrinerklee BIO | B3: ='Begr.-Rechner BIO'!$B4 -> 5.66 | C3: ='Begr.-Rechner BIO'!C4 -> 25 | D3: =IF(ISERROR(C3*B3),0,C3*B3) -> 141.5 | E3: ='Begr.-Rechner BIO'!E4 -> 0 | F3: =IF(ISERROR(E3*B3),0,(E3*B3)) -> 0 | G3: =IF(ISERROR(E3/C3),0,(E3/C3)) -> 0 | H3: =IF(ISERROR($I$2*E3),0,($I$2*E3)) -> 0 | I3: ='Begr.-Rechner BIO'!$I4 -> Leguminose | K3: relativer Leguminosenanteil | M3: nein | N3: ja | O3: =IF(E3>0,"ja","nein") -> nein | P3: =IF(O3="ja",I3,"") | Q3: =COUNTIFS($M$3:$M$37,"ja",$O$3:$O$37,"ja") -> 0 | R3: =IF(AND($R$5>0,$R$4=0),"ja",IF(AND($R$5>0,$R$4>0),"nein",IF(AND($R$5=0,$R$4>0),"nein","nein"))) -> nein | S3: {=SUM(1/(COUNTIF(P3:P37,P3:P37)))-1} -> 0 | T3: =COUNTIF($O$3:$O$37,"ja") -> 0 | U3: =SUM($V$3:$V$38) -> 0 | V3: =IF(AND(O3="ja",N3="ja"),1,"") | W3: Variante 1 | X3: 5 | Y3: 2 | Z3: =IF(AND($U$3>=$X$3,$S$3>=$Y$3),"Var.1; ","")
A4: Buchweizen BIO | B4: ='Begr.-Rechner BIO'!$B5 -> 2.76 | C4: ='Begr.-Rechner BIO'!C5 -> 70 | D4: =IF(ISERROR(C4*B4),0,C4*B4) -> 193.2 | E4: ='Begr.-Rechner BIO'!E5 -> 0 | F4: =IF(ISERROR(E4*B4),0,(E4*B4)) -> 0 | G4: =IF(ISERROR(E4/C4),0,(E4/C4)) -> 0 | H4: =IF(ISERROR($I$2*E4),0,($I$2*E4)) -> 0 | I4: ='Begr.-Rechner BIO'!$I5 -> Knöterichgewächse | K4: ='Begr.-Rechner BIO'!L3 | M4: nein | N4: ja | O4: =IF(E4>0,"ja","nein") -> nein | P4: =IF(O4="ja",I4,"") | R4: =COUNTIFS($M$3:$M$37,"nein",$O$3:$O$37,"ja") -> 0 | V4: =IF(AND(O4="ja",N4="ja"),1,"") | W4: Variante 2 | X4: 3 | Y4: 3 | Z4: =IF(AND($T$3>=$X$4,$S$3>=$Y$4),"Var.2; ","") | AB4: Doldenblütler | AC4: Ja | AD4: Grünschnittroggen | AE4: Rindergülle | AF4: 0.7 | AG4: 0.87
A5: Einjähriges Raygras BIO | B5: ='Begr.-Rechner BIO'!$B6 -> 3.74 | C5: ='Begr.-Rechner BIO'!C6 -> 40 | D5: =IF(ISERROR(C5*B5),0,C5*B5) -> 149.6 | E5: ='Begr.-Rechner BIO'!E6 -> 0 | F5: =IF(ISERROR(E5*B5),0,(E5*B5)) -> 0 | G5: =IF(ISERROR(E5/C5),0,(E5/C5)) -> 0 | H5: =IF(ISERROR($I$2*E5),0,($I$2*E5)) -> 0 | I5: ='Begr.-Rechner BIO'!$I6 -> Gräser | M5: nein | N5: nein | O5: =IF(E5>0,"ja","nein") -> nein | P5: =IF(O5="ja",I5,"") | R5: =COUNTIFS($M$3:$M$37,"ja",$O$3:$O$37,"ja") -> 0 | V5: =IF(AND(O5="ja",N5="ja"),1,"") | W5: Variante 3 | X5: 3 | Y5: 2 | Z5: =IF(AND($T$3>=$X$5,$S$3>=$Y$5),"Var.3; ","") | AB5: Gänsefußgewächse | AC5: Nein | AD5: Pannonische Wicke | AE5: Schweinegülle | AF5: 0.8 | AG5: 0.87
A6: Englisches Raygras BIO | B6: ='Begr.-Rechner BIO'!$B7 -> 6.26 | C6: ='Begr.-Rechner BIO'!C7 -> 30 | D6: =IF(ISERROR(C6*B6),0,C6*B6) -> 187.8 | E6: ='Begr.-Rechner BIO'!E7 -> 0 | F6: =IF(ISERROR(E6*B6),0,(E6*B6)) -> 0 | G6: =IF(ISERROR(E6/C6),0,(E6/C6)) -> 0 | H6: =IF(ISERROR($I$2*E6),0,($I$2*E6)) -> 0 | I6: ='Begr.-Rechner BIO'!$I7 -> Gräser | M6: nein | N6: nein | O6: =IF(E6>0,"ja","nein") -> nein | P6: =IF(O6="ja",I6,"") | V6: =IF(AND(O6="ja",N6="ja"),1,"") | W6: Variante 4 | X6: 3 | Y6: 2 | Z6: =IF(AND($T$3>=$X$6,$S$3>=$Y$6),"Var.4; ","") | AB6: Gräser | AD6: Zottelwicke | AE6: Hühnergülle | AF6: 0.85 | AG6: 0.87
A7: Esparsette BIO | B7: ='Begr.-Rechner BIO'!$B8 -> 7.59 | C7: ='Begr.-Rechner BIO'!C8 -> 180 | D7: =IF(ISERROR(C7*B7),0,C7*B7) -> 1366.2 | E7: ='Begr.-Rechner BIO'!E8 -> 0 | F7: =IF(ISERROR(E7*B7),0,(E7*B7)) -> 0 | G7: =IF(ISERROR(E7/C7),0,(E7/C7)) -> 0 | H7: =IF(ISERROR($I$2*E7),0,($I$2*E7)) -> 0 | I7: ='Begr.-Rechner BIO'!$I8 -> Leguminose | M7: nein | N7: ja | O7: =IF(E7>0,"ja","nein") -> nein | P7: =IF(O7="ja",I7,"") | V7: =IF(AND(O7="ja",N7="ja"),1,"") | W7: Varainte 5 | X7: 3 | Y7: 2 | Z7: =IF(AND($T$3>=$X$7,$S$3>=$Y$7),"Var.5; ","") | AB7: Hanfgewächse | AD7: Winterackerbohne | AE7: Jauche | AF7: 1 | AG7: 0.87
A8: Futtererbse BIO | B8: ='Begr.-Rechner BIO'!$B9 -> 1.62 | C8: ='Begr.-Rechner BIO'!C9 -> 160 | D8: =IF(ISERROR(C8*B8),0,C8*B8) -> 259.2 | E8: ='Begr.-Rechner BIO'!E9 -> 0 | F8: =IF(ISERROR(E8*B8),0,(E8*B8)) -> 0 | G8: =IF(ISERROR(E8/C8),0,(E8/C8)) -> 0 | H8: =IF(ISERROR($I$2*E8),0,($I$2*E8)) -> 0 | I8: ='Begr.-Rechner BIO'!$I9 -> Leguminose | M8: ja | N8: ja | O8: =IF(E8>0,"ja","nein") -> nein | P8: =IF(O8="ja",I8,"") | Q8: Meldung zu Düngemöglichkeit | T8: Resultat ab Lager | U8: Resultat jw | V8: =IF(AND(O8="ja",N8="ja"),1,"") | W8: Variante 6 | Z8: =IF($R$3="ja","Var. 6 *","") | AB8: Knöterichgewächse | AD8: Wintererbse | AE8: Stallmist | AF8: 0.5 | AG8: 0.91
A9: Hanf BIO | B9: ='Begr.-Rechner BIO'!$B10 -> 12.18 | C9: ='Begr.-Rechner BIO'!C10 -> 40 | D9: =IF(ISERROR(C9*B9),0,C9*B9) -> 487.2 | E9: ='Begr.-Rechner BIO'!E10 -> 0 | F9: =IF(ISERROR(E9*B9),0,(E9*B9)) -> 0 | G9: =IF(ISERROR(E9/C9),0,(E9/C9)) -> 0 | H9: =IF(ISERROR($I$2*E9),0,($I$2*E9)) -> 0 | I9: ='Begr.-Rechner BIO'!$I10 -> Hanfgewächse | M9: nein | N9: nein | O9: =IF(E9>0,"ja","nein") -> nein | P9: =IF(O9="ja",I9,"") | Q9: =IF('Begr.-Rechner BIO'!J2=0,80,IF(K4>0,40,80)) -> 80 | R9: =IFERROR(IF('Begr.-Rechner BIO'!$L$6<>"",VLOOKUP('Begr.-Rechner BIO'!$L$6,'BIO (2)'!$AE$4:$AG$10,2,0),1),"") -> 1 | S9: =IFERROR(IF('Begr.-Rechner BIO'!$L$6<>"",VLOOKUP('Begr.-Rechner BIO'!$L$6,'BIO (2)'!$AE$4:$AG$10,3,0),1),"") -> 1 | T9: =IF('Begr.-Rechner BIO'!$L$6<>"",ROUND('BIO (2)'!Q9/'BIO (2)'!R9/'BIO (2)'!S9,1),60) -> 60 | U9: =IF('Begr.-Rechner BIO'!$L$6<>"",Q9,"") | V9: =IF(AND(O9="ja",N9="ja"),1,"") | W9: Variante 7 | X9: 3 | Y9: 2 | Z9: =IF(AND($T$3>=$X$9,$S$3>=$Y$9),"Var.7","") | AB9: Korbblütler | AD9: Winterrübse | AE9: Kompost | AF9: 0.1 | AG9: 0.91
A10: Hirse BIO | B10: ='Begr.-Rechner BIO'!$B11 -> 4.25 | C10: ='Begr.-Rechner BIO'!C11 -> 15 | D10: =IF(ISERROR(C10*B10),0,C10*B10) -> 63.75 | E10: ='Begr.-Rechner BIO'!E11 -> 0 | F10: =IF(ISERROR(E10*B10),0,(E10*B10)) -> 0 | G10: =IF(ISERROR(E10/C10),0,(E10/C10)) -> 0 | H10: =IF(ISERROR($I$2*E10),0,($I$2*E10)) -> 0 | I10: ='Begr.-Rechner BIO'!$I11 -> Gräser | M10: nein | N10: nein | O10: =IF(E10>0,"ja","nein") -> nein | P10: =IF(O10="ja",I10,"") | Q10: =IF('Begr.-Rechner BIO'!J2=0,70,IF(K4>0,30,70)) -> 70 | R10: =IFERROR(IF('Begr.-Rechner BIO'!$L$6<>"",VLOOKUP('Begr.-Rechner BIO'!$L$6,'BIO (2)'!$AE$4:$AG$10,2,0),1),"") -> 1 | S10: =IFERROR(IF('Begr.-Rechner BIO'!$L$6<>"",VLOOKUP('Begr.-Rechner BIO'!$L$6,'BIO (2)'!$AE$4:$AG$10,3,0),1),"") -> 1 | T10: =IF('Begr.-Rechner BIO'!$L$6<>"",ROUND('BIO (2)'!Q10/'BIO (2)'!R10/'BIO (2)'!S10,1),60) -> 60 | U10: =IF('Begr.-Rechner BIO'!$L$6<>"",Q10,"") | V10: =IF(AND(O10="ja",N10="ja"),1,"") | Z10: =IF(AND($Z3="",Z4="",Z5="",Z6="",Z7="",Z8=""),"keine ÖPUL Konformität gegeben","") -> keine ÖPUL Konformität gegeben | AB10: Kreuzblütler | AE10: Rottemist | AF10: 0.3 | AG10: 0.91
A11: Hornklee BIO | B11: ='Begr.-Rechner BIO'!$B12 -> 21.3 | C11: ='Begr.-Rechner BIO'!C12 -> 20 | D11: =IF(ISERROR(C11*B11),0,C11*B11) -> 426 | E11: ='Begr.-Rechner BIO'!E12 -> 0 | F11: =IF(ISERROR(E11*B11),0,(E11*B11)) -> 0 | G11: =IF(ISERROR(E11/C11),0,(E11/C11)) -> 0 | H11: =IF(ISERROR($I$2*E11),0,($I$2*E11)) -> 0 | I11: ='Begr.-Rechner BIO'!$I12 -> Leguminose | M11: nein | N11: ja | O11: =IF(E11>0,"ja","nein") -> nein | P11: =IF(O11="ja",I11,"") | Q11: 60 | R11: =IFERROR(IF('Begr.-Rechner BIO'!$L$6<>"",VLOOKUP('Begr.-Rechner BIO'!$L$6,'BIO (2)'!$AE$4:$AG$10,2,0),1),"") -> 1 | S11: =IFERROR(IF('Begr.-Rechner BIO'!$L$6<>"",VLOOKUP('Begr.-Rechner BIO'!$L$6,'BIO (2)'!$AE$4:$AG$10,3,0),1),"") -> 1 | T11: =IF('Begr.-Rechner BIO'!$L$6<>"",Q11,60) -> 60 | U11: =IF('Begr.-Rechner BIO'!$L$6<>"",ROUND('BIO (2)'!Q11*'BIO (2)'!R11*'BIO (2)'!S11,1),"") | V11: =IF(AND(O11="ja",N11="ja"),1,"") | AB11: Leguminose
A12: Inkarnatklee BIO | B12: ='Begr.-Rechner BIO'!$B13 -> 4.48 | C12: ='Begr.-Rechner BIO'!C13 -> 30 | D12: =IF(ISERROR(C12*B12),0,C12*B12) -> 134.4 | E12: ='Begr.-Rechner BIO'!E13 -> 0 | F12: =IF(ISERROR(E12*B12),0,(E12*B12)) -> 0 | G12: =IF(ISERROR(E12/C12),0,(E12/C12)) -> 0 | H12: =IF(ISERROR($I$2*E12),0,($I$2*E12)) -> 0 | I12: ='Begr.-Rechner BIO'!$I13 -> Leguminose | M12: nein | N12: ja | O12: =IF(E12>0,"ja","nein") -> nein | P12: =IF(O12="ja",I12,"") | S12: Anlage5 Gebiete | T12: =MIN($T$10:$T$11) -> 60 | U12: =MIN($U$10:$U$11) -> 0 | V12: =IF(AND(O12="ja",N12="ja"),1,"") | AB12: Leingewächse
A13: Italienisches Raygras BIO | B13: ='Begr.-Rechner BIO'!$B14 -> 3.31 | C13: ='Begr.-Rechner BIO'!C14 -> 40 | D13: =IF(ISERROR(C13*B13),0,C13*B13) -> 132.4 | E13: ='Begr.-Rechner BIO'!E14 -> 0 | F13: =IF(ISERROR(E13*B13),0,(E13*B13)) -> 0 | G13: =IF(ISERROR(E13/C13),0,(E13/C13)) -> 0 | H13: =IF(ISERROR($I$2*E13),0,($I$2*E13)) -> 0 | I13: ='Begr.-Rechner BIO'!$I14 -> Gräser | M13: nein | N13: nein | O13: =IF(E13>0,"ja","nein") -> nein | P13: =IF(O13="ja",I13,"") | S13: außerhalb Anlage 5 Gebiete | T13: =MIN(T11,T9) -> 60 | U13: =MIN(U11,U9) -> 0 | V13: =IF(AND(O13="ja",N13="ja"),1,"") | AB13: Malvengewächse
A14: Kresse BIO | B14: ='Begr.-Rechner BIO'!$B15 -> 11.5 | C14: ='Begr.-Rechner BIO'!C15 -> 10 | D14: =IF(ISERROR(C14*B14),0,C14*B14) -> 115 | E14: ='Begr.-Rechner BIO'!E15 -> 0 | F14: =IF(ISERROR(E14*B14),0,(E14*B14)) -> 0 | G14: =IF(ISERROR(E14/C14),0,(E14/C14)) -> 0 | H14: =IF(ISERROR($I$2*E14),0,($I$2*E14)) -> 0 | I14: ='Begr.-Rechner BIO'!$I15 -> Kreuzblütler | M14: nein | N14: ja | O14: =IF(E14>0,"ja","nein") -> nein | P14: =IF(O14="ja",I14,"") | V14: =IF(AND(O14="ja",N14="ja"),1,"") | AB14: Wasserblattgewächse
A15: Leindotter BIO | B15: ='Begr.-Rechner BIO'!$B16 -> 8.87 | C15: ='Begr.-Rechner BIO'!C16 -> 10 | D15: =IF(ISERROR(C15*B15),0,C15*B15) -> 88.7 | E15: ='Begr.-Rechner BIO'!E16 -> 0 | F15: =IF(ISERROR(E15*B15),0,(E15*B15)) -> 0 | G15: =IF(ISERROR(E15/C15),0,(E15/C15)) -> 0 | H15: =IF(ISERROR($I$2*E15),0,($I$2*E15)) -> 0 | I15: ='Begr.-Rechner BIO'!$I16 -> Kreuzblütler | M15: nein | N15: ja | O15: =IF(E15>0,"ja","nein") -> nein | P15: =IF(O15="ja",I15,"") | V15: =IF(AND(O15="ja",N15="ja"),1,"")
A16: Linse BIO | B16: ='Begr.-Rechner BIO'!$B17 -> 5.31 | C16: ='Begr.-Rechner BIO'!C17 -> 90 | D16: =IF(ISERROR(C16*B16),0,C16*B16) -> 477.9 | E16: ='Begr.-Rechner BIO'!E17 -> 0 | F16: =IF(ISERROR(E16*B16),0,(E16*B16)) -> 0 | G16: =IF(ISERROR(E16/C16),0,(E16/C16)) -> 0 | H16: =IF(ISERROR($I$2*E16),0,($I$2*E16)) -> 0 | I16: ='Begr.-Rechner BIO'!$I17 -> Leguminose | M16: nein | N16: ja | O16: =IF(E16>0,"ja","nein") -> nein | P16: =IF(O16="ja",I16,"") | V16: =IF(AND(O16="ja",N16="ja"),1,"")
A17: Luzerne BIO | B17: ='Begr.-Rechner BIO'!$B18 -> 9.73 | C17: ='Begr.-Rechner BIO'!C18 -> 25 | D17: =IF(ISERROR(C17*B17),0,C17*B17) -> 243.25 | E17: ='Begr.-Rechner BIO'!E18 -> 0 | F17: =IF(ISERROR(E17*B17),0,(E17*B17)) -> 0 | G17: =IF(ISERROR(E17/C17),0,(E17/C17)) -> 0 | H17: =IF(ISERROR($I$2*E17),0,($I$2*E17)) -> 0 | I17: ='Begr.-Rechner BIO'!$I18 -> Leguminose | M17: nein | N17: ja | O17: =IF(E17>0,"ja","nein") -> nein | P17: =IF(O17="ja",I17,"") | V17: =IF(AND(O17="ja",N17="ja"),1,"")
A18: Meliorationsrettich BIO | B18: ='Begr.-Rechner BIO'!$B19 -> 9.15 | C18: ='Begr.-Rechner BIO'!C19 -> 8 | D18: =IF(ISERROR(C18*B18),0,C18*B18) -> 73.2 | E18: ='Begr.-Rechner BIO'!E19 -> 0 | F18: =IF(ISERROR(E18*B18),0,(E18*B18)) -> 0 | G18: =IF(ISERROR(E18/C18),0,(E18/C18)) -> 0 | H18: =IF(ISERROR($I$2*E18),0,($I$2*E18)) -> 0 | I18: ='Begr.-Rechner BIO'!$I19 -> Kreuzblütler | M18: nein | N18: ja | O18: =IF(E18>0,"ja","nein") -> nein | P18: =IF(O18="ja",I18,"") | V18: =IF(AND(O18="ja",N18="ja"),1,"")
A19: Ölrettich BIO | B19: ='Begr.-Rechner BIO'!$B20 -> 3.94 | C19: ='Begr.-Rechner BIO'!C20 -> 20 | D19: =IF(ISERROR(C19*B19),0,C19*B19) -> 78.8 | E19: ='Begr.-Rechner BIO'!E20 -> 0 | F19: =IF(ISERROR(E19*B19),0,(E19*B19)) -> 0 | G19: =IF(ISERROR(E19/C19),0,(E19/C19)) -> 0 | H19: =IF(ISERROR($I$2*E19),0,($I$2*E19)) -> 0 | I19: ='Begr.-Rechner BIO'!$I20 -> Kreuzblütler | M19: nein | N19: ja | O19: =IF(E19>0,"ja","nein") -> nein | P19: =IF(O19="ja",I19,"") | V19: =IF(AND(O19="ja",N19="ja"),1,"")
A20: Phazelie BIO | B20: ='Begr.-Rechner BIO'!$B21 -> 6.72 | C20: ='Begr.-Rechner BIO'!C21 -> 12 | D20: =IF(ISERROR(C20*B20),0,C20*B20) -> 80.64 | E20: ='Begr.-Rechner BIO'!E21 -> 0 | F20: =IF(ISERROR(E20*B20),0,(E20*B20)) -> 0 | G20: =IF(ISERROR(E20/C20),0,(E20/C20)) -> 0 | H20: =IF(ISERROR($I$2*E20),0,($I$2*E20)) -> 0 | I20: ='Begr.-Rechner BIO'!$I21 -> Wasserblattgewächse | M20: nein | N20: ja | O20: =IF(E20>0,"ja","nein") -> nein | P20: =IF(O20="ja",I20,"") | V20: =IF(AND(O20="ja",N20="ja"),1,"")
A21: Pigmentplatterbse BIO | B21: ='Begr.-Rechner BIO'!$B22 -> 3.3 | C21: ='Begr.-Rechner BIO'!C22 -> 140 | D21: =IF(ISERROR(C21*B21),0,C21*B21) -> 462 | E21: ='Begr.-Rechner BIO'!E22 -> 0 | F21: =IF(ISERROR(E21*B21),0,(E21*B21)) -> 0 | G21: =IF(ISERROR(E21/C21),0,(E21/C21)) -> 0 | H21: =IF(ISERROR($I$2*E21),0,($I$2*E21)) -> 0 | I21: ='Begr.-Rechner BIO'!$I22 -> Leguminose | M21: ja | N21: nein | O21: =IF(E21>0,"ja","nein") -> nein | P21: =IF(O21="ja",I21,"") | V21: =IF(AND(O21="ja",N21="ja"),1,"")
A22: Rotklee BIO | B22: ='Begr.-Rechner BIO'!$B23 -> 9.55 | C22: ='Begr.-Rechner BIO'!C23 -> 25 | D22: =IF(ISERROR(C22*B22),0,C22*B22) -> 238.75 | E22: ='Begr.-Rechner BIO'!E23 -> 0 | F22: =IF(ISERROR(E22*B22),0,(E22*B22)) -> 0 | G22: =IF(ISERROR(E22/C22),0,(E22/C22)) -> 0 | H22: =IF(ISERROR($I$2*E22),0,($I$2*E22)) -> 0 | I22: ='Begr.-Rechner BIO'!$I23 -> Leguminose | M22: nein | N22: ja | O22: =IF(E22>0,"ja","nein") -> nein | P22: =IF(O22="ja",I22,"") | V22: =IF(AND(O22="ja",N22="ja"),1,"")
A23: Saatplatterbse BIO | B23: ='Begr.-Rechner BIO'!$B24 -> 2.2 | C23: ='Begr.-Rechner BIO'!C24 -> 150 | D23: =IF(ISERROR(C23*B23),0,C23*B23) -> 330 | E23: ='Begr.-Rechner BIO'!E24 -> 0 | F23: =IF(ISERROR(E23*B23),0,(E23*B23)) -> 0 | G23: =IF(ISERROR(E23/C23),0,(E23/C23)) -> 0 | H23: =IF(ISERROR($I$2*E23),0,($I$2*E23)) -> 0 | I23: ='Begr.-Rechner BIO'!$I24 -> Leguminose | M23: ja | N23: ja | O23: =IF(E23>0,"ja","nein") -> nein | P23: =IF(O23="ja",I23,"") | V23: =IF(AND(O23="ja",N23="ja"),1,"")
A24: Saatwicke BIO | B24: ='Begr.-Rechner BIO'!$B25 -> 3.165 | C24: ='Begr.-Rechner BIO'!C25 -> 130 | D24: =IF(ISERROR(C24*B24),0,C24*B24) -> 411.45 | E24: ='Begr.-Rechner BIO'!E25 -> 0 | F24: =IF(ISERROR(E24*B24),0,(E24*B24)) -> 0 | G24: =IF(ISERROR(E24/C24),0,(E24/C24)) -> 0 | H24: =IF(ISERROR($I$2*E24),0,($I$2*E24)) -> 0 | I24: ='Begr.-Rechner BIO'!$I25 -> Leguminose | M24: nein | N24: ja | O24: =IF(E24>0,"ja","nein") -> nein | P24: =IF(O24="ja",I24,"") | V24: =IF(AND(O24="ja",N24="ja"),1,"")
A25: Senf BIO | B25: ='Begr.-Rechner BIO'!$B26 -> 2.99 | C25: ='Begr.-Rechner BIO'!C26 -> 15 | D25: =IF(ISERROR(C25*B25),0,C25*B25) -> 44.85 | E25: ='Begr.-Rechner BIO'!E26 -> 0 | F25: =IF(ISERROR(E25*B25),0,(E25*B25)) -> 0 | G25: =IF(ISERROR(E25/C25),0,(E25/C25)) -> 0 | H25: =IF(ISERROR($I$2*E25),0,($I$2*E25)) -> 0 | I25: ='Begr.-Rechner BIO'!$I26 -> Kreuzblütler | M25: nein | N25: ja | O25: =IF(E25>0,"ja","nein") -> nein | P25: =IF(O25="ja",I25,"") | V25: =IF(AND(O25="ja",N25="ja"),1,"")
A26: Sudangras BIO | B26: ='Begr.-Rechner BIO'!$B27 -> 3.77 | C26: ='Begr.-Rechner BIO'!C27 -> 25 | D26: =IF(ISERROR(C26*B26),0,C26*B26) -> 94.25 | E26: ='Begr.-Rechner BIO'!E27 -> 0 | F26: =IF(ISERROR(E26*B26),0,(E26*B26)) -> 0 | G26: =IF(ISERROR(E26/C26),0,(E26/C26)) -> 0 | H26: =IF(ISERROR($I$2*E26),0,($I$2*E26)) -> 0 | I26: ='Begr.-Rechner BIO'!$I27 -> Gräser | M26: nein | N26: nein | O26: =IF(E26>0,"ja","nein") -> nein | P26: =IF(O26="ja",I26,"") | V26: =IF(AND(O26="ja",N26="ja"),1,"")
... A30: Winterwicke Pannonisch BIO | B30: ='Begr.-Rechner BIO'!$B31 -> 3.02 | C30: ='Begr.-Rechner BIO'!C31 -> 100 | D30: =IF(ISERROR(C30*B30),0,C30*B30) -> 302 | E30: ='Begr.-Rechner BIO'!E31 -> 0 | F30: =IF(ISERROR(E30*B30),0,(E30*B30)) -> 0 | G30: =IF(ISERROR(E30/C30),0,(E30/C30)) -> 0 | H30: =IF(ISERROR($I$2*E30),0,($I$2*E30)) -> 0 | I30: ='Begr.-Rechner BIO'!$I31 -> Leguminose | M30: ja | N30: ja | O30: =IF(E30>0,"ja","nein") -> nein | P30: =IF(O30="ja",I30,"") | V30: =IF(AND(O30="ja",N30="ja"),1,"")
A31: ='Begr.-Rechner BIO'!$A32 -> eigene Kultur 1 | B31: ='Begr.-Rechner BIO'!$B32 -> 0 | C31: ='Begr.-Rechner BIO'!C32 -> 0 | D31: =IF(ISERROR(C31*B31),0,C31*B31) -> 0 | E31: ='Begr.-Rechner BIO'!E32 -> 0 | F31: =IF(ISERROR(E31*B31),0,(E31*B31)) -> 0 | G31: =IF(ISERROR(E31/C31),0,(E31/C31)) -> 0 | H31: =IF(ISERROR($I$2*E31),0,($I$2*E31)) -> 0 | I31: =IF(AND('Begr.-Rechner BIO'!I32="",O31="ja"),"keine Angabe",'Begr.-Rechner BIO'!I32) -> 0 | M31: =IF('Begr.-Rechner BIO'!$N32="","nein",IF('Begr.-Rechner BIO'!$N32<>"","ja")) -> nein | N31: =IF(AND(O31="ja",'Begr.-Rechner BIO'!I32<>""),'Begr.-Rechner BIO'!L32,"") | O31: =IF(E31>0,"ja","nein") -> nein | P31: =IF(AND(O31="ja",I31<>"keine Angabe"),I31,IF(AND(I31="keine Angabe",O31="ja"),"","")) | V31: =IF(AND(O31="ja",N31="ja"),1,"")
A32: ='Begr.-Rechner BIO'!$A33 -> eigene Kultur 2 | B32: ='Begr.-Rechner BIO'!$B33 -> 0 | C32: ='Begr.-Rechner BIO'!C33 -> 0 | D32: =IF(ISERROR(C32*B32),0,C32*B32) -> 0 | E32: ='Begr.-Rechner BIO'!E33 -> 0 | F32: =IF(ISERROR(E32*B32),0,(E32*B32)) -> 0 | G32: =IF(ISERROR(E32/C32),0,(E32/C32)) -> 0 | H32: =IF(ISERROR($I$2*E32),0,($I$2*E32)) -> 0 | I32: =IF(AND('Begr.-Rechner BIO'!I33="",O32="ja"),"keine Angabe",'Begr.-Rechner BIO'!I33) -> 0 | M32: =IF('Begr.-Rechner BIO'!$N33="","nein",IF('Begr.-Rechner BIO'!$N33<>"","ja")) -> nein | N32: =IF(AND(O32="ja",'Begr.-Rechner BIO'!I33<>""),'Begr.-Rechner BIO'!L33,"") | O32: =IF(E32>0,"ja","nein") -> nein | P32: =IF(AND(O32="ja",I32<>"keine Angabe"),I32,IF(AND(I32="keine Angabe",O32="ja"),"","")) | V32: =IF(AND(O32="ja",N32="ja"),1,"")
A33: ='Begr.-Rechner BIO'!$A34 -> eigene Kultur 3 | B33: ='Begr.-Rechner BIO'!$B34 -> 0 | C33: ='Begr.-Rechner BIO'!C34 -> 0 | D33: =IF(ISERROR(C33*B33),0,C33*B33) -> 0 | E33: ='Begr.-Rechner BIO'!E34 -> 0 | F33: =IF(ISERROR(E33*B33),0,(E33*B33)) -> 0 | G33: =IF(ISERROR(E33/C33),0,(E33/C33)) -> 0 | H33: =IF(ISERROR($I$2*E33),0,($I$2*E33)) -> 0 | I33: =IF(AND('Begr.-Rechner BIO'!I34="",O33="ja"),"keine Angabe",'Begr.-Rechner BIO'!I34) -> 0 | M33: =IF('Begr.-Rechner BIO'!$N34="","nein",IF('Begr.-Rechner BIO'!$N34<>"","ja")) -> nein | N33: =IF(AND(O33="ja",'Begr.-Rechner BIO'!I34<>""),'Begr.-Rechner BIO'!L34,"") | O33: =IF(E33>0,"ja","nein") -> nein | P33: =IF(AND(O33="ja",I33<>"keine Angabe"),I33,IF(AND(I33="keine Angabe",O33="ja"),"","")) | V33: =IF(AND(O33="ja",N33="ja"),1,"")
A34: ='Begr.-Rechner BIO'!$A35 -> eigene Kultur 4 | B34: ='Begr.-Rechner BIO'!$B35 -> 0 | C34: ='Begr.-Rechner BIO'!C35 -> 0 | D34: =IF(ISERROR(C34*B34),0,C34*B34) -> 0 | E34: ='Begr.-Rechner BIO'!E35 -> 0 | F34: =IF(ISERROR(E34*B34),0,(E34*B34)) -> 0 | G34: =IF(ISERROR(E34/C34),0,(E34/C34)) -> 0 | H34: =IF(ISERROR($I$2*E34),0,($I$2*E34)) -> 0 | I34: =IF(AND('Begr.-Rechner BIO'!I35="",O34="ja"),"keine Angabe",'Begr.-Rechner BIO'!I35) -> 0 | M34: =IF('Begr.-Rechner BIO'!$N35="","nein",IF('Begr.-Rechner BIO'!$N35<>"","ja")) -> nein | N34: =IF(AND(O34="ja",'Begr.-Rechner BIO'!I35<>""),'Begr.-Rechner BIO'!L35,"") | O34: =IF(E34>0,"ja","nein") -> nein | P34: =IF(AND(O34="ja",I34<>"keine Angabe"),I34,IF(AND(I34="keine Angabe",O34="ja"),"","")) | V34: =IF(AND(O34="ja",N34="ja"),1,"")
A35: ='Begr.-Rechner BIO'!$A36 -> eigene Kultur 5 | B35: ='Begr.-Rechner BIO'!$B36 -> 0 | C35: ='Begr.-Rechner BIO'!C36 -> 0 | D35: =IF(ISERROR(C35*B35),0,C35*B35) -> 0 | E35: ='Begr.-Rechner BIO'!E36 -> 0 | F35: =IF(ISERROR(E35*B35),0,(E35*B35)) -> 0 | G35: =IF(ISERROR(E35/C35),0,(E35/C35)) -> 0 | H35: =IF(ISERROR($I$2*E35),0,($I$2*E35)) -> 0 | I35: =IF(AND('Begr.-Rechner BIO'!I36="",O35="ja"),"keine Angabe",'Begr.-Rechner BIO'!I36) -> 0 | M35: =IF('Begr.-Rechner BIO'!$N36="","nein",IF('Begr.-Rechner BIO'!$N36<>"","ja")) -> nein | N35: =IF(AND(O35="ja",'Begr.-Rechner BIO'!I36<>""),'Begr.-Rechner BIO'!L36,"") | O35: =IF(E35>0,"ja","nein") -> nein | P35: =IF(AND(O35="ja",I35<>"keine Angabe"),I35,IF(AND(I35="keine Angabe",O35="ja"),"","")) | V35: =IF(AND(O35="ja",N35="ja"),1,"")
A36: ='Begr.-Rechner BIO'!$A37 -> eigene Kultur 6 | B36: ='Begr.-Rechner BIO'!$B37 -> 0 | C36: ='Begr.-Rechner BIO'!C37 -> 0 | D36: =IF(ISERROR(C36*B36),0,C36*B36) -> 0 | E36: ='Begr.-Rechner BIO'!E37 -> 0 | F36: =IF(ISERROR(E36*B36),0,(E36*B36)) -> 0 | G36: =IF(ISERROR(E36/C36),0,(E36/C36)) -> 0 | H36: =IF(ISERROR($I$2*E36),0,($I$2*E36)) -> 0 | I36: =IF(AND('Begr.-Rechner BIO'!I37="",O36="ja"),"keine Angabe",'Begr.-Rechner BIO'!I37) -> 0 | M36: =IF('Begr.-Rechner BIO'!$N37="","nein",IF('Begr.-Rechner BIO'!$N37<>"","ja")) -> nein | N36: =IF(AND(O36="ja",'Begr.-Rechner BIO'!I37<>""),'Begr.-Rechner BIO'!L37,"") | O36: =IF(E36>0,"ja","nein") -> nein | P36: =IF(AND(O36="ja",I36<>"keine Angabe"),I36,IF(AND(I36="keine Angabe",O36="ja"),"","")) | V36: =IF(AND(O36="ja",N36="ja"),1,"")
A37: ='Begr.-Rechner BIO'!$A38 -> eigene Kultur 7 | B37: ='Begr.-Rechner BIO'!$B38 -> 0 | C37: ='Begr.-Rechner BIO'!C38 -> 0 | D37: =IF(ISERROR(C37*B37),0,C37*B37) -> 0 | E37: ='Begr.-Rechner BIO'!E38 -> 0 | F37: =IF(ISERROR(E37*B37),0,(E37*B37)) -> 0 | G37: =IF(ISERROR(E37/C37),0,(E37/C37)) -> 0 | H37: =IF(ISERROR($I$2*E37),0,($I$2*E37)) -> 0 | I37: =IF(AND('Begr.-Rechner BIO'!I38="",O37="ja"),"keine Angabe",'Begr.-Rechner BIO'!I38) -> 0 | M37: =IF('Begr.-Rechner BIO'!$N38="","nein",IF('Begr.-Rechner BIO'!$N38<>"","ja")) -> nein | N37: =IF(AND(O37="ja",'Begr.-Rechner BIO'!I38<>""),'Begr.-Rechner BIO'!L38,"") | O37: =IF(E37>0,"ja","nein") -> nein | P37: =IF(AND(O37="ja",I37<>"keine Angabe"),I37,IF(AND(I37="keine Angabe",O37="ja"),"","")) | V37: =IF(AND(O37="ja",N37="ja"),1,"")
V38: =IF(AND(O38="ja",N38="ja"),1,"")

Sheet Zusammenfassung BIO
A1: Zusammenfassung der gewählten Kulturen / Mischungen | J1: ZURÜCK ZUM BEGRÜNUNGSRECHNER BIO ◄ | L1: ◄ ZURÜCK ZUR STARTSEITE / BEDIENUNGSANLEITUNG
A3: Fläche in ha | B3: Menge in kg/ha geplant | C3: Kosten/ha | D3: Mischungs-anteil in % (=relative Saatstärke) | E3: =CONCATENATE("Kosten in € für die Gesamtfläche von ",'Begr.-Rechner BIO'!I2," ha") -> Kosten in € für die Gesamtfläche von ha | F3: geeignet für ÖPUL Begrünungsvarianten gem. ÖPUL 2023 | H3: Mischungsanteil Leguminosen (relativer Reinsaatanteil)
A4: =IF('Begr.-Rechner BIO'!$I$2<>"",CONCATENATE('Begr.-Rechner BIO'!$I$2," ha"),"") | B4: =IF('Begr.-Rechner BIO'!$J$2>0,CONCATENATE('Begr.-Rechner BIO'!$J$2, " kg/ha"),"") | C4: =IF('Begr.-Rechner BIO'!$K$2>0,CONCATENATE('Begr.-Rechner BIO'!$K$2," €"),"") | D4: =IF('Begr.-Rechner BIO'!$L$2>0,'Begr.-Rechner BIO'!$L$2,"") | E4: =IF(SUM(F7:F27)>0,CONCATENATE(SUM(F7:F27)," €"),"") | F4: =IF(AND('BIO (2)'!Z3="",'BIO (2)'!Z4="",'BIO (2)'!Z5="",'BIO (2)'!Z6="",'BIO (2)'!Z7="",'BIO (2)'!Z8="",'BIO (2)'!Z9="",'BIO (2)'!J2>0),'BIO (2)'!Z10,CONCATENATE('BIO (2)'!Z3,'BIO (2)'!Z4,'BIO (2)'!Z5,'BIO (2)'!Z6,'BIO (2)'!Z7,'BIO (2)'!Z8,'BIO (2)'!Z9)) | H4: =IF(AND($D4>0,$P$40=0),$P$40,IF(AND($D4>0,$P$40>0),$P$40,"")) | J4: =IF('BIO (2)'!$R$3="ja","* zulässige Begrünungskulturen gem. Variante 6 beachten: - Grünschnittroggen nach Saatgutgesetz, - Wintererbse lt. Saatgutgesetz, - Pannonische Wicke, Zottelwicke, Winterackerbohne, Winterrübsen (inkl. Perko)","")
A6: Kulturbezeichnung | B6: Menge/ha | C6: Kosten/ha in € | D6: Saatstärke in % der Reinsaat | E6: Saatgutmenge je Kultur bzw. Mischung in kg | F6: Kosten je Kultur | G6: Pflanzenfamilie | H6: Zulässige Düngung im Herbst:
A7: {=IFERROR(INDEX('BIO (2)'!A:A,SMALL(IF('BIO (2)'!$E$3:$E$39>0,ROW($3:$38)),ROW(A1))),"")} | B7: {=IFERROR(INDEX('BIO (2)'!E:E,SMALL(IF('BIO (2)'!$E$3:$E$39>0,ROW($3:$38)),ROW(A1))),"")} | C7: {=IFERROR(INDEX('BIO (2)'!F:F,SMALL(IF('BIO (2)'!$E$3:$E$39>0,ROW($3:$38)),ROW(A1))),"")} | D7: {=IFERROR(INDEX('BIO (2)'!G:G,SMALL(IF('BIO (2)'!$E$3:$E$39>0,ROW($3:$38)),ROW(A1))),"")} | E7: {=IFERROR(INDEX('BIO (2)'!H:H,SMALL(IF('BIO (2)'!$E$3:$E$39>0,ROW($3:$38)),ROW(A1))),"")} | F7: =IF(A7="","",C7*'Begr.-Rechner BIO'!$I$2) | G7: =IFERROR(VLOOKUP(A7,'BIO (2)'!A3:I37,9,0),IF('BIO (2)'!I3="","","")) | H7: Düngeobergenze gem. NAPV: | I7: ='Begr.-Rechner BIO'!L8 -> 60 kg N ab Lager | J7: =IF(AND(H4>0.6,'Begr.-Rechner BIO'!J2>0),"ACHTUNG Vorfruchtwirkung beachten: ungenutzte ZWF > 60 % Leguminosenanteil: 20 kg genutzte ZWF > 60% Leguminosenanteil: 10 kg N HINWEIS: es zählt Bestand am Feld, dieser Hinweis ist ausschließlich als Orientierungshilfe zu sehen.","") | O7: =IF($G7="Leguminose",D7,0) -> 0
A8: {=IFERROR(INDEX('BIO (2)'!A:A,SMALL(IF('BIO (2)'!$E$3:$E$39>0,ROW($3:$38)),ROW(A2))),"")} | B8: {=IFERROR(INDEX('BIO (2)'!E:E,SMALL(IF('BIO (2)'!$E$3:$E$39>0,ROW($3:$38)),ROW(A2))),"")} | C8: {=IFERROR(INDEX('BIO (2)'!F:F,SMALL(IF('BIO (2)'!$E$3:$E$39>0,ROW($3:$38)),ROW(A2))),"")} | D8: {=IFERROR(INDEX('BIO (2)'!G:G,SMALL(IF('BIO (2)'!$E$3:$E$39>0,ROW($3:$38)),ROW(A2))),"")} | E8: {=IFERROR(INDEX('BIO (2)'!H:H,SMALL(IF('BIO (2)'!$E$3:$E$39>0,ROW($3:$38)),ROW(A2))),"")} | F8: =IF(A8="","",C8*'Begr.-Rechner BIO'!$I$2) | G8: =IFERROR(VLOOKUP(A8,'BIO (2)'!A4:I38,9,0),IF('BIO (2)'!I4="","","")) | O8: =IF($G8="Leguminose",D8,0) -> 0
A9: {=IFERROR(INDEX('BIO (2)'!A:A,SMALL(IF('BIO (2)'!$E$3:$E$39>0,ROW($3:$38)),ROW(A3))),"")} | B9: {=IFERROR(INDEX('BIO (2)'!E:E,SMALL(IF('BIO (2)'!$E$3:$E$39>0,ROW($3:$38)),ROW(A3))),"")} | C9: {=IFERROR(INDEX('BIO (2)'!F:F,SMALL(IF('BIO (2)'!$E$3:$E$39>0,ROW($3:$38)),ROW(A3))),"")} | D9: {=IFERROR(INDEX('BIO (2)'!G:G,SMALL(IF('BIO (2)'!$E$3:$E$39>0,ROW($3:$38)),ROW(A3))),"")} | E9: {=IFERROR(INDEX('BIO (2)'!H:H,SMALL(IF('BIO (2)'!$E$3:$E$39>0,ROW($3:$38)),ROW(A3))),"")} | F9: =IF(A9="","",C9*'Begr.-Rechner BIO'!$I$2) | G9: =IFERROR(VLOOKUP(A9,'BIO (2)'!A5:I39,9,0),IF('BIO (2)'!I5="","","")) | H9: Düngeobergenze in Nitratrisikogebieten gem. NAPV Anlage 5: | I9: ='Begr.-Rechner BIO'!L10 -> 60 kg N ab Lager | O9: =IF($G9="Leguminose",D9,0) -> 0
A10: {=IFERROR(INDEX('BIO (2)'!A:A,SMALL(IF('BIO (2)'!$E$3:$E$39>0,ROW($3:$38)),ROW(A4))),"")} | B10: {=IFERROR(INDEX('BIO (2)'!E:E,SMALL(IF('BIO (2)'!$E$3:$E$39>0,ROW($3:$38)),ROW(A4))),"")} | C10: {=IFERROR(INDEX('BIO (2)'!F:F,SMALL(IF('BIO (2)'!$E$3:$E$39>0,ROW($3:$38)),ROW(A4))),"")} | D10: {=IFERROR(INDEX('BIO (2)'!G:G,SMALL(IF('BIO (2)'!$E$3:$E$39>0,ROW($3:$38)),ROW(A4))),"")} | E10: {=IFERROR(INDEX('BIO (2)'!H:H,SMALL(IF('BIO (2)'!$E$3:$E$39>0,ROW($3:$38)),ROW(A4))),"")} | F10: =IF(A10="","",C10*'Begr.-Rechner BIO'!$I$2) | G10: =IFERROR(VLOOKUP(A10,'BIO (2)'!A6:I40,9,0),IF('BIO (2)'!I6="","","")) | O10: =IF($G10="Leguminose",D10,0) -> 0
A11: {=IFERROR(INDEX('BIO (2)'!A:A,SMALL(IF('BIO (2)'!$E$3:$E$39>0,ROW($3:$38)),ROW(A5))),"")} | B11: {=IFERROR(INDEX('BIO (2)'!E:E,SMALL(IF('BIO (2)'!$E$3:$E$39>0,ROW($3:$38)),ROW(A5))),"")} | C11: {=IFERROR(INDEX('BIO (2)'!F:F,SMALL(IF('BIO (2)'!$E$3:$E$39>0,ROW($3:$38)),ROW(A5))),"")} | D11: {=IFERROR(INDEX('BIO (2)'!G:G,SMALL(IF('BIO (2)'!$E$3:$E$39>0,ROW($3:$38)),ROW(A5))),"")} | E11: {=IFERROR(INDEX('BIO (2)'!H:H,SMALL(IF('BIO (2)'!$E$3:$E$39>0,ROW($3:$38)),ROW(A5))),"")} | F11: =IF(A11="","",C11*'Begr.-Rechner BIO'!$I$2) | G11: =IFERROR(VLOOKUP(A11,'BIO (2)'!A7:I41,9,0),IF('BIO (2)'!I7="","","")) | O11: =IF($G11="Leguminose",D11,0) -> 0
A12: {=IFERROR(INDEX('BIO (2)'!A:A,SMALL(IF('BIO (2)'!$E$3:$E$39>0,ROW($3:$38)),ROW(A6))),"")} | B12: {=IFERROR(INDEX('BIO (2)'!E:E,SMALL(IF('BIO (2)'!$E$3:$E$39>0,ROW($3:$38)),ROW(A6))),"")} | C12: {=IFERROR(INDEX('BIO (2)'!F:F,SMALL(IF('BIO (2)'!$E$3:$E$39>0,ROW($3:$38)),ROW(A6))),"")} | D12: {=IFERROR(INDEX('BIO (2)'!G:G,SMALL(IF('BIO (2)'!$E$3:$E$39>0,ROW($3:$38)),ROW(A6))),"")} | E12: {=IFERROR(INDEX('BIO (2)'!H:H,SMALL(IF('BIO (2)'!$E$3:$E$39>0,ROW($3:$38)),ROW(A6))),"")} | F12: =IF(A12="","",C12*'Begr.-Rechner BIO'!$I$2) | G12: =IFERROR(VLOOKUP(A12,'BIO (2)'!A8:I42,9,0),IF('BIO (2)'!I8="","","")) | H12: Herbstdüngegrenze von 60 kg N ab Lager ab der Ernte der letzten Hauptkultur beachten | O12: =IF($G12="Leguminose",D12,0) -> 0
A13: {=IFERROR(INDEX('BIO (2)'!A:A,SMALL(IF('BIO (2)'!$E$3:$E$39>0,ROW($3:$38)),ROW(A7))),"")} | B13: {=IFERROR(INDEX('BIO (2)'!E:E,SMALL(IF('BIO (2)'!$E$3:$E$39>0,ROW($3:$38)),ROW(A7))),"")} | C13: {=IFERROR(INDEX('BIO (2)'!F:F,SMALL(IF('BIO (2)'!$E$3:$E$39>0,ROW($3:$38)),ROW(A7))),"")} | D13: {=IFERROR(INDEX('BIO (2)'!G:G,SMALL(IF('BIO (2)'!$E$3:$E$39>0,ROW($3:$38)),ROW(A7))),"")} | E13: {=IFERROR(INDEX('BIO (2)'!H:H,SMALL(IF('BIO (2)'!$E$3:$E$39>0,ROW($3:$38)),ROW(A7))),"")} | F13: =IF(A13="","",C13*'Begr.-Rechner BIO'!$I$2) | G13: =IFERROR(VLOOKUP(A13,'BIO (2)'!A9:I43,9,0),IF('BIO (2)'!I9="","","")) | O13: =IF($G13="Leguminose",D13,0) -> 0
A14: {=IFERROR(INDEX('BIO (2)'!A:A,SMALL(IF('BIO (2)'!$E$3:$E$39>0,ROW($3:$38)),ROW(A8))),"")} | B14: {=IFERROR(INDEX('BIO (2)'!E:E,SMALL(IF('BIO (2)'!$E$3:$E$39>0,ROW($3:$38)),ROW(A8))),"")} | C14: {=IFERROR(INDEX('BIO (2)'!F:F,SMALL(IF('BIO (2)'!$E$3:$E$39>0,ROW($3:$38)),ROW(A8))),"")} | D14: {=IFERROR(INDEX('BIO (2)'!G:G,SMALL(IF('BIO (2)'!$E$3:$E$39>0,ROW($3:$38)),ROW(A8))),"")} | E14: {=IFERROR(INDEX('BIO (2)'!H:H,SMALL(IF('BIO (2)'!$E$3:$E$39>0,ROW($3:$38)),ROW(A8))),"")} | F14: =IF(A14="","",C14*'Begr.-Rechner BIO'!$I$2) | G14: =IFERROR(VLOOKUP(A14,'BIO (2)'!A10:I44,9,0),IF('BIO (2)'!I10="","","")) | O14: =IF($G14="Leguminose",D14,0) -> 0
A15: {=IFERROR(INDEX('BIO (2)'!A:A,SMALL(IF('BIO (2)'!$E$3:$E$39>0,ROW($3:$38)),ROW(A9))),"")} | B15: {=IFERROR(INDEX('BIO (2)'!E:E,SMALL(IF('BIO (2)'!$E$3:$E$39>0,ROW($3:$38)),ROW(A9))),"")} | C15: {=IFERROR(INDEX('BIO (2)'!F:F,SMALL(IF('BIO (2)'!$E$3:$E$39>0,ROW($3:$38)),ROW(A9))),"")} | D15: {=IFERROR(INDEX('BIO (2)'!G:G,SMALL(IF('BIO (2)'!$E$3:$E$39>0,ROW($3:$38)),ROW(A9))),"")} | E15: {=IFERROR(INDEX('BIO (2)'!H:H,SMALL(IF('BIO (2)'!$E$3:$E$39>0,ROW($3:$38)),ROW(A9))),"")} | F15: =IF(A15="","",C15*'Begr.-Rechner BIO'!$I$2) | G15: =IFERROR(VLOOKUP(A15,'BIO (2)'!A11:I45,9,0),IF('BIO (2)'!I11="","","")) | O15: =IF($G15="Leguminose",D15,0) -> 0
A16: {=IFERROR(INDEX('BIO (2)'!A:A,SMALL(IF('BIO (2)'!$E$3:$E$39>0,ROW($3:$38)),ROW(A10))),"")} | B16: {=IFERROR(INDEX('BIO (2)'!E:E,SMALL(IF('BIO (2)'!$E$3:$E$39>0,ROW($3:$38)),ROW(A10))),"")} | C16: {=IFERROR(INDEX('BIO (2)'!F:F,SMALL(IF('BIO (2)'!$E$3:$E$39>0,ROW($3:$38)),ROW(A10))),"")} | D16: {=IFERROR(INDEX('BIO (2)'!G:G,SMALL(IF('BIO (2)'!$E$3:$E$39>0,ROW($3:$38)),ROW(A10))),"")} | E16: {=IFERROR(INDEX('BIO (2)'!H:H,SMALL(IF('BIO (2)'!$E$3:$E$39>0,ROW($3:$38)),ROW(A10))),"")} | F16: =IF(A16="","",C16*'Begr.-Rechner BIO'!$I$2) | G16: =IFERROR(VLOOKUP(A16,'BIO (2)'!A12:I46,9,0),IF('BIO (2)'!I12="","","")) | O16: =IF($G16="Leguminose",D16,0) -> 0
A17: {=IFERROR(INDEX('BIO (2)'!A:A,SMALL(IF('BIO (2)'!$E$3:$E$39>0,ROW($3:$38)),ROW(A11))),"")} | B17: {=IFERROR(INDEX('BIO (2)'!E:E,SMALL(IF('BIO (2)'!$E$3:$E$39>0,ROW($3:$38)),ROW(A11))),"")} | C17: {=IFERROR(INDEX('BIO (2)'!F:F,SMALL(IF('BIO (2)'!$E$3:$E$39>0,ROW($3:$38)),ROW(A11))),"")} | D17: {=IFERROR(INDEX('BIO (2)'!G:G,SMALL(IF('BIO (2)'!$E$3:$E$39>0,ROW($3:$38)),ROW(A11))),"")} | E17: {=IFERROR(INDEX('BIO (2)'!H:H,SMALL(IF('BIO (2)'!$E$3:$E$39>0,ROW($3:$38)),ROW(A11))),"")} | F17: =IF(A17="","",C17*'Begr.-Rechner BIO'!$I$2) | G17: =IFERROR(VLOOKUP(A17,'BIO (2)'!A13:I47,9,0),IF('BIO (2)'!I13="","","")) | O17: =IF($G17="Leguminose",D17,0) -> 0
A18: {=IFERROR(INDEX('BIO (2)'!A:A,SMALL(IF('BIO (2)'!$E$3:$E$39>0,ROW($3:$38)),ROW(A12))),"")} | B18: {=IFERROR(INDEX('BIO (2)'!E:E,SMALL(IF('BIO (2)'!$E$3:$E$39>0,ROW($3:$38)),ROW(A12))),"")} | C18: {=IFERROR(INDEX('BIO (2)'!F:F,SMALL(IF('BIO (2)'!$E$3:$E$39>0,ROW($3:$38)),ROW(A12))),"")} | D18: {=IFERROR(INDEX('BIO (2)'!G:G,SMALL(IF('BIO (2)'!$E$3:$E$39>0,ROW($3:$38)),ROW(A12))),"")} | E18: {=IFERROR(INDEX('BIO (2)'!H:H,SMALL(IF('BIO (2)'!$E$3:$E$39>0,ROW($3:$38)),ROW(A12))),"")} | F18: =IF(A18="","",C18*'Begr.-Rechner BIO'!$I$2) | G18: =IFERROR(VLOOKUP(A18,'BIO (2)'!A14:I48,9,0),IF('BIO (2)'!I14="","","")) | O18: =IF($G18="Leguminose",D18,0) -> 0
A19: {=IFERROR(INDEX('BIO (2)'!A:A,SMALL(IF('BIO (2)'!$E$3:$E$39>0,ROW($3:$38)),ROW(A13))),"")} | B19: {=IFERROR(INDEX('BIO (2)'!E:E,SMALL(IF('BIO (2)'!$E$3:$E$39>0,ROW($3:$38)),ROW(A13))),"")} | C19: {=IFERROR(INDEX('BIO (2)'!F:F,SMALL(IF('BIO (2)'!$E$3:$E$39>0,ROW($3:$38)),ROW(A13))),"")} | D19: {=IFERROR(INDEX('BIO (2)'!G:G,SMALL(IF('BIO (2)'!$E$3:$E$39>0,ROW($3:$38)),ROW(A13))),"")} | E19: {=IFERROR(INDEX('BIO (2)'!H:H,SMALL(IF('BIO (2)'!$E$3:$E$39>0,ROW($3:$38)),ROW(A13))),"")} | F19: =IF(A19="","",C19*'Begr.-Rechner BIO'!$I$2) | G19: =IFERROR(VLOOKUP(A19,'BIO (2)'!A15:I49,9,0),IF('BIO (2)'!I15="","","")) | O19: =IF($G19="Leguminose",D19,0) -> 0
A20: {=IFERROR(INDEX('BIO (2)'!A:A,SMALL(IF('BIO (2)'!$E$3:$E$39>0,ROW($3:$38)),ROW(A14))),"")} | B20: {=IFERROR(INDEX('BIO (2)'!E:E,SMALL(IF('BIO (2)'!$E$3:$E$39>0,ROW($3:$38)),ROW(A14))),"")} | C20: {=IFERROR(INDEX('BIO (2)'!F:F,SMALL(IF('BIO (2)'!$E$3:$E$39>0,ROW($3:$38)),ROW(A14))),"")} | D20: {=IFERROR(INDEX('BIO (2)'!G:G,SMALL(IF('BIO (2)'!$E$3:$E$39>0,ROW($3:$38)),ROW(A14))),"")} | E20: {=IFERROR(INDEX('BIO (2)'!H:H,SMALL(IF('BIO (2)'!$E$3:$E$39>0,ROW($3:$38)),ROW(A14))),"")} | F20: =IF(A20="","",C20*'Begr.-Rechner BIO'!$I$2) | G20: =IFERROR(VLOOKUP(A20,'BIO (2)'!A16:I50,9,0),IF('BIO (2)'!I16="","","")) | O20: =IF($G20="Leguminose",D20,0) -> 0
A21: {=IFERROR(INDEX('BIO (2)'!A:A,SMALL(IF('BIO (2)'!$E$3:$E$39>0,ROW($3:$38)),ROW(A15))),"")} | B21: {=IFERROR(INDEX('BIO (2)'!E:E,SMALL(IF('BIO (2)'!$E$3:$E$39>0,ROW($3:$38)),ROW(A15))),"")} | C21: {=IFERROR(INDEX('BIO (2)'!F:F,SMALL(IF('BIO (2)'!$E$3:$E$39>0,ROW($3:$38)),ROW(A15))),"")} | D21: {=IFERROR(INDEX('BIO (2)'!G:G,SMALL(IF('BIO (2)'!$E$3:$E$39>0,ROW($3:$38)),ROW(A15))),"")} | E21: {=IFERROR(INDEX('BIO (2)'!H:H,SMALL(IF('BIO (2)'!$E$3:$E$39>0,ROW($3:$38)),ROW(A15))),"")} | F21: =IF(A21="","",C21*'Begr.-Rechner BIO'!$I$2) | G21: =IFERROR(VLOOKUP(A21,'BIO (2)'!A17:I51,9,0),IF('BIO (2)'!I17="","","")) | O21: =IF($G21="Leguminose",D21,0) -> 0
A22: {=IFERROR(INDEX('BIO (2)'!A:A,SMALL(IF('BIO (2)'!$E$3:$E$39>0,ROW($3:$38)),ROW(A16))),"")} | B22: {=IFERROR(INDEX('BIO (2)'!E:E,SMALL(IF('BIO (2)'!$E$3:$E$39>0,ROW($3:$38)),ROW(A16))),"")} | C22: {=IFERROR(INDEX('BIO (2)'!F:F,SMALL(IF('BIO (2)'!$E$3:$E$39>0,ROW($3:$38)),ROW(A16))),"")} | D22: {=IFERROR(INDEX('BIO (2)'!G:G,SMALL(IF('BIO (2)'!$E$3:$E$39>0,ROW($3:$38)),ROW(A16))),"")} | E22: {=IFERROR(INDEX('BIO (2)'!H:H,SMALL(IF('BIO (2)'!$E$3:$E$39>0,ROW($3:$38)),ROW(A16))),"")} | F22: =IF(A22="","",C22*'Begr.-Rechner BIO'!$I$2) | G22: =IFERROR(VLOOKUP(A22,'BIO (2)'!A18:I52,9,0),IF('BIO (2)'!I18="","","")) | O22: =IF($G22="Leguminose",D22,0) -> 0
A23: {=IFERROR(INDEX('BIO (2)'!A:A,SMALL(IF('BIO (2)'!$E$3:$E$39>0,ROW($3:$38)),ROW(A17))),"")} | B23: {=IFERROR(INDEX('BIO (2)'!E:E,SMALL(IF('BIO (2)'!$E$3:$E$39>0,ROW($3:$38)),ROW(A17))),"")} | C23: {=IFERROR(INDEX('BIO (2)'!F:F,SMALL(IF('BIO (2)'!$E$3:$E$39>0,ROW($3:$38)),ROW(A17))),"")} | D23: {=IFERROR(INDEX('BIO (2)'!G:G,SMALL(IF('BIO (2)'!$E$3:$E$39>0,ROW($3:$38)),ROW(A17))),"")} | E23: {=IFERROR(INDEX('BIO (2)'!H:H,SMALL(IF('BIO (2)'!$E$3:$E$39>0,ROW($3:$38)),ROW(A17))),"")} | F23: =IF(A23="","",C23*'Begr.-Rechner BIO'!$I$2) | G23: =IFERROR(VLOOKUP(A23,'BIO (2)'!A19:I53,9,0),IF('BIO (2)'!I19="","","")) | O23: =IF($G23="Leguminose",D23,0) -> 0
A24: {=IFERROR(INDEX('BIO (2)'!A:A,SMALL(IF('BIO (2)'!$E$3:$E$39>0,ROW($3:$38)),ROW(A18))),"")} | B24: {=IFERROR(INDEX('BIO (2)'!E:E,SMALL(IF('BIO (2)'!$E$3:$E$39>0,ROW($3:$38)),ROW(A18))),"")} | C24: {=IFERROR(INDEX('BIO (2)'!F:F,SMALL(IF('BIO (2)'!$E$3:$E$39>0,ROW($3:$38)),ROW(A18))),"")} | D24: {=IFERROR(INDEX('BIO (2)'!G:G,SMALL(IF('BIO (2)'!$E$3:$E$39>0,ROW($3:$38)),ROW(A18))),"")} | E24: {=IFERROR(INDEX('BIO (2)'!H:H,SMALL(IF('BIO (2)'!$E$3:$E$39>0,ROW($3:$38)),ROW(A18))),"")} | F24: =IF(A24="","",C24*'Begr.-Rechner BIO'!$I$2) | G24: =IFERROR(VLOOKUP(A24,'BIO (2)'!A20:I54,9,0),IF('BIO (2)'!I20="","","")) | O24: =IF($G24="Leguminose",D24,0) -> 0
... A39: {=IFERROR(INDEX('BIO (2)'!A:A,SMALL(IF('BIO (2)'!$E$3:$E$39>0,ROW($3:$38)),ROW(A33))),"")} | B39: {=IFERROR(INDEX('BIO (2)'!E:E,SMALL(IF('BIO (2)'!$E$3:$E$39>0,ROW($3:$38)),ROW(A33))),"")} | C39: {=IFERROR(INDEX('BIO (2)'!F:F,SMALL(IF('BIO (2)'!$E$3:$E$39>0,ROW($3:$38)),ROW(A33))),"")} | D39: {=IFERROR(INDEX('BIO (2)'!G:G,SMALL(IF('BIO (2)'!$E$3:$E$39>0,ROW($3:$38)),ROW(A33))),"")} | E39: {=IFERROR(INDEX('BIO (2)'!H:H,SMALL(IF('BIO (2)'!$E$3:$E$39>0,ROW($3:$38)),ROW(A33))),"")} | F39: =IF(A39="","",C39*'Begr.-Rechner BIO'!$I$2) | G39: =IFERROR(VLOOKUP(A39,'BIO (2)'!A35:I69,9,0),IF('BIO (2)'!I35="","","")) | O39: =IF($G39="Leguminose",D39,0) -> 0
O40: =SUM(O7:O39) -> 0 | P40: =IF(D4<>"",O40/D4,"")

Sheet Begrünungsliste 2024
C1: Liste der Begrünungen
C2: Jahr 2024
C3: Version: | D3: 20240611
A5: Begrünungen - Einzelkulturen | B5: kg/ha | C5: €/kg (oder Pkg.) | D5: €/ha | E5: Anmerkungen
A6: Abessinischer Senf | B6: 15 | C6: 5.57 | D6: 83.6 | E6: Zur Biofumigation geeignet, blattreich; gute Deckung und Äsung für Wild, anspruchslos
A7: Alexandrinerklee | B7: 25 - 30 | C7: 4,34* - 5,46 | D7: 108,5 - 163,8 | E7: Leguminose, hohes Nachwuchsvermögen im Gemenge mit Gräsern bauen - gute Bienenweide, gleichmäßige Bodendurchwurzelung und eine tiefreichende Hauptwurzel schließen den Boden sehr gut auf, meist abfrostend; bei Futternutzung: zu Beginn der Blüte erzielt man größte Energiedichte und Verdaulichkeit - eiweißreiches Grünfutter
A8: Alexandrinerklee BIO | B8: 25 - 30 | C8: 5,65 - 5,67 | D8: 141,3 - 170,1
A9: Bastardraygras | B9: 25 - 30 | C9: 2,55* - 3,22 | D9: 63,8 - 96,6 | E9: 2 jährig - in milden und mittleren Lagen auch mehrjährig, hoher Grünmasseertrag bei guter Nährstoffversorgung
A10: Bastarsraygras BIO | B10: 25 - 30 | C10: 3.67 | D10: 91,8 - 110,1
A11: Bitterlupine | B11: 160 - 180 | C11: 1.63 | D11: 260,8 - 293,4 | E11: Leguminose, einjährig für Gründüngung; Reinsaatmenge: 160-180 kg/ha
A12: Buchweizen - Handelsware | B12: 60 - 80 | C12: 1,63 - 1,87 | D12: 97,8 - 149,6 | E12: Knöterich Gewächs, Bienenweide; Kein Sklerotiniaüberträger, geringe Standortansprüche, im Gemenge anbauen, nematodenneutral, rasche Jugendentwicklung, keimt auch unter trockenen Bedingungen - frostempfindlich - kommt rasch zur Samenbildung
A13: Buchweizen "SLK" | B13: 60 - 80 | C13: 1,87 - 2,15 | D13: 112,2 - 172
A14: Buchweizen Handelsware BIO | B14: 60 - 80 | C14: 2,55 - 2,7 | D14: 153 - 216
A15: Buchweizen BIO "SLK" | B15: 60 - 80 | C15: 2,87 - 2,97 | D15: 172,2 - 237,6
A16: Einjähriges Raygras (Westerwoldisches Raygras) | B16: 40 | C16: 2,2* - 3,12 | D16: 88 - 124,8 | E16: schnellwüchsig - Ca. 6-8 Wochen nach der Aussaat schnittreif,sehr hoher Futterertrag; hoher Energiegehalt und gut silierbar, nematodenneutral; bei Nutzung vor Beginn des Ährenschiebens (einjährig); ideal im Gemenge mit Alexandrinerklee und/oder Persischem Klee.
A17: Einjähriges Raygras BIO | B17: 40 | C17: 3.74 | D17: 149.6
A18: Englisches Raygras (Deutsches Weidelgras) | B18: 25 - 30 | C18: 2,98* - 3,37 | D18: 74,5 - 101,1 | E18: Ausdauerndste Form der Raygräser, mehrjährig, kein Sklerotiniaüberträger, intensive Durchwurzelung der oberen Bodenschicht; Preis sortenabhängig - Unterscheidung früher und später Sorten, Ampferfreiheit des Saatgutes etc.
A19: Englisches Raygras BIO | B19: 30 | C19: 6.26 | D19: 187.8
A20: Esparsette | B20: 180 | C20: 3.65 | D20: 657 | E20: Leguminose mehrjährig, tiefwurzelnd; eiweißreiche Trockenfutterpflanze, Bodenverbesserer, hervorragende Bienenweide
A21: Esparsette BIO | B21: 180 | C21: 7.59 | D21: 1366.2
A22: Futtererbse | B22: 120 - 160 | C22: 1,21 - 1,60 | D22: 145,2 - 256 | E22: Leguminose, braucht weniger Keimwasser als Körnererbse - Anbau mit Stützfrucht, eiweißreiches Futter Empfohlene Reinsaatdichten schwanken je Anbieter zwischen 120 und 160 (180) kg /ha (angeführte ha Preise ergeben sich daher aus Einzelempfehlungen der Saatgutunternehmen)
A23: Futtererbse BIO | B23: 120 - 160 | C23: 1,49 - 1,75 | D23: 178,8 - 280
A24: Futterkohl | B24: 3 - 5 | C24: 13.29 | D24: 39,9 - 66,5 | E24: Gutes Futter, speziell für Wild sehr gut geeignet; hohe Winterfestigkeit, aber nicht mehrjährig; Absackung in 1 kg und 25 kg Gebinde
A25: Gelbklee (Hopfenklee) | B25: 30 | C25: 6,61* - 9,85 | D25: 198,3 - 295,5 | E25: Leguminose, magere Böden, anspruchslos, trockenresistent eher niederliegend - nur im Gemenge sinnvoll
A26: Grünschnittroggen | B26: 90 - 150 | C26: 1,7* | D26: 153 - 255 | E26: spätsaatverträglich, sehr gutes Durchwurzelungsvermögen
A27: Hanf | B27: 30 - 40 | C27: 10.18 | D27: 305,4 - 407,2 | E27: 30 - 40 kg/ha, THC frei, Eignung auch für Speisezwecke
A28: Hanf BIO | B28: 30 - 40 | C28: 12.18 | D28: 365,4 - 487,2
A29: Herbstrübe | B29: 2 | C29: 9.98 | D29: 39.9 | E29: 1 - 2kg/ha; länglich flach, im Boden sitzendweiß mit violettem Kopf
A30: Hirse | B30: 15 | C30: 4.03 | D30: 60.5 | E30: Gelbes, großfallendes Korn, mittelfrühe Reife , TKM 8 - 15 g
A31: Hirse BIO | B31: 15 | C31: 4.25 | D31: 63.8
A32: Hornklee | B32: 20 | C32: 16,13* - 18,80 | D32: 322,6 - 376 | E32: Leguminose, auch für trockene Lagen und schlechte Böden geeignet, niedriger Wuchs und sehr ausdauernd - nur im Gemenge sinnvoll
A33: Hornklee BIO | B33: 20 | C33: 21.3 | D33: 426
A34: Inkarnatklee | B34: 30 | C34: 2,97* - 3,45 | D34: 89,1 - 103,5 | E34: Leguminose, spätsaatverträglich, raschwüchsig, gute Unkrautunterdrückung, gute Vorfruchtwirkung, guter Mischungspartner in überwinternden Begrünungen, mit sich selbst nicht gut verträglich, Anbaupausen 5 - 6 Jahre, meist überwinternd
A35: Inkarnatklee BIO | B35: 30 | C35: 3,96 - 4,99 | D35: 118,8 - 149,7
A36: Italienisches Raygras (Welsches Weidelgras) | B36: 40 | C36: 2,63 - 2,80 | D36: 105,2 - 112 | E36: kein Sklerotiniaüberträger, eignet sich für Frischverfütterung, Heu- und Silagebereitung - guter N-Verwerter
A37: Italienisches Raygras BIO | B37: 40 | C37: 3.31 | D37: 132.4
A38: Kresse Einfache | B38: 10 | C38: 4.92 | D38: 49.2 | E38: Kreuzblütler - Fruchtfolge beachten, im Gemenge anbauen, Wirtspflanze von Rübenzystennematoden
A39: Kresse Einfache BIO | B39: 10 | C39: 11.5 | D39: 115
A40: Kulturmalve | B40: 10-15 | C40: 20.05 | D40: 200,5 - 300,8 | E40: 10 - 15 kg/ha; anspruchslos, tiefwurzelnd
A41: Leindotter | B41: 6 - 10 | C41: 2,76* - 6,93 | D41: 16,6 - 69,3 | E41: langsame Jugendentwicklung, feines Wurzelwerk, Fruchtfolge beachten: nicht selbstverträglich und nicht vor oder nach Kreuzblütlern anbauen; Preise je ha auf Basis der Saatgutmenge je ha laut Angabe der Saatgutunternehmen - Daher breite Streuung
A42: Leindotter BIO | B42: 6 - 10 | C42: 8,47 - 9,26 | D42: 50,8 - 92,6
A43: Linse | B43: 80 - 100 | C43: 5,01 - 6,01 | D43: 400,8 - 601 | E43: 80 - 100 kg/ha; Sorte Klaus:großkörnige Tellerlinse mit grünlich, brauner Kornfarbe; hochwüchsiger Pflanzentyp; Sorte Red Flash:großsamig, braun, für Speisezwecke geeignet, zum Zwischenfruchtanbau im Gemenge
A44: Linse BIO | B44: 80 - 100 | C44: 5.31 | D44: 424,8 - 531
A45: Luzerne | B45: 25 | C45: 6,7* - 9,11 | D45: 167,5 - 227,8 | E45: "Königin der Futterpflanzen", Wertvolle Futterleguminose mit hohem Eiweißgehalt für wärmere, niederschlagsärmere Gebiete, kalkhaltige, tiefgründige Böden werden bevorzugt, pH -Wert um 6,5 ist erforderlich, verträgt keine stauende Nässe, Preise je ha von Sorte und Qualität abhängig; Abhängig vom Saatgutanbieter ist das Saatgut vor der Saat zu inokulieren.
A46: Luzerne BIO | B46: 25 | C46: 8,93 - 10,53 | D46: 223,3 - 263,3
A47: Meliorationsrettich | B47: 6 - 8 | C47: 6,9 - 8,7 | D47: 41,4 - 69,6 | E47: rasche Entwicklung, wenig oberirdische Masse, verholzt nicht, lange und dicke Pfahlwurzel mit guter Tiefenlockerung, frostet ab und hinterlässt im Frühjahr nur kleine runde Löcher
A48: Meliorationsrettich BIO | B48: 6 - 8 | C48: 9.15 | D48: 54,9 - 73,2
A49: MUNGO (Schwarzsamen/ Ramtilkraut / Gingellikraut) | B49: 9 - 10 | C49: 2,97* - 4,18 | D49: 26,7 - 41,8 | E49: gut abfrostend bzw. frostempfindlich, trockenheitsverträglich, geeignet für Mulchsaat, rasche Jugendentwicklung; Fruchtfolge beachten: als Korbblütler mit der Sonnenblume verwandt, Vermehrungspotential für Sclerotinia
A50: Ölrettich | B50: 20 | C50: 2,76* - 3,28 | D50: 55,2 - 65,6 | E50: frühe Saat und dichte Bestände verringern die Rettichbildung, gute Tiefendurchwurzelung
A51: Ölrettich BIO | B51: 20 | C51: 3,44 - 4,43 | D51: 68,8 - 88,6
A52: Ölrettich nematodenhemmend | B52: 20 - 25 | C52: 3,29* - 3,73 | D52: 65,8 - 93,3 | E52: Anbau bis Mitte August, um optimale Nematodenbekämpfung zu gewährleisten. Preise je ha auf Basis der empfohlenen Saatgutmenge je ha laut Angabe der Saatgutunternehmen
A53: Persicher Klee | B53: 20 | C53: 5,1* - 7,36 | D53: 102 - 147,2 | E53: Leguminose, hohes Nachwuchsvermögen im Gemenge mit Gräsern bauen, gute Bienenweide - vermehrt eine Unterart des Rübenzystennematoden, eiweißreiches Grünfutter
A54: Persicher Klee BIO | B54: 20 | C54: 7.48 | D54: 149.6
A55: Phazelie | B55: 10 - 12 | C55: 4,36 - 4,9 | D55: 43,6 - 58,8 | E55: Dunkelkeimer, braucht feines Saatbett, nematoden- und fruchtfolgeneutral, trockenheitstolerant, Eignung für Mulchsaat, Bienenweide, bei später Aussaat höhere Saatstärke verwenden
A56: Phazelie BIO | B56: 10 - 12 | C56: 6,22 - 7,22 | D56: 62,2 - 86,6
A57: Pigmentplatterbse | B57: 120 - 160 | C57: =2*1.1 -> 2.2 | D57: 264 - 352 | E57: hohe N-Bindung, daher nur in Mischungen verwenden!, trockenheitsverträglich, sobald wie möglich anbauen (Juli), Sorte MONI ist buntblühend; durch Neurotoxin insektizide Wirkung
A58: Pigmentplatterbse BIO | B58: 120 - 160 | C58: =3*1.1 -> 3.3 | D58: 396 - 528
A59: Ringelblume | B59: 10 - 15 | C59: 12,8* - 27,02 | D59: 128 - 405,3 | E59: Insektenblütige Kulturart, meist abfrostend, fruchtfolgeneutral, sehr gute Durchwurzelung und guter Stickstoffspeicher
A60: Rotklee | B60: 20 - 25 | C60: 7,80 - 8,16 | D60: 156 - 204 | E60: wertvolle, eiweißreiche Futterleguminose, für kühlere und feuchte Lagen, überwinternd - qualitativ und quantitativ sehr gute Erträge. Durch Symbiose mit Knöllchenbakterien ist er als Bodenverbesserer und als Vorfrucht für andere Kulturpflanzen sehr gut geeignet
A61: Rotklee BIO | B61: 20 - 25 | C61: 8,59 - 10,52 | D61: 171,8 - 263
A62: Saatplatterbse | B62: 110 - 180 | C62: 2.13 | D62: 234,3 - 383,4 | E62: 110 - 180 kg/ha in Reinsaat; Leguminose, rasche Jugendentwicklung, bessere Durchwurzelung als Futtererbse - kurzwüchsig, für trockene Standorte bestens geeignet
A63: Saatplatterbse BIO | B63: 110 - 180 | C63: 2.2 | D63: 242 - 396
A64: Saatwicke / Sommerwicke | B64: 100 - 130 | C64: =(2.55+2.77)/2 -> 2.66 | D64: 277 - 360,1 | E64: 100 - 130 kg/ha; Leguminose, gute Futterleistung, rasche Jugendentwicklung - Anbau im Gemenge, rasche Entwicklung - intensives und schnellwachsendes Wurzelwerk fördert die Garebildung, gute Unkrautunterdrückung, eiweißreiches Grünfutter, guter N-Sammler, geringe Mehltauanfälligkeit
A65: Saatwicke BIO / Sommerwicke BIO | B65: 100 - 130 | C65: =(3.28+3.05)/2 -> 3.165 | D65: 328 - 426,4
A66: Saflor | B66: 30 | C66: 5,39 - 5,64 | D66: 161,7 - 169,2 | E66: Korbblütler, Tiefwurzler, frostet sicher ab, optimal zur Aufwertung vieler Zwischenfruchtmischungen, Saattiefe 2 - 3 cm
A67: Sand-Rauhafer | B67: 80 - 120 | C67: 2.52 | D67: 201,6 - 302,4 | E67: Saattiefe 2 - 4 cm, bei starkem Unkrautdruck und sehr leichten Böden die höhere Aussaatstärke wählen. Saatzeit April - September - zur Bekämpfung von Pratylenchus penetrans (Wurzelläsionsälchen) keine Vermehrung von Trichodoriden (Überträger der Eisenfleckigkeit); für alle Bodenarten geeignet, auch für sandige und saure Böden; Nutzung zur Silage, Viehfütterung und Biogas möglich.
A68: Schwedenklee | B68: 20 | C68: 6,61* - 9,73 | D68: 132,2 - 194,6 | E68: für feuchtere Böden und in rauen schattigen Lagen als Ersatz für Rotklee
A69: Sarepta-Senf | B69: 10 | C69: 5.89 | D69: 58.9 | E69: Sareptasenf, geringe Blühneigung und hohes Blattbildungsvermögen. Bodenstrukturverbesserung durch kräftiges, tiefreichendes Wurzelwerk
A71: Senf | B71: 10 - 20 | C71: 2,07 - 2,81 | D71: 20,7 - 56,2 | E71: Kreuzblütler, schnelle Bodenbedeckung daher gute Unkrautunterdrückung, zur Mulchsaat geeignet, später Anbau von Vorteil um nicht in Blüte zu gehen, Aussaatstärke 10 - 20 kg
A72: Senf BIO | B72: 10 - 20 | C72: 2,86 - 3,12 | D72: 28,6 - 62,4
A73: Senf nematodenresistent / nematodenhemmend | B73: 20 | C73: 2,98* - 3,63 | D73: 59,6 - 72,6 | E73: Kreuzblütler, nematodenresistent bei rechtzeitigem Anbau - ideal bei Zuckerrübenfruchtfolge, schnelle Jugendentwicklung, Aussaatstärke: 20 - 25 kg
A74: Sommerfutterraps | B74: 10 - 20 | C74: 2,71 - 2,86 | D74: 27,1 - 57,2 | E74: Kreuzblütler, Schnitt vor Blütenbildung, rasche Keimung, hohe Blattmasse für Schnittnutzung, nährstoffreiches Futter; Aussaatstärke bei Futternutzung 10 kg/ha - Aussaat bei Schnittnutzung nicht vor Mitte August; Aussaatstärke bei Gründüngung 15 - 20 kg/ha
A75: Spitzwegerich | B75: 20 | C75: 21.87 | D75: 437.4 | E75: mehrjährige, robuste und eine der calciumreichsten Kräuterpflanzen, trockenresistent
A76: Steinklee gelb | B76: 20 - 25 | C76: 4,64 - 5,66 | D76: 92,8 - 141,5 | E76: Leguminose, 2-jährig, d.h. Blütenbildung erst im 2. Jahr - gute Durchwurzelung des Bodens, durchwurzelt auch verdichtete Böden, anspruchslose, kalkliebende Pflanze, gute Meliorationspflanze, gelber Steinklee ist anpassungsfähiger und trockenheitstoleranter - im Gemenge anbauen
A77: Steinklee weiß (Bokharaklee) | B77: 20 | C77: 5.36 | D77: 107.2
A78: Sudangras | B78: 20 - 30 | C78: 2,85 - 2,99 | D78: 57 - 89,7 | E78: hohes Nachwuchsvermögen - Nutzung als Grünfutter/Silage ab ca. 60 cm Wuchshöhe und vor Beginn des Rispenschiebens; Nutzung für Biogasproduktion möglich, Wildäcker, Preise in €/ha von der jeweiligen Empfehlung der Reinsaatmenge seitens Saatguthersteller abhängig
A79: Sudangras BIO | B79: 20 - 30 | C79: 3.77 | D79: 75,4 - 113,1
A80: Waldstaudenroggen "SLK" | B80: 100 - 120 | C80: 1.97 | D80: 197 - 236,4 | E80: Bestockt stärker als Roggen, auch für ärmste Böden geeignet, gute Wildäsung, SLK
A81: Waldstaudenroggen BIO "SLK" | B81: 100 - 120 | C81: 2.66 | D81: 266 - 319,2
A82: Weißklee | B82: 12 | C82: 9,8* - 12,69 | D82: 117,6 - 151,2 | E82: Geringe Boden- und Klimaansprüche aber lichtbedürftig , ausläufertreibend - Lückenfüller- Unterscheidung der Sorten in klein-mittel-großblättrig
A83: Weißklee BIO | B83: 12 | C83: 15.44 | D83: 185.3
A84: Winterfuttererbse | B84: 120 - 150 | C84: =2.1*1.13 -> 2.373 | D84: 284,8 - 356 | E84: frühreif; hoher Proteinertrag; geringes Tausendkorngewicht: 100 – 130 g; gute Winterhärte
A85: Winterfuttererbse BIO | B85: 120 - 150 | C85: =2.25*1.1 -> 2.475 | D85: 297 - 371,3
A86: Winterfutterraps | B86: 10 - 15 | C86: 2,86 - 3,25 | D86: 28,6 - 48,8 | E86: Kreuzblütler, geht im Aussaatjahr nicht in Blüte, bringt nährstoffreiches Futter; Saatstärke für Futternutzung: 10 kg/ha; Saatstärke für Gründüngung: 15 - 20kg/ha
A87: Winterrübse | B87: 10 - 15 | C87: 2,95* - 3,69 | D87: 29,5 - 55,4 | E87: Kreuzblütler, raschwüchsig, mehrschnittig, gute Gülleverwertung, meist winterhart; spätsaatverträglich
A88: Winterwicke Pannonisch | B88: 70 - 120 | C88: 2,46 - 3,03 | D88: 172,2 - 363,6 | E88: Leguminose, meist überwinternd - Anbau im Gemenge, Stickstoffsammler, gute Durchwurzelung des Bodens
A89: Winterwicke Pannonisch BIO | B89: 70 - 120 | C89: 2,62 - 3,42 | D89: 183,4 - 410,4
A90: Zichorie | B90: 15 | C90: 26.11 | D90: 391.7 | E90: mehrjährige, ausdauernde Kräuterart, die gesundheitsfördernde Stoffe enthält, gute Trockenheitsresistenz
A91: Zwerghirse | B91: 15 | C91: =5.3*1.1 -> 5.83 | D91: 87.5 | E91: intensives Wurzelwachstum; klimafit - wetterfest; sicher abfrostend; einzigartige Mulchauflage im Frühjahr
A92: * gekennzeichnete Preise sind exkl. gesetzlicher Mwst.angeführt
A94: Agrana Mischungen | B94: kg/ha | C94: €/kg* | D94: €/ha* | E94: Zusammensetzung der Begrünungsmischungen / Anmerkungen
A95: BETA-FLORIN SH (Feuchtgebiet) | B95: 25 | C95: =75/B95 -> 3 | D95: =C95*B95 -> 75 | E95: abgestimmt auf die Bedürfnisse der Zuckerrübe im Feuchtgebiet; Zusammensetzung: Ölrettich, Saatwicke, Kresse, Sandhafer, Buchweizen, Phacelia, Ramtillkraut (Mungo); Anbauzeitpunkt: Anfang August in ein gut vorbereitetes Saatbett; Packungseinheit: 25 kg = 1 ha
A96: BETA-FLORIN TG PLUS (Trockengebiet) | B96: 20 | C96: =75/B96 -> 3.75 | D96: =C96*B96 -> 75 | E96: Abgestimmt auf die Bedürfnisse der Zuckerrübe im Trockengebiet; Zusammensetzung: Ölrettich, Linse, Saatwicke, Kresse, Buchweizen, Phacelia, Ramtillkraut (Mungo); Anbauzeitpunkt: Anfang August in ein gut vorbereitetes Saatbett; Packungseinheit: 20 kg = 1 ha
A97: * Preise exkl. gesetzlicher Mwst.
A99: DSV - Mischungen | B99: kg/ha | C99: €/kg* | D99: €/ha* | E99: Zusammensetzung der Begrünungsmischungen / Anmerkungen
A100: TL WarmSeason | B100: 25 | C100: 3.65 | D100: 91.3 | E100: Öllein, Ramtillkraut, Sorghum, Sommerwicke, Alexandrinerklee, Abessinischer Kohl, Felderbse
A101: TL CoolSeason | B101: 28 | C101: 3.76 | D101: 105.3 | E101: Öllein, Rauhafer, Tiefenrettich, Abessinischer Kohl, Inkarnatklee, Leindotter, Winterfutterraps, Winterwicke, Winterroggen, Perserklee, Stoppelrüben
A102: TL Rigol TR | B102: 25 | C102: 3.47 | D102: 86.8 | E102: Phacelia, Öllein, Sonnenblume, Rauhafer, Ramtillkraut, Sommerwicke, Tiefenrettich, Abessinischer Kohl, Leindotter, Felderbse, Alexandrinerklee, Sorghum
A103: TL MaisPro TR (Greening 50) | B103: 33 | C103: 3.69 | D103: 121.8 | E103: Abessinischer Kohl, Alexandrinerklee, Felderbse, Inkarnatklee, Öllein, Perserklee, Phacelia, Rotklee, Tiefenrettich, Schwedenklee, Ramtillkraut, Serradella, Sommerwicke, Sonnenblume, Sorghum, Weißklee, Winterwicke
A104: TL Beta Maxx TR | B104: 33 | C104: 3.83 | D104: 126.4 | E104: Phacelia, Öllein, Rauhafer, Ramtillkraut, Felderbse, Sommerwicke, Serradella, Alexandrinerklee, Tiefenrettich, Abessinischer Kohl
...

Sheet Anbauzeitpunkte
A1: Eigenschaften überwinternde Kulturen
A2: Pflanzenarten | B2: Anbauzeit Juli Aug.Sept. ### ### ### | C2: Jugend- ent- wicklung | D2: Bodenbe-deckung | E2: Reinsaat- menge kg/ha | F2: Reinsaat bzw. Gemengeanbau | G2: Anmerkungen | H2: ◄ ZURÜCK ZUR STARTSEITE / BEDIENUNGSANLEITUNG
A3: Kreuzblütler
A4: Winterrübse | B4: ### ### ## | C4: sehr rasch | D4: sehr gut | E4: 10-15 | F4: beides | G4: Fruchtfolge beachten, raschwüchsig, mehrschnittig
A5: Winterfutterraps | B5: ### ### ### | C5: rasch | D5: sehr gut | E5: 10-15 | F5: Reinsaat sinnvoll | G5: für Futternutzung Juli/August 10 kg /ha Aussaat, geht im Ansaatjahr nicht in Blüte
A6: Leguminosen | G6: binden Luftstickstoff, Fruchtfolgeregeln beachten
A7: Winterwicke | B7: ### ### ## | C7: rasch | D7: gut | E7: 80-100 | F7: nur in Gemengen sinnvoll | G7: im Landsberger Gemenge, meist überwinternd, gute Durchwurzelung des Bodens
A8: Weißklee | B8: ### ### | C8: langsam | D8: mittel | E8: 15 | G8: geringe Ansprüche, lichtbedürftig ausläufertreibend - Lückenfüller
A9: Rotklee | B9: ### ## | C9: langsam | D9: gut | E9: 20-25 | F9: beides | G9: wertvolle Futterleguminose für Feuchtgebiete und Übergangslagen
A10: Luzerne | B10: ### ## | C10: langsam | D10: gut | E10: 25 | F10: beides | G10: wertvolle Futterleguminose für Trockengebiete, pH -Wert mind. um 6,5 !
A11: Inkarnatklee | B11: ### ### ## | C11: langsam | D11: mittel | E11: 25-30 | F11: Gemenge sinnvoller | G11: überjährig, Bestandteil auch im Landsberger Gemenge, spätsaatverträglich
A12: Hornklee | B12: ### ## | C12: langsam | D12: gering | E12: 15-18 | F12: nur im Gemenge sinnvoll | G12: für Trockenlagen und schlechte Böden geeignet, niedriger Wuchs, sehr ausdauernd
A13: Gelbklee | B13: ### ## | C13: langsam | D13: gering | E13: 20-25 | G13: für magere Böden ,anspruchslos, trockenresistent, eher niederliegend
A14: Schwedenklee | B14: ### ## | C14: langsam | D14: mittel | E14: 13-15 | F14: Gemenge sinnvoller | G14: für feuchtere Böden und rauere Lagen als Ersatz für Rotklee
A15: Steinklee, gelb/weiß | B15: ### # | C15: langsam | D15: gering | E15: 25-30 | G15: 2-jährig, hochwachsend, kann verdichtete Böden durchwurzeln, cumarinhältig
A16: Gräser
A17: Rotschwingel | B17: ### ### | C17: mittel | D17: gut | E17: 30 | F17: nur im Gemenge sinnvoll | G17: bildet Ausläufer - wichtiger Narbenbildner und Lückenfüller
A18: Engl. (deut.) Raygras | B18: ### ### | C18: rasch | D18: sehr gut | E18: 30 | G18: konkurrenzstark in der Anfangsentwicklung, nicht geeignet für raue Lagen
A19: Wiesenschwingel | B19: ### ### | C19: mittel | D19: mittel | E19: 30-40 | G19: für feuchte nährstoffreiche Böden, hochwachsend
A20: Schafschwingel | B20: ### ### | C20: mittel | D20: gut | E20: 30 | G20: für karge Böden, als Futtergras wenig Bedeutung
A21: Kammgras | B21: ### ### | C21: langsam | D21: mäßig | E21: 22 | G21: ausdauerndes Gras für karge Böden
A22: Rotes Straußgras | B22: ### # | C22: langsam | D22: mäßig | E22: 12 | G22: für karge, aber auch saure Böden, speziell in höheren nicht zu trockenen Lagen
A23: Wiesenripse | B23: ### ### | C23: langsam | D23: sehr gut | E23: 20 | G23: narbenbildend füllt Lücken, gute Trockenheitsresistenz
A24: Timothe | B24: ### ### | C24: mittel | D24: mittel | E24: 15-20 | G24: ausdauendes Gras mit guter Winterhärte unempfindlich gegen Nässe
A25: Glatthafer | B25: ### ### | C25: rasch | D25: mittel | E25: 40 | G25: horstbildendes hochwüchsiges Gras, verträg Trockenheit gut
A26: Knaulgras | B26: ### # | C26: langsam | D26: gut | E26: 20 | G26: gut geeignet für trockene Böden, bildet Horste, später konkurrenzstark
A27: Italienisches Raygras | B27: ### ### | C27: rasch | D27: gut | E27: 30-50 | F27: beides | G27: überwintert in milderen Lagen , guter N-Verwerter
A28: Bastardraygras | B28: ### ### | C28: rasch | D28: gut | E28: 20-30 | F28: beides | G28: zwei- bis mehrjährig in milden und mittleren Lagen, verlangt gute Nährstoffversorgung
A29: Saatgutmischungen | G29: spätsaatverträgliche Saatgutmischung mit guter Vorfruchtwirkung, mit 30-40 kg/ha als Rotationsbrache möglich
A30: Landsberger Gemenge | B30: ### ### # | C30: rasch | D30: sehr gut | E30: 50-80
A31: Gründecke CLASSIC HR | B31: ### ### | C31: rasch | D31: sehr gut | E31: 14 | G31: 5 % Phacelia, 15 % Senf, 61 % Buchweizen,10% Alexandrinerklee, 5 % Kresse, 4% Schwarzs.
A32: AckerGrün Hydrosan | B32: ### ## | C32: rasch | D32: sehr gut | E32: 50 | G32: Boden- und Wasserschutzmischung, speziell f. Begrünung nach Mais
A33: AckerGrün Biodiversitäts+ | B33: ### ## | C33: langsam | D33: sehr gut | E33: 15-20 | G33: Gräserfreie Brachemischung
A34: Wassergüte früh | B34: ### ## | G34: Mungo, Phacelia, Alexandrinerklee und Krumenklee
A35: Wassergüte rau | B35: # ### | G35: Phacelia, Buchweizen, Ölrettich, Senf, auch auf rauhere Saatbeete
A36: Sonstige | G36: Bestockt stärker als Roggen. Auch für ärmere Böden zur Wildäsung bzw. Aussaat im Juni - Herbst Futterschnitt und im nächsten Jahr Drusch möglich
A37: Waldstaudenroggen | B37: ### ## | C37: langsam | D37: sehr gut | E37: 120 | F37: Reinsaat sinnvoll
A38: Grünschnittroggen | B38: ### ## | C38: langsam | D38: sehr gut | E38: 130 | F38: Reinsaat sinnvoll | G38: Gute Bestockung. besonders gute Frühjahrsschnitte (vor dem Maisanbau) möglich
A39: Jugendentwicklung und Bodenbedeckung sind stark abhängig von den verwendeten Sorten. Die Bodenbedeckung ist weiters abhängig vom Vegetationsstadium der Pflanze.
A40: Ein Abfrosten der Bestände ist jedoch auch bei überwinternden Kulturarten je nach Witterung, Schneelage… nicht auszuschließen
A43: Eigenschaften abfrostende Kulturen
A44: Pflanzenarten | B44: Anbauzeit Juli Aug.Sept. ### ### ### | C44: Jugend- ent- wicklung | D44: Bodenbe-deckung | E44: Reinsaat- menge kg/ha | F44: Reinsaat bzw. Gemengeanbau | G44: Anmerkungen
A45: Versch. Pflanzenfamilien
A46: Sonnenblume | B46: ### # | C46: mittel | D46: mittel | E46: 15-20 | F46: Gemenge sinnvoller | G46: Sklerotinia-Vermehrer!! Braucht viel Bodenwasser - ausgefallene Samen in Folgefrucht
A47: Schwarzsamen/ Mungo | B47: ### ## | C47: rasch | D47: sehr gut | E47: 10 | G47: sehr frostempfindlich, trockenheitsverträglich, ideal für Mulchsaat, rasche Jugendentwicklung, Sclerotinia
A48: Ringelblume | B48: ### ## | C48: mittel | D48: mittel | E48: 15 | G48: meist abfrostend, fruchtfolgeneutral, sehr gute Durchwurzelung und guter Stickstoffspeicher, Samenbildung
A49: Phazelia | B49: ### ### | C49: mittel | D49: gut | E49: 10-16 | F49: beides | G49: für alle Fruchtfolgen, nematodenneutral, verträgt Trockenheit gut, beste Eignung für Mulchsaat
A50: Buchweizen | B50: ### ### | C50: sehr rasch | D50: gut | E50: 60-80 | F50: Gemenge | G50: bei frühem Anbau Samenreife (Achtung bei Zuckerrübe), trockenverträglich, frostempfindlich
A51: Kreuzblütler
A52: Senf | B52: ### ### # | C52: rasch | D52: sehr gut | E52: 10-15 | F52: beides | G52: Anbau ab August von Vorteil damit Pflanzen mehr Blattmasse bilden
A53: Senf nematodenres. | B53: ### # | C53: rasch | D53: sehr gut | E53: 15-20 | F53: beides | G53: rechtzeitiger Anbau für biologische Nematodenbekämpfung notwendig - Eignung für Zuckerrübenfruchtfolge
A54: Sareptasenf | B54: ## ## | C54: rasch | D54: sehr gut | E54: 5 | F54: Reinsaat sinnvoll | G54: bessere Durchwurzelung als Senf, Bodenstrukturverbesserung - Futterwert ähnlich Sommerfutteraps, Energieerz.
A55: Meliorationsrettich | B55: ### ## | C55: rasch | D55: mittel | E55: 6 - 8 | F55: Gemenge | G55: rasch Entwicklung, wenig oberirdische Masse, kräftige Pfahlwurzel mit guter Tiefenlockerung, frostet ab
A56: Ölrettich multiresistente Sorte | B56: ### ## | C56: rasch | D56: sehr gut | E56: 20-25 | F56: beides | G56: frühe Saat und dichte Bestände verringern die Rettichbildung - gilt auch für nematodenresistente, Pflanzeninhaltsstoffe (Glucosinolate) von Defender werden zu biologisch aktiv wirksamen Stoffen umgesetzt
A57: Ölrettich nematodenh. | B57: ### # | C57: rasch | D57: sehr gut | E57: 25-30 | F57: beides | G57: rechtzeitiger Anbau für biologische Nematodenbekämpfung notwendig - Eignung für Zuckerrübenfruchtfolge
A58: Sommerfutterraps | B58: ### ### ## | C58: rasch | D58: sehr gut | E58: 10-15 | F58: Reinsaat sinnvoll | G58: für Schnittnutzung Aussaat ab Mitte August: 10 kg/ha, keine nematodenresistenten Sorten verfügbar
A59: Sommerrübse | B59: ### ### | C59: rasch | D59: sehr gut | E59: 15-20 | F59: beides | G59: friert meist ab und hinterläßt eine lockere Mulchschicht für eine störungsfreie Direktsaat von Mais
A60: Markstamm,-/Futterkohl | B60: ### # | C60: rasch | D60: gut | E60: 3-5 | F60: Reinsaat sinnvoll | G60: gutes Futter, hohe Winterfestigkeit, verträgt Fröste von -10-12°C, Fütterung bis Ende Dez. frisch vom Feld
A61: Leindotter | B61: ### ### | C61: langsam | D61: mittel | E61: 8-12 | F61: eher Gemenge | G61: langsame Jugendentwicklung, feines Wurzelwerk, rel. wenig Masse, nicht selbstverträglich
A62: Gräser
A63: Sudangras | B63: ### | C63: rasch | D63: mäßig | E63: 15-40 | F63: beides | G63: hohes Nachwuchsvermögen - Nutzung als Grünfutter/Silage ab ca. 60 cm Wuchshöhe für Biogas, Wildäcker
A64: Sandhafer | B64: ### ### | C64: rasch | D64: sehr gut | E64: 80-120 | F64: beides | G64: zur Bekämpfung von Pratylenchus penetrans (Wurzelläsionsälchen) - keine Vermehrung von Trichodoriden (Überträger der Eisenfleckigkeit), für alle Böden und jegliche Nutzung geeignet
A65: Westerw. Raygras | B65: ### ### | C65: rasch | D65: sehr gut | E65: 40 | F65: beides | G65: sehr wüchsig, nematodenneutral, bestens geeignet für Silierung, Nutzung vor Beginn des Ährenschiebens
A66: Leguminosen
A67: Alexandrinerklee und Krumenklee | B67: ### ## | C67: langsam | D67: mittel | E67: 25-30 | F67: Gemenge sinnvoller | G67: langsame Jugendentwicklung, hohes Nachwuchsvermögen, hoher Eiweißgehalt im Gemenge mit Gräsern bauen
A68: Persischer Klee | B68: ### # | C68: langsam | D68: mittel | E68: 20-25 | G68: langsame Jugendentwicklung, hohes Nachwuchsvermögen, hoher Eiweißgehalt im Gemenge mit Gräsern bauen
A69: Saatwicke | B69: ### # | C69: rasch | D69: gut | E69: 100-130 | F69: Gemenge mit Stützfrucht | G69: gute Garebildung, eiweißreiches Grünfutter, mit Stützfrucht anbauen
A70: Futtererbse | B70: ### ## | C70: rasch | D70: mittel | E70: 130-150 | G70: Erntereife zur Grünverfütterung nach Erreichen der Vollblüte, sobald die untersten Hülsen ausgebildet sind
A71: Serradella | B71: ### ## | C71: langsam | D71: mittel | E71: 30-50 | G71: Klee der sandigen Böden - mit Stütz,-Deckfrucht anbauen, keimt sehr langsam, stark verzweigtes Wurzelwerk
A72: Ackerbohne | B72: ### ## | C72: rasch | D72: mäßig | E72: 150-200 | F72: Gemenge sinnvoller | G72: bevorzugt feuchte Klimagebiete, mit sich selbst und Rotklee nicht verträglich
A73: Saatplatterbse | B73: ### # | C73: mittel | D73: mittel | E73: 110-180 | G73: schnelle Jugendentwicklung, bessere Durchwurzelung als Futtererbse, für trockene Standorte geeignet
A74: Süßlupine | B74: ### | C74: rasch | D74: mittel | E74: 150-220 | G74: weiße, gelbe oder blaue bitterstoffarme Lupinen Eignung je nach Bodentyp - eiweissreiches Futter
A75: Bitterlupine | B75: ### | C75: rasch | D75: mittel | E75: 120-180 | G75: zur Gründüngung auf leichteren Böden auch in kühleren Lagen
A76: Kulturarten sind nur bei ausreichender vegetativen Entwicklung im Herbst und kalten Wintern (tiefgehende Fröste) abfrostend.
A77: Nematodenresistente Sorten von Senf und Ölrettich haben nur Wirkung gegen Zuckerrübenzystennematoden - außer Ölrettich Defender als multiresistente Sorte.
